Workbook

Sheet Disclosures
A2: Important Information About Non-GAAP References
A3: This Financial Data spreadsheet includes supplemental non-GAAP financial measures in addition to GAAP financial results. Non-GAAP revenue, non-GAAP operating expenses, non-GAAP operating margin, non-GAAP gross profit, non-GAAP gross margin, non-GAAP net income and non-GAAP EPS exclude the effect of purchase accounting on the fair value of acquired deferred revenue, stock-based compensation expense, amortization of acquired intangible assets, restructuring charges, acquisition-related expenses, costs associated with terminating a U.S. pension plan, a litigation accrual associated with our previously disclosed China investigation, certain identified non-operating gains and losses, the related tax effects of the preceding items, credit facility refinancing expenses and certain discrete tax items. We use these non-GAAP measures, and we believe that they assist our investors, to make period-to-period comparisons of our operational performance because they provide a view of our operating results without items that are not, in our view, indicative of our core operating results. We believe that these non-GAAP measures help illustrate underlying trends in our business, and we use the measures to establish budgets and operational goals, communicated internally and externally, for managing our business and evaluating our performance. We believe that providing non-GAAP measures affords investors a view of our operating results that may be more easily compared to the results of peer companies. In addition, compensation of our executives is based in part on the performance of our business based on these non-GAAP measures. However, non-GAAP information should not be construed as an alternative to GAAP information as the items excluded from the non-GAAP measures often have a material impact on PTC’s financial results. Management uses, and investors should consider, non-GAAP measures in conjunction with our GAAP results.
A5: PTC also provides results on a constant currency basis to provide a year-over-year view of our results excluding the effect of currency translation. Our constant currency disclosures are calculated by multiplying the actual results for the current period by the exchange rates in effect for the comparable prior period.
A7: PTC also provides information on “free cash flow” and “free cash flow return” to enable investors to assess our ability to generate cash without incurring additional external financings and to evaluate our performance against our announced long-term goal of returning approximately 40% of our free cash flow to shareholders via stock repurchases. Free-cash flow is net cash provided by (used in) operating activities less capital expenditures and excludes the impact of restructuring charges we may incur and other significant unpredicted discrete items, and free-cash flow return is the value of shares repurchased divided by free cash flow.

Sheet Balance Sheet
A1: Trended PTC Consolidated Balance Sheets
B3: FY'11 | D3: FY'12 | F3: FY'13 | H3: FY'14 | P3: FY'15 | X3: FY'16
B6: 40816 | D6: 41182 | F6: 41547 | H6: 41636 | J6: 41727 | L6: 41818 | N6: 41912 | P6: 42007 | R6: 42098 | T6: 42189 | V6: 42277 | X6: 42371
A7: (in millions)
A8: ASSETS
A9: Current assets:
A10: Cash and cash equivalents | B10: 167.878 | D10: 489.543 | F10: 241.913 | H10: 371.377 | J10: 270.47 | L10: 304.173 | N10: 293.654 | P10: 261.052 | R10: 267.815 | T10: 275.06 | V10: 273.417 | X10: 296.797
A11: Accounts receivable, net | B11: 230.22 | D11: 217.37 | F11: 229.106 | H11: 212.57 | J11: 221.288 | L11: 228.623 | N11: 235.688 | P11: 201.391 | R11: 201.379 | T11: 183.144 | V11: 197.275 | X11: 161.402
A12: Prepaid expenses and other current assets | B12: 140.015 | D12: 149.36 | F12: 169.552 | H12: 148.47 | J12: 171.217 | L12: 139.464 | N12: 171.526 | P12: 203.549 | R12: 203.726 | T12: 148.732 | V12: 197.184 | X12: 201.389
A13: Deferred tax assets | B13: 54.151 | D13: 22.879 | F13: 39.645 | H13: 36.683 | J13: 40.469 | L13: 38.969 | N13: 31.299 | P13: 30.073 | R13: 33.332 | T13: 28.269 | V13: 36.803 | X13: 0
A14: Total current assets | B14: =SUM(B10:B13) -> 592.264 | D14: =SUM(D10:D13) -> 879.152 | F14: =SUM(F10:F13) -> 680.216 | H14: =SUM(H10:H13) -> 769.1 | J14: =SUM(J10:J13) -> 703.444 | L14: =SUM(L10:L13) -> 711.229 | N14: =SUM(N10:N13) -> 732.167 | P14: =SUM(P10:P13) -> 696.065 | R14: =SUM(R10:R13) -> 706.252 | T14: =SUM(T10:T13) -> 635.205 | V14: =SUM(V10:V13) -> 704.679 | X14: =SUM(X10:X13) -> 659.588
A15: Property and equipment, net | B15: 62.569 | D15: 63.466 | F15: 64.652 | H15: 63.152 | J15: 60.632 | L15: 63.582 | N15: 67.783 | P15: 65.766 | R15: 65.191 | T15: 65.02 | V15: 65.162 | X15: 60.878
A16: Goodwill | B16: 613.394 | D16: 610.347 | F16: 769.095 | H16: 769.158 | J16: 869.324 | L16: 870.766 | N16: 1012.527 | P16: 1000.992 | R16: 984.953 | T16: 1071.796 | V16: 1069.041 | X16: 1086.23
A17: Acquired intangible assets, net | B17: 222.017 | D17: 185.885 | F17: 273.121 | H17: 260.264 | J17: 279.901 | L17: 268.018 | N17: 336.873 | P17: 319.021 | R17: 301.443 | T17: 305.527 | V17: 291.301 | X17: 317.67
A18: Deferred tax assets | B18: 98.064 | D18: 20.66 | F18: 7.696 | H18: 7.911 | J18: 8.159 | L18: 7.086 | N18: 8.958 | P18: 14.327 | R18: 20.639 | T18: 27.938 | V18: 38.936 | X18: 49.631
A19: Other assets | B19: 41.374 | D19: 32.124 | F19: 34.126 | H19: 35.157 | J19: 37.666 | L19: 37.525 | N19: 41.646 | P19: 41.052 | R19: 30.152 | T19: 41.115 | V19: 40.794 | X19: 41.896
A20: Total assets | B20: =SUM(B14:B19) -> 1629.682 | D20: =SUM(D14:D19) -> 1791.634 | F20: =SUM(F14:F19) -> 1828.906 | H20: =SUM(H14:H19) -> 1904.742 | J20: =SUM(J14:J19) -> 1959.126 | L20: =SUM(L14:L19) -> 1958.206 | N20: =SUM(N14:N19) -> 2199.954 | P20: =SUM(P14:P19) -> 2137.223 | R20: =SUM(R14:R19) -> 2108.63 | T20: =SUM(T14:T19) -> 2146.601 | V20: =SUM(V14:V19) -> 2209.913 | X20: =SUM(X14:X19) -> 2215.893
A22: LIABILITIES AND SHAREHOLDERS’ EQUITY
A23: Current liabilities:
A24: Accounts payable, accrued expenses and other current liabilities | B24: 77.141 | D24: 65.517 | F24: 66.006 | H24: 59.941 | J24: 61.823 | L24: 64.318 | N24: 77.338 | P24: 69.232 | R24: 72.865 | T24: 103.293 | V24: =96.434+14.54 -> 110.974 | X24: 106.788
A25: Accrued compensation and benefits | B25: 91.913 | D25: 92.212 | F25: 112.733 | H25: 75.949 | J25: 79.606 | L25: 89.498 | N25: 144.875 | P25: 93.689 | R25: 132.008 | T25: 112.35 | V25: 82.414 | X25: 94.726
A26: Accrued income taxes | B26: 11.895 | D26: 0.804 | F26: 7.074 | H26: 11.433 | J26: 12.094 | L26: 14.232 | N26: 9.329 | P26: 8.34 | R26: 14.316 | T26: 6.839 | V26: 4.01 | X26: 4.105
A27: Deferred tax liabilities | B27: 4.44 | D27: 0.402 | F27: 0.853 | H27: 0.173 | J27: 1.61 | L27: 1.813 | N27: 0.854 | P27: 0.508 | R27: 0.183 | T27: 0.102 | V27: 1.622 | X27: 0
A28: Current portion of long term debt | B28: 0 | D28: 7.5 | F28: 15 | H28: 15 | J28: 12.5 | L28: 15.625 | N28: 25 | P28: 31.25 | R28: 37.5 | T28: 43.75 | V28: 50 | X28: 0
A29: Deferred revenue | B29: 279.935 | D29: 315.309 | F29: 326.947 | H29: 293.441 | J29: 358.182 | L29: 362.865 | N29: 369.271 | P29: 385.963 | R29: 403.864 | T29: 371.859 | V29: 368.24 | X29: 373.768
A30: Total current liabilities | B30: =SUM(B24:B29) -> 465.324 | D30: =SUM(D24:D29) -> 481.744 | F30: =SUM(F24:F29) -> 528.613 | H30: =SUM(H24:H29) -> 455.937 | J30: =SUM(J24:J29) -> 525.815 | L30: =SUM(L24:L29) -> 548.351 | N30: =SUM(N24:N29) -> 626.667 | P30: =SUM(P24:P29) -> 588.982 | R30: =SUM(R24:R29) -> 660.736 | T30: =SUM(T24:T29) -> 638.193 | V30: =SUM(V24:V29) -> 617.26 | X30: =SUM(X24:X29) -> 579.387
A31: Long term debt, net of current portion | B31: 200 | D31: 362.5 | F31: 243.125 | H31: 353.125 | J31: 305.625 | L31: 299.375 | N31: 586.875 | P31: 574.375 | R31: 493.125 | T31: 580.625 | V31: 618.125 | X31: 718.125
A32: Deferred tax liabilities | B32: 25.919 | D32: 31.854 | F32: 42.088 | H32: 40.387 | J32: 43.974 | L32: 41.886 | N32: 36.601 | P32: 36.242 | R32: 30.88 | T32: 30.61 | V32: 42.361 | X32: 13.704
A33: Deferred revenue | B33: 14.389 | D33: 12.22 | F33: 9.966 | H33: 8.047 | J33: 7.4 | L33: 9.025 | N33: 13.273 | P33: 11.657 | R33: 16.963 | T33: 17.28 | V33: 18.61 | X33: 15.498
A34: Other liabilities | B34: 101.36 | D34: 106.057 | F34: 78.634 | H34: 78.598 | J34: 93.891 | L34: 87.1 | N34: 82.649 | P34: 70.514 | R34: 52.706 | T34: 49.57 | V34: 53.386 | X34: 53.242
A35: Total liabilities | B35: =SUM(B30:B34) -> 806.992 | D35: =SUM(D30:D34) -> 994.375 | F35: =SUM(F30:F34) -> 902.426 | H35: =SUM(H30:H34) -> 936.094 | J35: =SUM(J30:J34) -> 976.705 | L35: =SUM(L30:L34) -> 985.737 | N35: =SUM(N30:N34) -> 1346.065 | P35: =SUM(P30:P34) -> 1281.77 | R35: =SUM(R30:R34) -> 1254.41 | T35: =SUM(T30:T34) -> 1316.278 | V35: =SUM(V30:V34) -> 1349.742 | X35: =SUM(X30:X34) -> 1379.956
A36: Shareholders’ equity:
A37: Common stock | B37: 1.169 | D37: 1.196 | F37: 1.185 | H37: 1.195 | J37: 1.186 | L37: 1.173 | N37: 1.15 | P37: 1.149 | R37: 1.15 | T37: 1.142 | V37: 1.137 | X37: 1.145
A38: Additional paid-in capital | B38: 1805.021 | D38: 1822.698 | F38: 1786.82 | H38: 1787.364 | J38: 1759.355 | L38: 1708.407 | N38: 1597.277 | P38: 1587.017 | R38: 1599.646 | T38: 1556.308 | V38: 1553.39 | X38: 1561.795
A39: Accumulated deficit | B39: -918.736 | D39: -954.134 | F39: -810.365 | H39: -770.708 | J39: -726.952 | L39: -688.926 | N39: -650.171 | P39: -619.887 | R39: -614.495 | T39: -597.06 | V39: =-588.073-14.54 -> -602.613 | X39: -626.506
A40: Accumulated other comprehensive income (loss) | B40: -64.764 | D40: -72.501 | F40: -51.16 | H40: -49.203 | J40: -51.168 | L40: -48.185 | N40: -94.367 | P40: -112.826 | R40: -132.081 | T40: -130.067 | V40: -91.743 | X40: -100.497
A41: Total shareholders’ equity | B41: =SUM(B37:B40) -> 822.69 | D41: =SUM(D37:D40) -> 797.259 | F41: =SUM(F37:F40) -> 926.48 | H41: =SUM(H37:H40) -> 968.648 | J41: =SUM(J37:J40) -> 982.421 | L41: =SUM(L37:L40) -> 972.469 | N41: =SUM(N37:N40) -> 853.889 | P41: =SUM(P37:P40) -> 855.453 | R41: =SUM(R37:R40) -> 854.22 | T41: =SUM(T37:T40) -> 830.323 | V41: =SUM(V37:V40) -> 860.171 | X41: =SUM(X37:X40) -> 835.937
A42: Total liabilities and shareholders’ equity | B42: =B35+B41 -> 1629.682 | D42: =D35+D41 -> 1791.634 | F42: =F35+F41 -> 1828.906 | H42: =H35+H41 -> 1904.742 | J42: =J35+J41 -> 1959.126 | L42: =L35+L41 -> 1958.206 | N42: =N35+N41 -> 2199.954 | P42: =P35+P41 -> 2137.223 | R42: =R35+R41 -> 2108.63 | T42: =T35+T41 -> 2146.601 | V42: =V35+V41 -> 2209.913 | X42: =X35+X41 -> 2215.893
A45: Days Sales Outstanding | B45: 61 | D45: 61 | F45: 62 | H45: =H11/('GAAP Income Statement'!H15/(H6-F6)) -> 58.224913 | J45: =J11/('GAAP Income Statement'!J15/(J6-H6)) -> 61.263182 | L45: =L11/('GAAP Income Statement'!L15/(L6-J6)) -> 61.802114 | N45: =N11/('GAAP Income Statement'!N15/(N6-L6)) -> 60.415022 | P45: =P11/('GAAP Income Statement'!R15/(P6-N6)) -> 58.788187 | R45: =R11/('GAAP Income Statement'!T15/(R6-P6)) -> 58.33932 | T45: =T11/('GAAP Income Statement'!V15/(T6-R6)) -> 54.983138 | V45: =V11/('GAAP Income Statement'!X15/(V6-T6)) -> 55.540554 | X45: =X11/('GAAP Income Statement'!AB15/(X6-V6)) -> 52.133683

Sheet GAAP Income Statement
A1: Trended PTC Consolidated Statements of Operations - GAAP
B3: FY'11 | D3: FY'12 | F3: FY'13 | H3: FY'14 | R3: FY'15 | AB3: FY'16
B5: Yr Ended | D5: Yr Ended | F5: Yr Ended | H5: Quarter Ended | P5: Yr Ended | R5: Quarter Ended | Z5: Yr Ended | AB5: QE
B6: 40816 | D6: 41182 | F6: 41547 | H6: 41636 | J6: 41727 | L6: 41818 | N6: 41912 | P6: 41912 | R6: 42007 | T6: 42098 | V6: 42189 | X6: 41912 | Z6: 41912 | AB6: 42371
A7: (in millions, except per share amounts)
A8: Revenue:
A9: Subscription | B9: 0.115 | D9: 0 | F9: 10.074 | H9: 3.674 | J9: 3.592 | L9: 7.305 | N9: 12.566 | P9: =SUM(H9,J9,L9,N9) -> 27.137 | R9: 14.223 | T9: 15.765 | V9: 17.155 | X9: 18.096 | Z9: =SUM(R9,T9,V9,X9)+0.001 -> 65.24 | AB9: 22.176
A10: Support | B10: 557.678 | D10: 611.943 | F10: 654.678 | H10: 170.142 | J10: 166.249 | L10: 172.021 | N10: 180.09 | P10: =SUM(H10,J10,L10,N10) -> 688.502 | R10: 181.629 | T10: 168.727 | V10: 165.687 | X10: 165.482 | Z10: =SUM(R10,T10,V10,X10)-0.001 -> 681.524 | AB10: 171.756
A11: Total recurring software | B11: =SUM(B9:B10) -> 557.793 | D11: =SUM(D9:D10) -> 611.943 | F11: =SUM(F9:F10) -> 664.752 | H11: =SUM(H9:H10) -> 173.816 | J11: =SUM(J9:J10) -> 169.841 | L11: =SUM(L9:L10) -> 179.326 | N11: =SUM(N9:N10) -> 192.656 | P11: =SUM(P9:P10) -> 715.639 | R11: =SUM(R9:R10) -> 195.852 | T11: =SUM(T9:T10) -> 184.492 | V11: =SUM(V9:V10) -> 182.842 | X11: =SUM(X9:X10) -> 183.578 | Z11: =SUM(R11,T11,V11,X11) -> 746.764 | AB11: =SUM(AB9:AB10) -> 193.932
A12: Perpetual license | B12: 342.006 | D12: 348.394 | F12: 344.209 | H12: 79.192 | J12: 84.953 | L12: 90.398 | N12: 108.059 | P12: =SUM(H12,J12,L12,N12) -> 362.602 | R12: 64.748 | T12: 70.187 | V12: 66.771 | X12: 81.053 | Z12: =SUM(R12,T12,V12,X12) -> 282.759 | AB12: 47.763
A13: Total software | B13: =SUM(B11:B12) -> 899.799 | D13: =SUM(D11:D12) -> 960.337 | F13: =SUM(F11:F12) -> 1008.961 | H13: =SUM(H11:H12) -> 253.008 | J13: =SUM(J11:J12) -> 254.794 | L13: =SUM(L11:L12) -> 269.724 | N13: =SUM(N11:N12) -> 300.715 | P13: =SUM(P11:P12) -> 1078.241 | R13: =SUM(R11:R12) -> 260.6 | T13: =SUM(T11:T12) -> 254.679 | V13: =SUM(V11:V12) -> 249.613 | X13: =SUM(X11:X12) -> 264.631 | Z13: =SUM(Z11:Z12) -> 1029.523 | AB13: =SUM(AB11:AB12) -> 241.695
A14: Professional services | B14: 267.15 | D14: 295.342 | F14: 284.58 | H14: 71.917 | J14: 73.906 | L14: 66.91 | N14: 65.993 | P14: =SUM(H14,J14,L14,N14) -> 278.726 | R14: 64.842 | T14: 59.44 | V14: 53.5 | X14: 47.937 | Z14: =SUM(R14,T14,V14,X14) -> 225.719 | AB14: 49.322
A15: Total revenue | B15: =SUM(B13:B14) -> 1166.949 | D15: =SUM(D13:D14) -> 1255.679 | F15: =SUM(F13:F14) -> 1293.541 | H15: =SUM(H13:H14) -> 324.925 | J15: =SUM(J13:J14) -> 328.7 | L15: =SUM(L13:L14) -> 336.634 | N15: =SUM(N13:N14) -> 366.708 | P15: =SUM(P13:P14) -> 1356.967 | R15: =SUM(R13:R14) -> 325.442 | T15: =SUM(T13:T14) -> 314.119 | V15: =SUM(V13:V14) -> 303.113 | X15: =SUM(X13:X14) -> 312.568 | Z15: =SUM(Z13:Z14) -> 1255.242 | AB15: =SUM(AB13:AB14) -> 291.017
A16: Cost of revenue:
A17: Cost of software | B17: 96.118 | D17: 106.645 | F17: 120.118 | H17: 30.235 | J17: 32.453 | L17: 32.364 | N17: 34.655 | P17: =SUM(H17,J17,L17,N17)+0.001 -> 129.708 | R17: 34.725 | T17: 34.518 | V17: 33.282 | X17: 33.467 | Z17: =SUM(R17,T17,V17,X17) -> 135.992 | AB17: 36.814
A18: Cost of professional services | B18: 260.65 | D18: 265.483 | F18: 252.921 | H18: 62.721 | J18: 61.344 | L18: 58.712 | N18: 61.199 | P18: =SUM(H18,J18,L18,N18)-0.001 -> 243.975 | R18: 58.217 | T18: 51.536 | V18: 46.094 | X18: 42.895 | Z18: =SUM(R18,T18,V18,X18) -> 198.742 | AB18: 43.333
A19: Total cost of revenue | B19: =SUM(B17:B18) -> 356.768 | D19: =SUM(D17:D18) -> 372.128 | F19: =SUM(F17:F18) -> 373.039 | H19: =SUM(H17:H18) -> 92.956 | J19: =SUM(J17:J18) -> 93.797 | L19: =SUM(L17:L18) -> 91.076 | N19: =SUM(N17:N18) -> 95.854 | P19: =SUM(H19,J19,L19,N19) -> 373.683 | R19: =SUM(R17:R18) -> 92.942 | T19: =SUM(T17:T18) -> 86.054 | V19: =SUM(V17:V18) -> 79.376 | X19: =SUM(X17:X18) -> 76.362 | Z19: =SUM(R19,T19,V19,X19) -> 334.734 | AB19: =SUM(AB17:AB18) -> 80.147
A20: Gross profit | B20: 810.181 | D20: 883.551 | F20: 920.502 | G20: =G15-G19 -> 0 | H20: =H15-H19 -> 231.969 | I20: =I15-I19 -> 0 | J20: =J15-J19 -> 234.903 | K20: =K15-K19 -> 0 | L20: =L15-L19 -> 245.558 | M20: =M15-M19 -> 0 | N20: =N15-N19 -> 270.854 | ... V20: =V15-V19 -> 223.737 | X20: =X15-X19 -> 236.206 | Y20: =Y17-Y19 -> 0 | Z20: =SUM(R20,T20,V20,X20) -> 920.508 | AB20: =AB15-AB19 -> 210.87
A21: Operating expenses:
A22: Sales and marketing | B22: =353.051+2.642 -> 355.693 | D22: =377.796+8.076 -> 385.872 | F22: =360.64+12.735 -> 373.375 | H22: =84.238+3.097 -> 87.335 | J22: =85.934+2.788 -> 88.722 | L22: =91.44+2.15 -> 93.59 | N22: =95.835+1.972 -> 97.807 | P22: =SUM(H22,J22,L22,N22) -> 367.454 | R22: =87.607+1.877 -> 89.484 | T22: =82.024+1.841 -> 83.865 | V22: =86.454+1.899 -> 88.353 | X22: =82.692+2.4 -> 85.092 | Z22: =SUM(R22,T22,V22,X22) -> 346.794 | AB22: 82.429
A23: Research and development | B23: 211.406 | D23: 214.96 | F23: 221.918 | H23: 53.073 | J23: 55.631 | L23: 57.405 | N23: 60.387 | P23: =SUM(H23,J23,L23,N23) -> 226.496 | R23: 61.097 | T23: 60.158 | V23: 54.078 | X23: 52.18 | Z23: =SUM(R23,T23,V23,X23) -> 227.513 | AB23: 57.669
A24: General and administrative | B24: =110.291-2.642 -> 107.649 | D24: =117.468-8.076 -> 109.392 | F24: =131.937-12.735 -> 119.202 | H24: =30.931-3.097 -> 27.834 | J24: =34.14-2.788 -> 31.352 | L24: =33.817-2.15 -> 31.667 | N24: =43.344-1.972 -> 41.372 | P24: =SUM(H24,J24,L24,N24) -> 132.225 | R24: =37.007-1.877 -> 35.13 | T24: =34.235-1.841 -> 32.394 | V24: =48.1-1.899 -> 46.201 | X24: =113.722-2.4 -> 111.322 | Z24: =SUM(R24,T24,V24,X24) -> 225.047 | AB24: 38.567
A25: Amortization of acquired intangible assets | B25: 18.319 | D25: 20.303 | F25: 26.486 | H25: 7.789 | J25: 7.985 | L25: 7.998 | N25: 8.355 | P25: =SUM(H25,J25,L25,N25) -> 32.127 | R25: 9.413 | T25: 9.173 | V25: 9.105 | X25: 8.438 | Z25: =SUM(R25,T25,V25,X25) -> 36.129 | AB25: 8.35
A26: Restructuring and other charges (credits) | B26: 0 | D26: 24.928 | F26: 52.197 | H26: 1.067 | J26: 0 | L26: 0.514 | N26: 26.825 | P26: =SUM(H26,J26,L26,N26) -> 28.406 | R26: -0.255 | T26: 38.487 | V26: 4.393 | X26: 0.784 | Z26: =SUM(R26,T26,V26,X26) -> 43.409 | AB26: 37.147
A27: Total operating expenses | B27: =SUM(B22:B26) -> 693.067 | D27: =SUM(D22:D26) -> 755.455 | F27: =SUM(F22:F26) -> 793.178 | G27: =SUM(G22:G26) -> 0 | H27: =SUM(H22:H26) -> 177.098 | I27: =SUM(I22:I26) -> 0 | J27: =SUM(J22:J26) -> 183.69 | K27: =SUM(K22:K26) -> 0 | L27: =SUM(L22:L26) -> 191.174 | M27: =SUM(M22:M26) -> 0 | ... V27: =SUM(V22:V26) -> 202.13 | X27: =SUM(X22:X26) -> 257.816 | Y27: =SUM(Y22:Y26) -> 0 | Z27: =SUM(Z22:Z26) -> 878.892 | AB27: =SUM(AB22:AB26) -> 224.162
A28: Operating income (loss) | B28: 117.114 | D28: 128.096 | F28: 127.324 | G28: =G20-G27 -> 0 | H28: =H20-H27 -> 54.871 | I28: =I20-I27 -> 0 | J28: =J20-J27 -> 51.213 | K28: =K20-K27 -> 0 | L28: =L20-L27 -> 54.384 | M28: =M20-M27 -> 0 | N28: =N20-N27 -> 36.108 | ... V28: =V20-V27 -> 21.607 | X28: =X20-X27 -> -21.61 | Y28: =Y20-Y27 -> 0 | Z28: =Z20-Z27 -> 41.616 | AB28: =AB20-AB27 -> -13.292
A29: Interest and other income (expense), net | B29: -12.566 | D29: -7.36 | F29: -1.09 | H29: -1.753 | J29: -2.692 | L29: -2.278 | N29: -3.74 | P29: =SUM(H29,J29,L29,N29)-0.001 -> -10.464 | R29: -3.224 | T29: -3.601 | V29: -3.668 | X29: -4.598 | Z29: =SUM(R29,T29,V29,X29) -> -15.091 | AB29: -6.253
A30: Income (loss) before income taxes | B30: =SUM(B28:B29) -> 104.548 | D30: =SUM(D28:D29) -> 120.736 | F30: =SUM(F28:F29) -> 126.234 | H30: =SUM(H28:H29) -> 53.118 | J30: =SUM(J28:J29) -> 48.521 | L30: =SUM(L28:L29) -> 52.106 | N30: =SUM(N28:N29) -> 32.368 | P30: =SUM(P28:P29) -> 186.112 | R30: =SUM(R28:R29) -> 34.407 | T30: =SUM(T28:T29) -> 0.387 | V30: =SUM(V28:V29) -> 17.939 | X30: =SUM(X28:X29) -> -26.208 | Z30: =SUM(Z28:Z29) -> 26.525 | AB30: =SUM(AB28:AB29) -> -19.545
A31: Provision (benefit) for income taxes | B31: 19.124 | D31: 156.134 | F31: -17.535 | H31: 13.461 | J31: 4.765 | L31: 14.08 | N31: -6.387 | P31: =SUM(H31,J31,L31,N31)-0.001 -> 25.918 | R31: 4.123 | T31: -5.005 | V31: 0.504 | X31: -20.655 | Z31: =SUM(R31,T31,V31,X31)+0.001 -> -21.032 | AB31: 4.347
A32: Net income (loss) | B32: =+B30-B31 -> 85.424 | D32: =+D30-D31 -> -35.398 | F32: =+F30-F31 -> 143.769 | H32: =+H30-H31 -> 39.657 | J32: =+J30-J31 -> 43.756 | L32: =+L30-L31 -> 38.026 | N32: =+N30-N31 -> 38.755 | P32: =+P30-P31 -> 160.194 | R32: =+R30-R31 -> 30.284 | T32: =+T30-T31 -> 5.392 | V32: =+V30-V31 -> 17.435 | X32: =+X30-X31 -> -5.553 | Z32: =+Z30-Z31 -> 47.557 | AB32: =+AB30-AB31 -> -23.892
A34: Basic net income (loss) per share | B34: =ROUND(B32/B36,2) -> 0.73 | D34: =ROUND(D32/D36,2) -> -0.3 | F34: =ROUND(F32/F36,2) -> 1.2 | H34: =ROUND(H32/H36,2) -> 0.33 | J34: =ROUND(J32/J36,2) -> 0.37 | L34: =ROUND(L32/L36,2) -> 0.32 | N34: =ROUND(N32/N36,2) -> 0.33 | P34: =ROUND(P32/P36,2) -> 1.36 | R34: =ROUND(R32/R36,2) -> 0.26 | T34: =ROUND(T32/T36,2) -> 0.05 | V34: =ROUND(V32/V36,2) -> 0.15 | X34: =ROUND(X32/X36,2) -> -0.05 | Z34: =ROUND(Z32/Z36,2) -> 0.41 | AB34: =ROUND(AB32/AB36,2) -> -0.21
A35: Diluted net income (loss) per share | B35: =ROUND(B32/B37,2) -> 0.71 | D35: =ROUND(D32/D37,2) -> -0.3 | F35: =ROUND(F32/F37,2) -> 1.19 | H35: =ROUND(H32/H37,2) -> 0.33 | J35: =ROUND(J32/J37,2) -> 0.36 | L35: =ROUND(L32/L37,2) -> 0.32 | N35: =ROUND(N32/N37,2) -> 0.33 | P35: =ROUND(P32/P37,2) -> 1.34 | R35: =ROUND(R32/R37,2) -> 0.26 | T35: =ROUND(T32/T37,2) -> 0.05 | V35: =ROUND(V32/V37,2) -> 0.15 | X35: =ROUND(X32/X37,2) -> -0.05 | Z35: =ROUND(Z32/Z37,2) -> 0.41 | AB35: =ROUND(AB32/AB37,2) -> -0.21
A36: Weighted average shares outstanding -- Basic | B36: 117.579 | D36: 118.705 | F36: 119.473 | H36: 118.933 | J36: 118.978 | L36: 118.328 | N36: 116.173 | P36: 118.094 | R36: 115.341 | T36: 114.944 | V36: 114.764 | X36: 113.99 | Z36: 114.775 | AB36: 114.151
A37: Weighted average shares outstanding -- Diluted | B37: 120.974 | D37: 118.705 | F37: 121.24 | H37: 121.1 | J37: 120.698 | L37: 119.901 | N37: 118.275 | P37: 119.984 | R37: 117.027 | T37: 115.922 | V37: 116.025 | X37: 115.025 | Z37: 116.012 | AB37: 114.151
A41: Gross margin | B41: =B20/B15 -> 0.69427284 | D41: =D20/D15 -> 0.703644 | F41: =F20/F15 -> 0.71161409 | H41: =H20/H15 -> 0.71391552 | J41: =J20/J15 -> 0.71464253 | L41: =L20/L15 -> 0.72945098 | N41: =N20/N15 -> 0.73860947 | P41: =P20/P15 -> 0.72461895 | R41: =R20/R15 -> 0.71441301 | T41: =T20/T15 -> 0.7260465 | V41: =V20/V15 -> 0.73813066 | X41: =X20/X15 -> 0.75569476 | Z41: =Z20/Z15 -> 0.7333311 | AB41: =AB20/AB15 -> 0.72459684
A42: Gross margin on total software | B42: =(B13-B17)/B13 -> 0.89317837 | D42: =(D13-D17)/D13 -> 0.88895044 | F42: =(F13-F17)/F13 -> 0.88094882 | H42: =(H13-H17)/H13 -> 0.88049785 | J42: =(J13-J17)/J13 -> 0.87263044 | L42: =(L13-L17)/L13 -> 0.88001068 | N42: =(N13-N17)/N13 -> 0.88475799 | P42: =(P13-P17)/P13 -> 0.87970407 | R42: =(R13-R17)/R13 -> 0.86674981 | T42: =(T13-T17)/T13 -> 0.86446468 | V42: =(V13-V17)/V13 -> 0.8666656 | X42: =(X13-X17)/X13 -> 0.87353334 | Z42: =(Z13-Z17)/Z13 -> 0.86790776 | AB42: =(AB13-AB17)/AB13 -> 0.84768406
A43: Gross margin on professional services | B43: =(B14-B18)/B14 -> 0.0243309 | D43: =(D14-D18)/D14 -> 0.10109974 | F43: =(F14-F18)/F14 -> 0.11124816 | H43: =(H14-H18)/H14 -> 0.12786963 | J43: =(J14-J18)/J14 -> 0.16997267 | L43: =(L14-L18)/L14 -> 0.12252279 | N43: =(N14-N18)/N14 -> 0.072644068 | P43: =(P14-P18)/P14 -> 0.124678 | R43: =(R14-R18)/R14 -> 0.10217143 | T43: =(T14-T18)/T14 -> 0.13297443 | V43: =(V14-V18)/V14 -> 0.13842991 | X43: =(X14-X18)/X14 -> 0.10517972 | Z43: =(Z14-Z18)/Z14 -> 0.11951586 | AB43: =(AB14-AB18)/AB14 -> 0.12142654
A44: Operating margin | B44: =B28/B15 -> 0.10035914 | D44: =D28/D15 -> 0.10201333 | F44: =F28/F15 -> 0.098430587 | H44: =H28/H15 -> 0.16887282 | J44: =J28/J15 -> 0.15580469 | L44: =L28/L15 -> 0.16155231 | N44: =N28/N15 -> 0.098465264 | P44: =P28/P15 -> 0.14486425 | R44: =R28/R15 -> 0.11563043 | T44: =T28/T15 -> 0.012695825 | V44: =V28/V15 -> 0.071283647 | X44: =X28/X15 -> -0.069136956 | Z44: =Z28/Z15 -> 0.033153766 | AB44: =AB28/AB15 -> -0.045674308
A45: S&M % of total revenue | B45: =B22/B15 -> 0.30480595 | D45: =D22/D15 -> 0.30730147 | F45: =F22/F15 -> 0.28864566 | H45: =H22/H15 -> 0.2687851 | J45: =J22/J15 -> 0.26991786 | L45: =L22/L15 -> 0.27801707 | N45: =N22/N15 -> 0.2667163 | P45: =P22/P15 -> 0.27079067 | R45: =R22/R15 -> 0.27496144 | T45: =T22/T15 -> 0.26698481 | V45: =V22/V15 -> 0.29148535 | X45: =X22/X15 -> 0.27223516 | Z45: =Z22/Z15 -> 0.27627661 | AB45: =AB22/AB15 -> 0.28324462
A46: R&D % of total revenue | B46: =B23/B15 -> 0.1811613 | D46: =D23/D15 -> 0.17119025 | F46: =F23/F15 -> 0.17155854 | H46: =H23/H15 -> 0.16333923 | J46: =J23/J15 -> 0.16924551 | L46: =L23/L15 -> 0.17052645 | N46: =N23/N15 -> 0.16467326 | P46: =P23/P15 -> 0.16691342 | R46: =R23/R15 -> 0.18773545 | T46: =T23/T15 -> 0.19151341 | V46: =V23/V15 -> 0.17840871 | X46: =X23/X15 -> 0.16693967 | Z46: =Z23/Z15 -> 0.18125031 | AB46: =AB23/AB15 -> 0.19816368
A47: G&A % of total revenue | B47: =B24/B15 -> 0.092248247 | D47: =D24/D15 -> 0.087117806 | F47: =F24/F15 -> 0.092151698 | H47: =H24/H15 -> 0.085662845 | J47: =J24/J15 -> 0.095381807 | L47: =L24/L15 -> 0.094069524 | N47: =N24/N15 -> 0.11282001 | P47: =P24/P15 -> 0.097441574 | R47: =R24/R15 -> 0.1079455 | T47: =T24/T15 -> 0.10312652 | V47: =V24/V15 -> 0.1524217 | X47: =X24/X15 -> 0.3561529 | Z47: =Z24/Z15 -> 0.17928575 | AB47: =AB24/AB15 -> 0.1325249
A48: Tax rate | B48: =B31/B30 -> 0.18292076 | D48: =D31/D30 -> 1.2931851 | F48: =F31/F30 -> -0.13890869 | H48: =H31/H30 -> 0.25341692 | J48: =J31/J30 -> 0.098204901 | L48: =L31/L30 -> 0.2702184 | N48: =N31/N30 -> -0.19732452 | P48: =P31/P30 -> 0.13926023 | R48: =R31/R30 -> 0.11983027 | T48: =T31/T30 -> -12.932817 | V48: =V31/V30 -> 0.028095212 | X48: =X31/X30 -> 0.78811813 | Z48: =Z31/Z30 -> -0.79291235 | AB48: =AB31/AB30 -> -0.22240982

Sheet Non-GAAP Income Statement
A1: Trended PTC Consolidated Statements of Operations - Non-GAAP
B3: FY'11 | D3: FY'12 | F3: FY'13 | H3: FY'14 | R3: FY'15 | AB3: FY'16
B5: Yr Ended | D5: Yr Ended | F5: Yr Ended | H5: Quarter Ended | P5: Yr Ended | R5: Quarter Ended | Z5: Yr Ended | AB5: QE
B6: 40816 | D6: 41182 | F6: 41547 | H6: 41636 | J6: 41727 | L6: 41818 | N6: 41912 | P6: 41912 | R6: 42007 | T6: 42098 | V6: 42189 | X6: 41912 | Z6: 41912 | AB6: 42371
A7: (in millions, except per share amounts)
A8: Revenue:
A9: Subscription | B9: 0.115 | D9: 0 | F9: 10.074 | H9: 3.674 | J9: 3.592 | L9: 7.305 | N9: 13.036 | P9: =SUM(H9,J9,L9,N9) -> 27.607 | R9: 14.905 | T9: 16.355 | V9: 17.507 | X9: 18.303 | Z9: =SUM(R9,T9,V9,X9) -> 67.07 | AB9: 22.364
A10: Support | B10: 560.284 | D10: 614.428 | F10: 657.712 | H10: 170.142 | J10: 166.249 | L10: 172.021 | N10: 180.438 | P10: =SUM(H10,J10,L10,N10) -> 688.85 | R10: 182.094 | T10: 168.992 | V10: 165.812 | X10: 165.525 | Z10: =SUM(R10,T10,V10,X10)-0.001 -> 682.422 | AB10: 171.756
A11: Total recurring software | B11: =SUM(B9:B10) -> 560.399 | D11: =SUM(D9:D10) -> 614.428 | F11: =SUM(F9:F10) -> 667.786 | H11: =SUM(H9:H10) -> 173.816 | J11: =SUM(J9:J10) -> 169.841 | L11: =SUM(L9:L10) -> 179.326 | N11: =SUM(N9:N10) -> 193.474 | P11: =SUM(P9:P10) -> 716.457 | R11: =SUM(R9:R10) -> 196.999 | T11: =SUM(T9:T10) -> 185.347 | V11: =SUM(V9:V10) -> 183.319 | X11: =SUM(X9:X10) -> 183.828 | Z11: =SUM(Z9:Z10) -> 749.492 | AB11: =SUM(AB9:AB10) -> 194.12
A12: Perpetual license | B12: 342.006 | D12: 348.394 | F12: 344.209 | H12: 79.192 | J12: 84.953 | L12: 90.398 | N12: 108.347 | P12: =SUM(H12,J12,L12,N12) -> 362.89 | R12: 64.748 | T12: 70.187 | V12: 66.771 | X12: 81.053 | Z12: =SUM(R12,T12,V12,X12)+0.001 -> 282.76 | AB12: 47.763
A13: Total software | B13: =SUM(B11:B12) -> 902.405 | D13: =SUM(D11:D12) -> 962.822 | F13: =SUM(F11:F12) -> 1011.995 | H13: =SUM(H11:H12) -> 253.008 | J13: =SUM(J11:J12) -> 254.794 | L13: =SUM(L11:L12) -> 269.724 | N13: =SUM(N11:N12) -> 301.821 | P13: =SUM(P11:P12) -> 1079.347 | R13: =SUM(R11:R12) -> 261.747 | T13: =SUM(T11:T12) -> 255.534 | V13: =SUM(V11:V12) -> 250.09 | X13: =SUM(X11:X12) -> 264.881 | Z13: =SUM(Z11:Z12) -> 1032.252 | AB13: =SUM(AB11:AB12) -> 241.883
A14: Professional services | B14: 267.15 | D14: 295.342 | F14: 284.581 | H14: 71.917 | J14: 73.906 | L14: 66.91 | N14: 66.136 | P14: =SUM(H14,J14,L14,N14) -> 278.869 | R14: 65.099 | T14: 59.718 | V14: 53.809 | X14: 48.233 | Z14: =SUM(R14,T14,V14,X14) -> 226.859 | AB14: 49.631
A15: Total revenue | B15: =SUM(B13:B14) -> 1169.555 | D15: =SUM(D13:D14) -> 1258.164 | F15: =SUM(F13:F14) -> 1296.576 | H15: =SUM(H13:H14) -> 324.925 | J15: =SUM(J13:J14) -> 328.7 | L15: =SUM(L13:L14) -> 336.634 | N15: =SUM(N13:N14) -> 367.957 | P15: =SUM(P13:P14) -> 1358.216 | R15: =SUM(R13:R14) -> 326.846 | T15: =SUM(T13:T14) -> 315.252 | V15: =SUM(V13:V14) -> 303.899 | X15: =SUM(X13:X14) -> 313.114 | Z15: =SUM(Z13:Z14) -> 1259.111 | AB15: =SUM(AB13:AB14) -> 291.514
A16: Cost of revenue:
A17: Cost of software | B17: 77.989 | D17: 87.571 | F17: 98.187 | H17: 24.749 | J17: 27.075 | L17: 26.988 | N17: 28.723 | P17: =SUM(H17,J17,L17,N17) -> 107.535 | R17: 29.04 | T17: 28.697 | V17: 27.192 | X17: 27.365 | Z17: =SUM(R17,T17,V17,X17) -> 112.294 | AB17: 29.782
A18: Cost of professional services | B18: 255.639 | D18: 259.8 | F18: 246.787 | H18: 61.184 | J18: 59.995 | L18: 57.163 | N18: 59.349 | P18: =SUM(H18,J18,L18,N18) -> 237.691 | R18: 56.634 | T18: 50.183 | V18: 44.912 | X18: 41.668 | Z18: =SUM(R18,T18,V18,X18) -> 193.397 | AB18: 42.014
A19: Total cost of revenue | B19: 333.628 | D19: 347.371 | F19: 344.974 | H19: =SUM(H17:H18) -> 85.933 | J19: =SUM(J17:J18) -> 87.07 | L19: =SUM(L17:L18) -> 84.151 | N19: =SUM(N17:N18) -> 88.072 | P19: =SUM(H19,J19,L19,N19) -> 345.226 | R19: =SUM(R17:R18) -> 85.674 | T19: =SUM(T17:T18) -> 78.88 | V19: =SUM(V17:V18) -> 72.104 | X19: =SUM(X17:X18) -> 69.033 | Z19: =SUM(R19,T19,V19,X19) -> 305.691 | AB19: =SUM(AB17:AB18) -> 71.796
A20: Gross profit | B20: 835.927 | D20: 910.793 | F20: 951.602 | H20: =H15-H19 -> 238.992 | J20: =J15-J19 -> 241.63 | L20: =L15-L19 -> 252.483 | N20: =N15-N19 -> 279.885 | P20: =P15-P19 -> 1012.99 | R20: =R15-R19 -> 241.172 | T20: =T15-T19 -> 236.372 | V20: =V15-V19 -> 231.795 | X20: =X15-X19 -> 244.081 | Z20: =Z15-Z19 -> 953.42 | AB20: =AB15-AB19 -> 219.718
A21: Operating expenses:
A22: Sales and marketing | B22: 344.265 | D22: 370.267 | F22: 359.435 | H22: =81.739+2.343 -> 84.082 | J22: =82.915+2.26 -> 85.175 | L22: =88.375+1.57 -> 89.945 | N22: =93.538+1.375 -> 94.913 | P22: =SUM(H22,J22,L22,N22) -> 354.115 | R22: =84.735+1.548 -> 86.283 | T22: =78.943+1.377 -> 80.32 | V22: =83.024+1.254 -> 84.278 | X22: =79.852+1.872 -> 81.724 | Z22: =SUM(R22,T22,V22,X22) -> 332.605 | AB22: 78.147
A23: Research and development | B23: 202.859 | D23: 206.199 | F23: 213.328 | H23: 50.384 | J23: 53.484 | L23: 55.174 | N23: 57.335 | P23: =SUM(H23,J23,L23,N23) -> 216.377 | R23: 58.011 | T23: 57.157 | V23: =51.15 -> 51.15 | X23: 49.572 | Z23: =SUM(R23,T23,V23,X23) -> 215.89 | AB23: 55.156
A24: General and administrative | B24: 82.208 | D24: 87.558 | F24: 92.569 | H24: =24.576-2.343 -> 22.233 | J24: =25.125-2.26 -> 22.865 | L24: =27.563-1.57 -> 25.993 | N24: =32.494-1.375 -> 31.119 | P24: =SUM(H24,J24,L24,N24) -> 102.21 | R24: =28.613-1.548 -> 27.065 | T24: =26.501-1.377 -> 25.124 | V24: =24.442-1.254 -> 23.188 | X24: =27.093-1.872 -> 25.221 | Z24: =SUM(R24,T24,V24,X24) -> 100.598 | AB24: 24.322
A25: Amortization of acquired intangible assets | B25: 0 | D25: 0 | F25: 0 | H25: 0 | J25: 0 | L25: 0 | N25: 0 | P25: =SUM(H25,J25,L25,N25) -> 0 | R25: 0 | T25: 0 | V25: 0 | X25: 0 | Z25: =SUM(R25,T25,V25,X25) -> 0 | AB25: 0
A26: Restructuring and other charges (credits) | B26: 0 | D26: 0 | F26: 0 | H26: 0 | J26: 0 | L26: 0 | N26: 0 | P26: =SUM(H26,J26,L26,N26) -> 0 | R26: 0 | T26: 0 | V26: 0 | X26: 0 | Z26: =SUM(R26,T26,V26,X26) -> 0 | AB26: 0
A27: Total operating expenses | B27: 629.332 | D27: 664.024 | F27: 665.332 | H27: =SUM(H22:H26) -> 156.699 | I27: =SUM(I22:I26) -> 0 | J27: =SUM(J22:J26) -> 161.524 | K27: =SUM(K22:K26) -> 0 | L27: =SUM(L22:L26) -> 171.112 | M27: =SUM(M22:M26) -> 0 | N27: =SUM(N22:N26) -> 183.367 | O27: =SUM(O22:O26) -> 0 | P27: =SUM(P22:P26) -> 672.702 | R27: =SUM(R22:R26) -> 171.359 | S27: =SUM(S22:S26) -> 0 | T27: =SUM(T22:T26) -> 162.601 | U27: =SUM(U22:U26) -> 0 | V27: =SUM(V22:V26) -> 158.616 | X27: =SUM(X22:X26) -> 156.517 | Z27: =SUM(Z22:Z26) -> 649.093 | AB27: =SUM(AB22:AB26) -> 157.625
A28: Operating income (loss) | B28: 206.595 | D28: 246.769 | F28: 286.27 | H28: =H20-H27 -> 82.293 | I28: =I20-I27 -> 0 | J28: =J20-J27 -> 80.106 | K28: =K20-K27 -> 0 | L28: =L20-L27 -> 81.371 | M28: =M20-M27 -> 0 | N28: =N20-N27 -> 96.518 | O28: =O20-O27 -> 0 | P28: =P20-P27 -> 340.288 | R28: =R20-R27 -> 69.813 | S28: =S20-S27 -> 0 | T28: =T20-T27 -> 73.771 | U28: =U20-U27 -> 0 | V28: =V20-V27 -> 73.179 | X28: =X20-X27 -> 87.564 | Z28: =Z20-Z27 -> 304.327 | AB28: =AB20-AB27 -> 62.093
A29: Interest and other income (expense), net | B29: -7.459 | D29: -6.599 | F29: -6.807 | H29: -1.753 | J29: -2.692 | L29: -2.278 | N29: -3.74 | P29: =SUM(H29,J29,L29,N29)-0.001 -> -10.464 | R29: -3.224 | T29: -3.601 | V29: -3.668 | X29: -4.598 | Z29: =SUM(R29,T29,V29,X29) -> -15.091 | AB29: -3.894
A30: Income (loss) before income taxes | B30: 199.136 | D30: 240.17 | F30: 279.463 | H30: =SUM(H28:H29) -> 80.54 | J30: =SUM(J28:J29) -> 77.414 | L30: =SUM(L28:L29) -> 79.093 | N30: =SUM(N28:N29) -> 92.778 | P30: =SUM(P28:P29) -> 329.824 | R30: =SUM(R28:R29) -> 66.589 | T30: =SUM(T28:T29) -> 70.17 | V30: =SUM(V28:V29) -> 69.511 | X30: =SUM(X28:X29) -> 82.966 | Z30: =SUM(Z28:Z29) -> 289.236 | AB30: =SUM(AB28:AB29) -> 58.199
A31: Provision (benefit) for income taxes | B31: 46.97 | D31: 57.307 | F31: 60.299 | H31: 20.319 | J31: 19.719 | L31: 15.355 | N31: 14.053 | P31: =SUM(H31,J31,L31,N31) -> 69.446 | R31: 7.609 | T31: 8.752 | V31: 7.813 | X31: 5.882 | Z31: =SUM(R31,T31,V31,X31) -> 30.056 | AB31: -0.583
A32: Net income (loss) | B32: 152.166 | D32: 182.863 | F32: 219.164 | H32: =+H30-H31 -> 60.221 | J32: =+J30-J31 -> 57.695 | L32: =+L30-L31 -> 63.738 | N32: =+N30-N31 -> 78.725 | P32: =+P30-P31 -> 260.378 | R32: =+R30-R31 -> 58.98 | T32: =+T30-T31 -> 61.418 | V32: =+V30-V31 -> 61.698 | X32: =+X30-X31 -> 77.084 | Z32: =+Z30-Z31 -> 259.18 | AB32: =+AB30-AB31 -> 58.782
A34: Basic net income (loss) per share | B34: 1.29 | D34: 1.54 | F34: 1.83 | H34: =ROUND(H32/H36,2) -> 0.51 | J34: =ROUND(J32/J36,2) -> 0.48 | L34: =ROUND(L32/L36,2) -> 0.54 | N34: =ROUND(N32/N36,2) -> 0.68 | P34: =ROUND(P32/P36,2) -> 2.2 | R34: =ROUND(R32/R36,2) -> 0.51 | T34: =ROUND(T32/T36,2) -> 0.53 | V34: =ROUND(V32/V36,2) -> 0.54 | X34: =ROUND(X32/X36,2) -> 0.68 | Z34: =ROUND(Z32/Z36,2) -> 2.26 | AB34: =ROUND(AB32/AB36,2) -> 0.51
A35: Diluted net income (loss) per share | B35: 1.26 | D35: 1.51 | F35: 1.81 | H35: =ROUND(H32/H37,2) -> 0.5 | J35: =ROUND(J32/J37,2) -> 0.48 | L35: =ROUND(L32/L37,2) -> 0.53 | N35: =ROUND(N32/N37,2) -> 0.67 | P35: =ROUND(P32/P37,2) -> 2.17 | R35: =ROUND(R32/R37,2) -> 0.5 | T35: =ROUND(T32/T37,2) -> 0.53 | V35: =ROUND(V32/V37,2) -> 0.53 | X35: =ROUND(X32/X37,2) -> 0.67 | Z35: =ROUND(Z32/Z37,2) -> 2.23 | AB35: =ROUND(AB32/AB37,2) -> 0.51
A36: Weighted average shares outstanding -- Basic | B36: 117.579 | D36: 118.705 | F36: 119.473 | H36: 118.933 | J36: 118.978 | L36: 118.328 | N36: 116.173 | P36: 118.094 | R36: 115.341 | T36: 114.944 | V36: 114.764 | X36: 113.99 | Z36: 114.775 | AB36: 114.151
A37: Weighted average shares outstanding -- Diluted | B37: 120.974 | D37: 120.998 | F37: 121.24 | H37: 121.1 | J37: 120.698 | L37: 119.901 | N37: 118.275 | P37: 119.984 | R37: 117.027 | T37: 115.922 | V37: 116.025 | X37: 115.025 | Z37: 116.012 | AB37: 115.239
A41: Gross margin: | B41: =B20/B15 -> 0.71473937 | D41: =D20/D15 -> 0.72390642 | F41: =F20/F15 -> 0.73393461 | H41: =H20/H15 -> 0.73552974 | J41: =J20/J15 -> 0.735108 | L41: =L20/L15 -> 0.75002228 | N41: =N20/N15 -> 0.76064595 | P41: =P20/P15 -> 0.74582393 | R41: =R20/R15 -> 0.73787655 | T41: =T20/T15 -> 0.74978747 | V41: =V20/V15 -> 0.76273696 | X41: =X20/X15 -> 0.77952758 | Z41: =Z20/Z15 -> 0.7572168 | AB41: =AB20/AB15 -> 0.75371337
A42: Gross margin on software | B42: =(B13-B17)/B13 -> 0.9135765 | D42: =(D13-D17)/D13 -> 0.90904757 | F42: =(F13-F17)/F13 -> 0.90297679 | H42: =(H13-H17)/H13 -> 0.90218096 | J42: =(J13-J17)/J13 -> 0.89373769 | L42: =(L13-L17)/L13 -> 0.89994216 | N42: =(N13-N17)/N13 -> 0.90483432 | P42: =(P13-P17)/P13 -> 0.90037032 | R42: =(R13-R17)/R13 -> 0.88905317 | T42: =(T13-T17)/T13 -> 0.88769792 | V42: =(V13-V17)/V13 -> 0.89127114 | X42: =(X13-X17)/X13 -> 0.89668946 | Z42: =(Z13-Z17)/Z13 -> 0.89121455 | AB42: =(AB13-AB17)/AB13 -> 0.87687436
A43: Gross margin on professional services | B43: =(B14-B18)/B14 -> 0.043088153 | D43: =(D14-D18)/D14 -> 0.12034184 | F43: =(F14-F18)/F14 -> 0.13280577 | H43: =(H14-H18)/H14 -> 0.14924149 | J43: =(J14-J18)/J14 -> 0.18822558 | L43: =(L14-L18)/L14 -> 0.14567329 | N43: =(N14-N18)/N14 -> 0.10262187 | P43: =(P14-P18)/P14 -> 0.14766073 | R43: =(R14-R18)/R14 -> 0.13003272 | T43: =(T14-T18)/T14 -> 0.1596671 | V43: =(V14-V18)/V14 -> 0.16534409 | X43: =(X14-X18)/X14 -> 0.13611013 | Z43: =(Z14-Z18)/Z14 -> 0.14750131 | AB43: =(AB14-AB18)/AB14 -> 0.15347263
A44: Operating margin: | B44: =B28/B15 -> 0.17664411 | D44: =D28/D15 -> 0.19613421 | F44: =F28/F15 -> 0.22078922 | H44: =H28/H15 -> 0.25326768 | J44: =J28/J15 -> 0.24370551 | L44: =L28/L15 -> 0.24171949 | N44: =N28/N15 -> 0.26230782 | P44: =P28/P15 -> 0.25054041 | R44: =R28/R15 -> 0.21359601 | T44: =T28/T15 -> 0.23400645 | V44: =V28/V15 -> 0.2408004 | X44: =X28/X15 -> 0.27965533 | Z44: =Z28/Z15 -> 0.2416999 | AB44: =AB28/AB15 -> 0.21300178
A45: S&M % of total revenue | B45: =B22/B15 -> 0.29435555 | D45: =D22/D15 -> 0.29429152 | F45: =F22/F15 -> 0.27721861 | H45: =H22/H15 -> 0.25877356 | J45: =J22/J15 -> 0.25912686 | L45: =L22/L15 -> 0.26718929 | N45: =N22/N15 -> 0.2579459 | P45: =P22/P15 -> 0.26072068 | R45: =R22/R15 -> 0.26398671 | T45: =T22/T15 -> 0.2547803 | V45: =V22/V15 -> 0.2773224 | X45: =X22/X15 -> 0.26100398 | Z45: =Z22/Z15 -> 0.2641586 | AB45: =AB22/AB15 -> 0.26807289
A46: R&D % of total revenue | B46: =B23/B15 -> 0.17344973 | D46: =D23/D15 -> 0.16388881 | F46: =F23/F15 -> 0.16453181 | H46: =H23/H15 -> 0.15506348 | J46: =J23/J15 -> 0.16271372 | L46: =L23/L15 -> 0.16389907 | N46: =N23/N15 -> 0.15581984 | P46: =P23/P15 -> 0.15930971 | R46: =R23/R15 -> 0.17748726 | T46: =T23/T15 -> 0.18130575 | V46: =V23/V15 -> 0.1683125 | X46: =X23/X15 -> 0.15831933 | Z46: =Z23/Z15 -> 0.17146225 | AB46: =AB23/AB15 -> 0.18920532
A47: G&A % of total revenue | B47: =B24/B15 -> 0.070289982 | D47: =D24/D15 -> 0.069591882 | F47: =F24/F15 -> 0.071394966 | H47: =H24/H15 -> 0.068425021 | J47: =J24/J15 -> 0.069561911 | L47: =L24/L15 -> 0.077214423 | N47: =N24/N15 -> 0.084572382 | P47: =P24/P15 -> 0.075253126 | R47: =R24/R15 -> 0.082806582 | T47: =T24/T15 -> 0.079694974 | V47: =V24/V15 -> 0.076301666 | X47: =X24/X15 -> 0.080548937 | Z47: =Z24/Z15 -> 0.079896054 | AB47: =AB24/AB15 -> 0.083433386
A48: Tax rate | B48: =B31/B30 -> 0.23586895 | D48: =D31/D30 -> 0.23861015 | F48: =F31/F30 -> 0.21576738 | H48: =H31/H30 -> 0.25228458 | J48: =J31/J30 -> 0.25472137 | L48: =L31/L30 -> 0.19413855 | N48: =N31/N30 -> 0.1514691 | P48: =P31/P30 -> 0.21055472 | R48: =R31/R30 -> 0.11426812 | T48: =T31/T30 -> 0.12472567 | V48: =V31/V30 -> 0.11239948 | X48: =X31/X30 -> 0.070896512 | Z48: =Z31/Z30 -> 0.10391514 | AB48: =AB31/AB30 -> -0.010017354

Sheet GAAP vs Non-GAAP
A1: Trended PTC Consolidated Statements of Operations - Reconciliation between GAAP and Non-GAAP
B3: FY'11 | D3: FY'12 | F3: FY'13 | H3: FY'14 | R3: FY'15 | AB3: FY'16
B5: Yr Ended | D5: Yr Ended | F5: Yr Ended | H5: Quarter Ended | P5: Yr Ended | R5: Quarter Ended | Z5: Yr Ended | AB5: QE
B6: 40816 | D6: 41182 | F6: 41547 | H6: 41636 | J6: 41727 | L6: 41818 | N6: 41912 | P6: 41912 | R6: 42007 | T6: 42098 | V6: 42189 | X6: 41912 | Z6: 42277 | AB6: 42371
A7: (in millions, except per share amounts and %)
A8: GAAP revenue | B8: =+'GAAP Income Statement'!B15 -> 1166.949 | D8: =+'GAAP Income Statement'!D15 -> 1255.679 | F8: =+'GAAP Income Statement'!F15 -> 1293.541 | H8: =+'GAAP Income Statement'!H15 -> 324.925 | J8: =+'GAAP Income Statement'!J15 -> 328.7 | L8: =+'GAAP Income Statement'!L15 -> 336.634 | N8: =+'GAAP Income Statement'!N15 -> 366.708 | P8: =+'GAAP Income Statement'!P15 -> 1356.967 | R8: =+'GAAP Income Statement'!R15 -> 325.442 | T8: =+'GAAP Income Statement'!T15 -> 314.119 | V8: =+'GAAP Income Statement'!V15 -> 303.113 | X8: =+'GAAP Income Statement'!X15 -> 312.568 | Z8: =+'GAAP Income Statement'!Z15 -> 1255.242 | AB8: =+'GAAP Income Statement'!AB15 -> 291.017
A9: Fair value adjustment of acquired deferred subscription revenue | B9: 0 | D9: 0 | F9: 0 | H9: 0 | J9: 0 | L9: 0 | N9: 0.47 | P9: =SUM(H9,J9,L9,N9) -> 0.47 | R9: 0.682 | T9: 0.59 | V9: 0.352 | X9: 0.207 | Z9: =SUM(R9,T9,V9,X9) -> 1.831 | AB9: 0.188
A10: Fair value adjustment of acquired deferred support revenue | B10: 2.606 | D10: 2.485 | F10: 3.034 | H10: 0 | J10: 0 | L10: 0 | N10: 0.348 | P10: =SUM(H10,J10,L10,N10) -> 0.348 | R10: 0.465 | T10: 0.265 | V10: 0.125 | X10: 0.043 | Z10: =SUM(R10,T10,V10,X10) -> 0.898 | AB10: 0
A11: Fair value adjustment of acquired deferred perpetual license revenue | B11: 0 | D11: 0 | F11: 0 | H11: 0 | J11: 0 | L11: 0 | N11: 0.288 | P11: =SUM(H11,J11,L11,N11) -> 0.288 | R11: 0 | T11: 0 | Z11: =SUM(R11,T11,V11,X11) -> 0 | AB11: 0
A12: Fair value adjustment of acquired deferred services revenue | B12: 0 | D12: 0 | F12: 0.001 | H12: 0 | J12: 0 | L12: 0 | N12: 0.143 | P12: =SUM(H12,J12,L12,N12) -> 0.143 | R12: 0.257 | T12: 0.278 | V12: 0.309 | X12: 0.296 | Z12: =SUM(R12,T12,V12,X12) -> 1.14 | AB12: 0.309
A13: Non-GAAP revenue | B13: ='Non-GAAP Income Statement'!B15 -> 1169.555 | D13: ='Non-GAAP Income Statement'!D15 -> 1258.164 | F13: ='Non-GAAP Income Statement'!F15 -> 1296.576 | H13: ='Non-GAAP Income Statement'!H15 -> 324.925 | J13: ='Non-GAAP Income Statement'!J15 -> 328.7 | L13: ='Non-GAAP Income Statement'!L15 -> 336.634 | N13: ='Non-GAAP Income Statement'!N15 -> 367.957 | P13: ='Non-GAAP Income Statement'!P15 -> 1358.216 | R13: ='Non-GAAP Income Statement'!R15 -> 326.846 | T13: ='Non-GAAP Income Statement'!T15 -> 315.252 | V13: ='Non-GAAP Income Statement'!V15 -> 303.899 | X13: ='Non-GAAP Income Statement'!X15 -> 313.114 | Z13: ='Non-GAAP Income Statement'!Z15 -> 1259.111 | AB13: ='Non-GAAP Income Statement'!AB15 -> 291.514
A15: GAAP cost of revenue | B15: ='GAAP Income Statement'!B19 -> 356.768 | D15: ='GAAP Income Statement'!D19 -> 372.128 | F15: ='GAAP Income Statement'!F19 -> 373.039 | H15: ='GAAP Income Statement'!H19 -> 92.956 | J15: ='GAAP Income Statement'!J19 -> 93.797 | L15: ='GAAP Income Statement'!L19 -> 91.076 | N15: ='GAAP Income Statement'!N19 -> 95.854 | P15: ='GAAP Income Statement'!P19 -> 373.683 | R15: ='GAAP Income Statement'!R19 -> 92.942 | T15: ='GAAP Income Statement'!T19 -> 86.054 | V15: ='GAAP Income Statement'!V19 -> 79.376 | X15: ='GAAP Income Statement'!X19 -> 76.362 | Z15: ='GAAP Income Statement'!Z19 -> 334.734 | AB15: ='GAAP Income Statement'!AB19 -> 80.147
A16: Software stock-based compensation expense | B16: -2.736 | D16: -3.256 | F16: -3.345 | H16: -0.989 | J16: -0.971 | L16: -0.961 | N16: -1.138 | P16: =SUM(H16,J16,L16,N16) -> -4.059 | R16: -0.918 | T16: -1.107 | V16: -1.133 | X16: -1.138 | Z16: =SUM(R16,T16,V16,X16) -> -4.296 | AB16: -1.905
A17: Professional services stock-based compensation expense | B17: -5.011 | D17: -5.682 | F17: -6.134 | H17: -1.537 | J17: -1.349 | L17: -1.549 | N17: -1.916 | P17: =SUM(H17,J17,L17,N17) -> -6.351 | R17: -1.689 | T17: -1.504 | V17: -1.317 | X17: -1.361 | Z17: =SUM(R17,T17,V17,X17) -> -5.871 | AB17: -1.451
A18: Fair value adjustment to deferred services cost | B18: 0 | D18: 0 | F18: 0 | H18: 0 | J18: 0 | L18: 0 | N18: 0.065 | P18: =SUM(H18,J18,L18,N18) -> 0.065 | R18: 0.106 | T18: 0.151 | V18: 0.135 | X18: 0.134 | Z18: =SUM(R18,T18,V18,X18) -> 0.526 | AB18: 0.132
A19: Software amortization of acquired intangible assets | B19: -15.393 | D19: -15.819 | F19: -18.586 | H19: -4.497 | J19: -4.407 | L19: -4.415 | N19: -4.793 | P19: =SUM(H19,J19,L19,N19) -> -18.112 | R19: -4.767 | T19: -4.714 | V19: -4.957 | X19: -4.964 | Z19: =SUM(R19,T19,V19,X19) -> -19.402 | AB19: -5.127
A20: Professional services amortization of acquired intangible assets | B20: 0 | D20: 0 | F20: 0 | H20: 0 | J20: 0 | L20: 0 | N20: 0 | P20: =SUM(H20,J20,L20,N20) -> 0 | R20: 0 | T20: 0 | V20: 0 | X20: 0 | Z20: =SUM(R20,T20,V20,X20) -> 0 | AB20: 0
A21: Non-GAAP cost of revenue | B21: ='Non-GAAP Income Statement'!B19 -> 333.628 | D21: ='Non-GAAP Income Statement'!D19 -> 347.371 | F21: ='Non-GAAP Income Statement'!F19 -> 344.974 | H21: ='Non-GAAP Income Statement'!H19 -> 85.933 | J21: ='Non-GAAP Income Statement'!J19 -> 87.07 | L21: ='Non-GAAP Income Statement'!L19 -> 84.151 | N21: ='Non-GAAP Income Statement'!N19 -> 88.072 | P21: ='Non-GAAP Income Statement'!P19 -> 345.226 | R21: ='Non-GAAP Income Statement'!R19 -> 85.674 | T21: ='Non-GAAP Income Statement'!T19 -> 78.88 | V21: ='Non-GAAP Income Statement'!V19 -> 72.104 | X21: ='Non-GAAP Income Statement'!X19 -> 69.033 | Z21: ='Non-GAAP Income Statement'!Z19 -> 305.691 | AB21: ='Non-GAAP Income Statement'!AB19 -> 71.796
A23: GAAP gross profit | B23: ='GAAP Income Statement'!B20 -> 810.181 | D23: ='GAAP Income Statement'!D20 -> 883.551 | F23: ='GAAP Income Statement'!F20 -> 920.502 | H23: ='GAAP Income Statement'!H20 -> 231.969 | J23: ='GAAP Income Statement'!J20 -> 234.903 | L23: ='GAAP Income Statement'!L20 -> 245.558 | N23: ='GAAP Income Statement'!N20 -> 270.854 | P23: ='GAAP Income Statement'!P20 -> 983.284 | R23: ='GAAP Income Statement'!R20 -> 232.5 | T23: ='GAAP Income Statement'!T20 -> 228.065 | V23: ='GAAP Income Statement'!V20 -> 223.737 | X23: ='GAAP Income Statement'!X20 -> 236.206 | Z23: ='GAAP Income Statement'!Z20 -> 920.508 | AB23: ='GAAP Income Statement'!AB20 -> 210.87
A24: Fair value adjustment of acquired deferred revenue | B24: =+B9+B10+B12+B11 -> 2.606 | D24: =+D9+D10+D12+D11 -> 2.485 | F24: =+F9+F10+F12+F11 -> 3.035 | H24: =+H9+H10+H12+H11 -> 0 | J24: =+J9+J10+J12+J11 -> 0 | L24: =+L9+L10+L12+L11 -> 0 | N24: =+N9+N10+N12+N11 -> 1.249 | P24: =+P9+P10+P12+P11 -> 1.249 | R24: =+R9+R10+R12+R11 -> 1.404 | T24: =+T9+T10+T12+T11 -> 1.133 | V24: =+V9+V10+V12+V11 -> 0.786 | X24: =+X9+X10+X12+X11 -> 0.546 | Z24: =+Z9+Z10+Z12+Z11 -> 3.869 | AB24: =+AB9+AB10+AB12+AB11 -> 0.497
A25: Stock-based compensation expense | B25: =-B16-B17 -> 7.747 | D25: =-D16-D17 -> 8.938 | F25: =-F16-F17 -> 9.479 | H25: =-H16-H17 -> 2.526 | J25: =-J16-J17 -> 2.32 | L25: =-L16-L17 -> 2.51 | N25: =-N16-N17 -> 3.054 | P25: =-P16-P17 -> 10.41 | R25: =-R16-R17 -> 2.607 | T25: =-T16-T17 -> 2.611 | V25: =-V16-V17 -> 2.45 | X25: =-X16-X17 -> 2.499 | Z25: =-Z16-Z17 -> 10.167 | AB25: =-AB16-AB17 -> 3.356
A26: Fair value adjustment to deferred services cost | B26: =-B18 -> 0 | D26: =-D18 -> 0 | F26: =-F18 -> 0 | H26: =-H18 -> 0 | J26: =-J18 -> 0 | L26: =-L18 -> 0 | N26: =-N18 -> -0.065 | P26: =-P18 -> -0.065 | R26: =-R18 -> -0.106 | T26: =-T18 -> -0.151 | V26: =-V18 -> -0.135 | X26: -0.134 | Z26: =-Z18 -> -0.526 | AB26: =-AB18 -> -0.132
A27: Amortization of acquired intangible assets | B27: =-B19-B20 -> 15.393 | D27: =-D19-D20 -> 15.819 | F27: =-F19-F20 -> 18.586 | H27: =-H19-H20 -> 4.497 | J27: =-J19-J20 -> 4.407 | L27: =-L19-L20 -> 4.415 | N27: =-N19-N20 -> 4.793 | P27: =-P19-P20 -> 18.112 | R27: =-R19-R20 -> 4.767 | T27: =-T19-T20 -> 4.714 | V27: =-V19-V20 -> 4.957 | X27: 4.964 | Z27: =-Z19-Z20 -> 19.402 | AB27: =-AB19-AB20 -> 5.127
A28: Non-GAAP gross profit | B28: ='Non-GAAP Income Statement'!B20 -> 835.927 | D28: ='Non-GAAP Income Statement'!D20 -> 910.793 | F28: ='Non-GAAP Income Statement'!F20 -> 951.602 | H28: ='Non-GAAP Income Statement'!H20 -> 238.992 | J28: ='Non-GAAP Income Statement'!J20 -> 241.63 | L28: ='Non-GAAP Income Statement'!L20 -> 252.483 | N28: ='Non-GAAP Income Statement'!N20 -> 279.885 | P28: ='Non-GAAP Income Statement'!P20 -> 1012.99 | R28: ='Non-GAAP Income Statement'!R20 -> 241.172 | T28: ='Non-GAAP Income Statement'!T20 -> 236.372 | V28: ='Non-GAAP Income Statement'!V20 -> 231.795 | X28: ='Non-GAAP Income Statement'!X20 -> 244.081 | Z28: ='Non-GAAP Income Statement'!Z20 -> 953.42 | AB28: ='Non-GAAP Income Statement'!AB20 -> 219.718
A30: GAAP gross margin | B30: ='GAAP Income Statement'!B41 -> 0.69427284 | D30: ='GAAP Income Statement'!D41 -> 0.703644 | F30: ='GAAP Income Statement'!F41 -> 0.71161409 | H30: ='GAAP Income Statement'!H41 -> 0.71391552 | J30: ='GAAP Income Statement'!J41 -> 0.71464253 | L30: ='GAAP Income Statement'!L41 -> 0.72945098 | N30: ='GAAP Income Statement'!N41 -> 0.73860947 | P30: ='GAAP Income Statement'!P41 -> 0.72461895 | R30: ='GAAP Income Statement'!R41 -> 0.71441301 | T30: ='GAAP Income Statement'!T41 -> 0.7260465 | V30: ='GAAP Income Statement'!V41 -> 0.73813066 | X30: ='GAAP Income Statement'!X41 -> 0.75569476 | Z30: ='GAAP Income Statement'!Z41 -> 0.7333311 | AB30: ='GAAP Income Statement'!AB41 -> 0.72459684
A31: Fair value adjustment of acquired deferred revenue | B31: =+B24/B$8 -> 0.0022331739 | D31: =+D24/D$8 -> 0.001979009 | F31: =+F24/F$8 -> 0.0023462728 | H31: =+H24/H$8 -> 0 | J31: =+J24/J$8 -> 0 | L31: =+L24/L$8 -> 0 | N31: =+N24/N$8 -> 0.0034059797 | P31: =+P24/P$8 -> 0.00092043506 | R31: =+R24/R$8 -> 0.0043141328 | T31: =+T24/T$8 -> 0.0036069133 | V31: =+V24/V$8 -> 0.0025930923 | X31: =+X24/X$8 -> 0.0017468199 | Z31: =+Z24/Z$8 -> 0.0030822742 | AB31: =+AB24/AB$8 -> 0.001707804
A32: Stock-based compensation expense | B32: =+B25/B$8 -> 0.0066386792 | D32: =+D25/D$8 -> 0.0071180612 | F32: =+F25/F$8 -> 0.0073279471 | H32: =+H25/H$8 -> 0.0077741017 | J32: =+J25/J$8 -> 0.0070581077 | L32: =+L25/L$8 -> 0.007456169 | N32: =+N25/N$8 -> 0.0083281521 | P32: =+P25/P$8 -> 0.0076715204 | R32: =+R25/R$8 -> 0.008010644 | T32: =+T25/T$8 -> 0.0083121365 | V32: =+V25/V$8 -> 0.0080827942 | X32: =+X25/X$8 -> 0.0079950603 | Z32: =+Z25/Z$8 -> 0.0080996334 | AB32: =+AB25/AB$8 -> 0.011531972
A33: Fair value adjustment to deferred services cost | B33: =+B26/B$8 -> 0 | D33: =+D26/D$8 -> 0 | F33: =+F26/F$8 -> 0 | H33: =+H26/H$8 -> 0 | J33: =+J26/J$8 -> 0 | L33: =+L26/L$8 -> 0 | N33: =+N26/N$8 -> -0.00017725275 | P33: =+P26/P$8 -> -4.7900944e-05 | R33: =+R26/R$8 -> -0.00032571088 | T33: =+T26/T$8 -> -0.00048070954 | V33: =+V26/V$8 -> -0.00044537846 | X33: =+X26/X$8 -> -0.00042870671 | Z33: =+Z26/Z$8 -> -0.0004190427 | AB33: =+AB26/AB$8 -> -0.00045358175
A34: Amortization of acquired intangible assets | B34: =+B27/B$8 -> 0.013190808 | D34: =+D27/D$8 -> 0.012597965 | F34: =+F27/F$8 -> 0.014368311 | H34: =+H27/H$8 -> 0.013840117 | J34: =+J27/J$8 -> 0.013407362 | L34: =+L27/L$8 -> 0.013115134 | N34: =+N27/N$8 -> 0.013070345 | P34: =+P27/P$8 -> 0.013347414 | R34: =+R27/R$8 -> 0.014647771 | T34: =+T27/T$8 -> 0.015007051 | V34: =+V27/V$8 -> 0.016353637 | X34: =+X27/X$8 -> 0.015881344 | Z34: =+Z27/Z$8 -> 0.01545678 | AB34: =+AB27/AB$8 -> 0.017617527
A35: Non-GAAP gross margin | B35: ='Non-GAAP Income Statement'!B41 -> 0.71473937 | D35: ='Non-GAAP Income Statement'!D41 -> 0.72390642 | F35: ='Non-GAAP Income Statement'!F41 -> 0.73393461 | H35: ='Non-GAAP Income Statement'!H41 -> 0.73552974 | J35: ='Non-GAAP Income Statement'!J41 -> 0.735108 | L35: ='Non-GAAP Income Statement'!L41 -> 0.75002228 | N35: ='Non-GAAP Income Statement'!N41 -> 0.76064595 | P35: ='Non-GAAP Income Statement'!P41 -> 0.74582393 | R35: ='Non-GAAP Income Statement'!R41 -> 0.73787655 | T35: ='Non-GAAP Income Statement'!T41 -> 0.74978747 | V35: ='Non-GAAP Income Statement'!V41 -> 0.76273696 | X35: ='Non-GAAP Income Statement'!X41 -> 0.77952758 | Z35: ='Non-GAAP Income Statement'!Z41 -> 0.7572168 | AB35: ='Non-GAAP Income Statement'!AB41 -> 0.75371337
A37: GAAP sales and marketing expense | B37: ='GAAP Income Statement'!B22 -> 355.693 | D37: ='GAAP Income Statement'!D22 -> 385.872 | F37: ='GAAP Income Statement'!F22 -> 373.375 | H37: ='GAAP Income Statement'!H22 -> 87.335 | J37: ='GAAP Income Statement'!J22 -> 88.722 | L37: ='GAAP Income Statement'!L22 -> 93.59 | N37: ='GAAP Income Statement'!N22 -> 97.807 | P37: ='GAAP Income Statement'!P22 -> 367.454 | R37: ='GAAP Income Statement'!R22 -> 89.484 | T37: ='GAAP Income Statement'!T22 -> 83.865 | V37: ='GAAP Income Statement'!V22 -> 88.353 | X37: ='GAAP Income Statement'!X22 -> 85.092 | Z37: ='GAAP Income Statement'!Z22 -> 346.794 | AB37: ='GAAP Income Statement'!AB22 -> 82.429
A38: Stock-based compensation expense | B38: =+B39-B37 -> -11.428 | D38: =+D39-D37 -> -15.605 | F38: =+F39-F37 -> -13.94 | H38: =+H39-H37 -> -3.253 | J38: =+J39-J37 -> -3.547 | L38: =+L39-L37 -> -3.645 | N38: =+N39-N37 -> -2.894 | P38: =+P39-P37 -> -13.339 | R38: =+R39-R37 -> -3.201 | T38: =+T39-T37 -> -3.545 | V38: =+V39-V37 -> -4.075 | X38: =+X39-X37 -> -3.368 | Z38: =+Z39-Z37 -> -14.189 | AB38: =+AB39-AB37 -> -4.282
A39: Non-GAAP sales and marketing expense | B39: ='Non-GAAP Income Statement'!B22 -> 344.265 | D39: ='Non-GAAP Income Statement'!D22 -> 370.267 | F39: ='Non-GAAP Income Statement'!F22 -> 359.435 | H39: ='Non-GAAP Income Statement'!H22 -> 84.082 | J39: ='Non-GAAP Income Statement'!J22 -> 85.175 | L39: ='Non-GAAP Income Statement'!L22 -> 89.945 | N39: ='Non-GAAP Income Statement'!N22 -> 94.913 | P39: ='Non-GAAP Income Statement'!P22 -> 354.115 | R39: ='Non-GAAP Income Statement'!R22 -> 86.283 | T39: ='Non-GAAP Income Statement'!T22 -> 80.32 | V39: ='Non-GAAP Income Statement'!V22 -> 84.278 | X39: ='Non-GAAP Income Statement'!X22 -> 81.724 | Z39: ='Non-GAAP Income Statement'!Z22 -> 332.605 | AB39: ='Non-GAAP Income Statement'!AB22 -> 78.147
A41: GAAP research and development expense | B41: ='GAAP Income Statement'!B23 -> 211.406 | D41: ='GAAP Income Statement'!D23 -> 214.96 | F41: ='GAAP Income Statement'!F23 -> 221.918 | H41: ='GAAP Income Statement'!H23 -> 53.073 | J41: ='GAAP Income Statement'!J23 -> 55.631 | L41: ='GAAP Income Statement'!L23 -> 57.405 | N41: ='GAAP Income Statement'!N23 -> 60.387 | P41: ='GAAP Income Statement'!P23 -> 226.496 | R41: ='GAAP Income Statement'!R23 -> 61.097 | T41: ='GAAP Income Statement'!T23 -> 60.158 | V41: ='GAAP Income Statement'!V23 -> 54.078 | X41: ='GAAP Income Statement'!X23 -> 52.18 | Z41: ='GAAP Income Statement'!Z23 -> 227.513 | AB41: ='GAAP Income Statement'!AB23 -> 57.669
A42: Stock-based compensation expense | B42: =+B43-B41 -> -8.547 | D42: =+D43-D41 -> -8.761 | F42: =+F43-F41 -> -8.59 | H42: =+H43-H41 -> -2.689 | J42: =+J43-J41 -> -2.147 | L42: =+L43-L41 -> -2.231 | N42: =+N43-N41 -> -3.052 | P42: =+P43-P41 -> -10.119 | R42: =+R43-R41 -> -3.086 | T42: =+T43-T41 -> -3.001 | V42: =+V43-V41 -> -2.928 | X42: =+X43-X41 -> -2.608 | Z42: =+Z43-Z41 -> -11.623 | AB42: =+AB43-AB41 -> -2.513
A43: Non-GAAP research and development expense | B43: ='Non-GAAP Income Statement'!B23 -> 202.859 | D43: ='Non-GAAP Income Statement'!D23 -> 206.199 | F43: ='Non-GAAP Income Statement'!F23 -> 213.328 | H43: ='Non-GAAP Income Statement'!H23 -> 50.384 | J43: ='Non-GAAP Income Statement'!J23 -> 53.484 | L43: ='Non-GAAP Income Statement'!L23 -> 55.174 | N43: ='Non-GAAP Income Statement'!N23 -> 57.335 | P43: ='Non-GAAP Income Statement'!P23 -> 216.377 | R43: ='Non-GAAP Income Statement'!R23 -> 58.011 | T43: ='Non-GAAP Income Statement'!T23 -> 57.157 | V43: ='Non-GAAP Income Statement'!V23 -> 51.15 | X43: ='Non-GAAP Income Statement'!X23 -> 49.572 | Z43: ='Non-GAAP Income Statement'!Z23 -> 215.89 | AB43: ='Non-GAAP Income Statement'!AB23 -> 55.156
A45: GAAP general and administrative expense | B45: ='GAAP Income Statement'!B24 -> 107.649 | D45: ='GAAP Income Statement'!D24 -> 109.392 | F45: ='GAAP Income Statement'!F24 -> 119.202 | H45: ='GAAP Income Statement'!H24 -> 27.834 | J45: ='GAAP Income Statement'!J24 -> 31.352 | L45: ='GAAP Income Statement'!L24 -> 31.667 | N45: ='GAAP Income Statement'!N24 -> 41.372 | P45: ='GAAP Income Statement'!P24 -> 132.225 | R45: ='GAAP Income Statement'!R24 -> 35.13 | T45: ='GAAP Income Statement'!T24 -> 32.394 | V45: ='GAAP Income Statement'!V24 -> 46.201 | X45: ='GAAP Income Statement'!X24 -> 111.322 | Z45: ='GAAP Income Statement'!Z24 -> 225.047 | AB45: ='GAAP Income Statement'!AB24 -> 38.567
A46: Stock-based compensation expense | B46: -17.68 | D46: -18.001 | F46: -16.778 | H46: -4.296 | J46: -4.552 | L46: -4.146 | N46: -3.925 | P46: =SUM(H46,J46,L46,N46) -> -16.919 | R46: -2.348 | T46: -3.665 | V46: -4.618 | X46: -3.572 | Z46: =SUM(R46,T46,V46,X46) -> -14.203 | AB46: -13.038
A47: Acquisition-related costs | B47: -7.761 | D47: -3.833 | F47: -9.855 | H47: -1.305 | J47: -3.935 | L47: -1.528 | N47: -6.328 | P47: =SUM(H47,J47,L47,N47) -> -13.096 | R47: -4.033 | T47: -1.892 | V47: -2.778 | X47: -0.21 | Z47: =SUM(R47,T47,V47,X47) -> -8.913 | AB47: -1.207
A48: US pension plan termination-related costs | B48: 0 | D48: 0 | F48: 0 | H48: 0 | J48: 0 | L48: 0 | N48: 0 | P48: 0 | R48: -1.684 | T48: -1.713 | V48: -1.995 | X48: -67.779 | Z48: =SUM(R48,T48,V48,X48) -> -73.171 | AB48: 0
A49: Pending legal settlement accrual | B49: 0 | D49: 0 | F49: 0 | H49: 0 | J49: 0 | L49: 0 | N49: 0 | P49: 0 | R49: 0 | T49: 0 | V49: -13.622 | X49: -14.54 | Z49: =SUM(R49,T49,V49,X49) -> -28.162 | AB49: 0
A50: Non-GAAP general and administrative expense | B50: ='Non-GAAP Income Statement'!B24 -> 82.208 | D50: ='Non-GAAP Income Statement'!D24 -> 87.558 | F50: ='Non-GAAP Income Statement'!F24 -> 92.569 | H50: ='Non-GAAP Income Statement'!H24 -> 22.233 | J50: ='Non-GAAP Income Statement'!J24 -> 22.865 | L50: ='Non-GAAP Income Statement'!L24 -> 25.993 | N50: ='Non-GAAP Income Statement'!N24 -> 31.119 | P50: ='Non-GAAP Income Statement'!P24 -> 102.21 | R50: ='Non-GAAP Income Statement'!R24 -> 27.065 | T50: ='Non-GAAP Income Statement'!T24 -> 25.124 | V50: ='Non-GAAP Income Statement'!V24 -> 23.188 | X50: ='Non-GAAP Income Statement'!X24 -> 25.221 | Z50: ='Non-GAAP Income Statement'!Z24 -> 100.598 | AB50: ='Non-GAAP Income Statement'!AB24 -> 24.322
A52: GAAP operating income (loss) | B52: ='GAAP Income Statement'!B28 -> 117.114 | D52: ='GAAP Income Statement'!D28 -> 128.096 | F52: ='GAAP Income Statement'!F28 -> 127.324 | H52: ='GAAP Income Statement'!H28 -> 54.871 | J52: ='GAAP Income Statement'!J28 -> 51.213 | L52: ='GAAP Income Statement'!L28 -> 54.384 | N52: ='GAAP Income Statement'!N28 -> 36.108 | P52: ='GAAP Income Statement'!P28 -> 196.576 | R52: ='GAAP Income Statement'!R28 -> 37.631 | T52: ='GAAP Income Statement'!T28 -> 3.988 | V52: ='GAAP Income Statement'!V28 -> 21.607 | X52: ='GAAP Income Statement'!X28 -> -21.61 | Z52: ='GAAP Income Statement'!Z28 -> 41.616 | AB52: ='GAAP Income Statement'!AB28 -> -13.292
A53: Fair value adjustment of acquired deferred revenue | B53: =+B9+B10+B12 -> 2.606 | D53: =+D9+D10+D12 -> 2.485 | F53: =+F9+F10+F12 -> 3.035 | H53: =+H9+H10+H12 -> 0 | J53: =+J9+J10+J12 -> 0 | L53: =+L9+L10+L12 -> 0 | N53: =+N9+N10+N12 -> 0.961 | P53: =+P9+P10+P12 -> 0.961 | R53: =+R9+R10+R12 -> 1.404 | T53: =+T9+T10+T12 -> 1.133 | V53: =+V9+V10+V12 -> 0.786 | X53: =+X9+X10+X12 -> 0.546 | Z53: =+Z9+Z10+Z12 -> 3.869 | AB53: =+AB9+AB10+AB12 -> 0.497
A54: Stock-based compensation expense | B54: =-B16-B17-B38-B42-B46 -> 45.402 | D54: =-D16-D17-D38-D42-D46 -> 51.305 | F54: =-F16-F17-F38-F42-F46 -> 48.787 | H54: =-H16-H17-H38-H42-H46 -> 12.764 | J54: =-J16-J17-J38-J42-J46 -> 12.566 | L54: =-L16-L17-L38-L42-L46 -> 12.532 | N54: =-N16-N17-N38-N42-N46 -> 12.925 | P54: =-P16-P17-P38-P42-P46 -> 50.787 | R54: =-R16-R17-R38-R42-R46 -> 11.242 | T54: =-T16-T17-T38-T42-T46 -> 12.822 | V54: =-V16-V17-V38-V42-V46 -> 14.071 | X54: =-X16-X17-X38-X42-X46 -> 12.047 | Z54: =-Z16-Z17-Z38-Z42-Z46 -> 50.182 | AB54: =-AB16-AB17-AB38-AB42-AB46 -> 23.189
A55: Fair value adjustment to deferred services cost | B55: =-B18 -> 0 | D55: =-D18 -> 0 | F55: =-F18 -> 0 | H55: =-H18 -> 0 | J55: =-J18 -> 0 | L55: =-L18 -> 0 | N55: =-N18 -> -0.065 | P55: =-P18 -> -0.065 | R55: =-R18 -> -0.106 | T55: =-T18 -> -0.151 | V55: =-V18 -> -0.135 | X55: =-X18 -> -0.134 | Z55: =-Z18 -> -0.526 | AB55: =-AB18 -> -0.132
A56: Acquisition-related costs | B56: =-B47 -> 7.761 | D56: =-D47 -> 3.833 | F56: =-F47 -> 9.855 | H56: =-H47 -> 1.305 | J56: =-J47 -> 3.935 | L56: =-L47 -> 1.528 | N56: =-N47 -> 6.328 | P56: =-P47 -> 13.096 | R56: =-R47 -> 4.033 | T56: =-T47 -> 1.892 | V56: =-V47 -> 2.778 | X56: =-X47 -> 0.21 | Z56: =-Z47 -> 8.913 | AB56: =-AB47 -> 1.207
A57: US pension plan termination-related costs | B57: 0 | D57: 0 | F57: 0 | H57: 0 | J57: 0 | L57: 0 | N57: 0 | P57: 0 | R57: 1.684 | T57: 1.713 | V57: 1.995 | X57: =-X48 -> 67.779 | Z57: =SUM(R57,T57,V57,X57) -> 73.171 | AB57: =-AB48 -> 0
A58: Pending legal settlement accrual | B58: 0 | D58: 0 | F58: 0 | H58: 0 | J58: 0 | L58: 0 | N58: 0 | P58: 0 | R58: 0 | T58: 0 | V58: =-V49 -> 13.622 | X58: =-X49 -> 14.54 | Z58: =SUM(R58,T58,V58,X58) -> 28.162 | AB58: =-AB49 -> 0
A59: Restructuring and other charges (credits) | B59: ='GAAP Income Statement'!B26 -> 0 | D59: ='GAAP Income Statement'!D26 -> 24.928 | F59: ='GAAP Income Statement'!F26 -> 52.197 | H59: ='GAAP Income Statement'!H26 -> 1.067 | J59: ='GAAP Income Statement'!J26 -> 0 | L59: ='GAAP Income Statement'!L26 -> 0.514 | N59: ='GAAP Income Statement'!N26 -> 26.825 | P59: ='GAAP Income Statement'!P26 -> 28.406 | R59: ='GAAP Income Statement'!R26 -> -0.255 | T59: ='GAAP Income Statement'!T26 -> 38.487 | V59: ='GAAP Income Statement'!V26 -> 4.393 | X59: ='GAAP Income Statement'!X26 -> 0.784 | Z59: ='GAAP Income Statement'!Z26 -> 43.409 | AB59: ='GAAP Income Statement'!AB26 -> 37.147
A60: Amortization of acquired intangible assets | B60: =-B20-B19+'GAAP Income Statement'!B25 -> 33.712 | D60: =-D20-D19+'GAAP Income Statement'!D25 -> 36.122 | F60: =-F20-F19+'GAAP Income Statement'!F25 -> 45.072 | H60: =-H20-H19+'GAAP Income Statement'!H25 -> 12.286 | J60: =-J20-J19+'GAAP Income Statement'!J25 -> 12.392 | L60: =-L20-L19+'GAAP Income Statement'!L25 -> 12.413 | N60: =-N20-N19+'GAAP Income Statement'!N25 -> 13.148 | P60: =-P20-P19+'GAAP Income Statement'!P25 -> 50.239 | R60: =-R20-R19+'GAAP Income Statement'!R25 -> 14.18 | T60: =-T20-T19+'GAAP Income Statement'!T25 -> 13.887 | V60: =-V20-V19+'GAAP Income Statement'!V25 -> 14.062 | X60: =-X20-X19+'GAAP Income Statement'!X25 -> 13.402 | Z60: =-Z20-Z19+'GAAP Income Statement'!Z25 -> 55.531 | AB60: =-AB20-AB19+'GAAP Income Statement'!AB25 -> 13.477
A61: Non-GAAP operating income (loss) | B61: ='Non-GAAP Income Statement'!B28 -> 206.595 | D61: ='Non-GAAP Income Statement'!D28 -> 246.769 | F61: ='Non-GAAP Income Statement'!F28 -> 286.27 | H61: ='Non-GAAP Income Statement'!H28 -> 82.293 | J61: ='Non-GAAP Income Statement'!J28 -> 80.106 | L61: ='Non-GAAP Income Statement'!L28 -> 81.371 | N61: ='Non-GAAP Income Statement'!N28 -> 96.518 | P61: ='Non-GAAP Income Statement'!P28 -> 340.288 | R61: ='Non-GAAP Income Statement'!R28 -> 69.813 | T61: ='Non-GAAP Income Statement'!T28 -> 73.771 | V61: ='Non-GAAP Income Statement'!V28 -> 73.179 | X61: ='Non-GAAP Income Statement'!X28 -> 87.564 | Z61: ='Non-GAAP Income Statement'!Z28 -> 304.327 | AB61: ='Non-GAAP Income Statement'!AB28 -> 62.093
A63: GAAP operating margin | B63: ='GAAP Income Statement'!B44 -> 0.10035914 | D63: ='GAAP Income Statement'!D44 -> 0.10201333 | F63: ='GAAP Income Statement'!F44 -> 0.098430587 | H63: ='GAAP Income Statement'!H44 -> 0.16887282 | J63: ='GAAP Income Statement'!J44 -> 0.15580469 | L63: ='GAAP Income Statement'!L44 -> 0.16155231 | N63: ='GAAP Income Statement'!N44 -> 0.098465264 | P63: ='GAAP Income Statement'!P44 -> 0.14486425 | R63: ='GAAP Income Statement'!R44 -> 0.11563043 | T63: ='GAAP Income Statement'!T44 -> 0.012695825 | V63: ='GAAP Income Statement'!V44 -> 0.071283647 | X63: ='GAAP Income Statement'!X44 -> -0.069136956 | Z63: ='GAAP Income Statement'!Z44 -> 0.033153766 | AB63: ='GAAP Income Statement'!AB44 -> -0.045674308
A64: Fair value adjustment of acquired deferred revenue | B64: =+B53/'GAAP Income Statement'!B15 -> 0.0022331739 | D64: =+D53/'GAAP Income Statement'!D15 -> 0.001979009 | F64: =+F53/'GAAP Income Statement'!F15 -> 0.0023462728 | H64: =+H53/'GAAP Income Statement'!H15 -> 0 | J64: =+J53/'GAAP Income Statement'!J15 -> 0 | L64: =+L53/'GAAP Income Statement'!L15 -> 0 | N64: =+N53/'GAAP Income Statement'!N15 -> 0.0026206137 | P64: =+P53/'GAAP Income Statement'!P15 -> 0.00070819703 | R64: =+R53/'GAAP Income Statement'!R15 -> 0.0043141328 | T64: =+T53/'GAAP Income Statement'!T15 -> 0.0036069133 | V64: =+V53/'GAAP Income Statement'!V15 -> 0.0025930923 | X64: =+X53/'GAAP Income Statement'!X15 -> 0.0017468199 | Z64: =+Z53/'GAAP Income Statement'!Z15 -> 0.0030822742 | AB64: =+AB53/'GAAP Income Statement'!AB15 -> 0.001707804
A65: Stock-based compensation expense | B65: =+B54/'GAAP Income Statement'!B15 -> 0.038906585 | D65: =+D54/'GAAP Income Statement'!D15 -> 0.040858372 | F65: =+F54/'GAAP Income Statement'!F15 -> 0.037715851 | H65: =+H54/'GAAP Income Statement'!H15 -> 0.039282911 | J65: =+J54/'GAAP Income Statement'!J15 -> 0.038229389 | L65: =+L54/'GAAP Income Statement'!L15 -> 0.037227375 | N65: =+N54/'GAAP Income Statement'!N15 -> 0.035246027 | P65: =+P54/'GAAP Income Statement'!P15 -> 0.03742685 | R65: =+R54/'GAAP Income Statement'!R15 -> 0.03454379 | T65: =+T54/'GAAP Income Statement'!T15 -> 0.040818925 | V65: =+V54/'GAAP Income Statement'!V15 -> 0.046421632 | X65: =+X54/'GAAP Income Statement'!X15 -> 0.038542013 | Z65: =+Z54/'GAAP Income Statement'!Z15 -> 0.039977948 | AB65: =+AB54/'GAAP Income Statement'!AB15 -> 0.07968263
A66: Fair value adjustment to deferred services cost | B66: =+B55/'GAAP Income Statement'!B15 -> 0 | D66: =+D55/'GAAP Income Statement'!D15 -> 0 | F66: =+F55/'GAAP Income Statement'!F15 -> 0 | H66: =+H55/'GAAP Income Statement'!H15 -> 0 | J66: =+J55/'GAAP Income Statement'!J15 -> 0 | L66: =+L55/'GAAP Income Statement'!L15 -> 0 | N66: =+N55/'GAAP Income Statement'!N15 -> -0.00017725275 | P66: =+P55/'GAAP Income Statement'!P15 -> -4.7900944e-05 | R66: =+R55/'GAAP Income Statement'!R15 -> -0.00032571088 | T66: =+T55/'GAAP Income Statement'!T15 -> -0.00048070954 | V66: =+V55/'GAAP Income Statement'!V15 -> -0.00044537846 | X66: =+X55/'GAAP Income Statement'!X15 -> -0.00042870671 | Z66: =+Z55/'GAAP Income Statement'!Z15 -> -0.0004190427 | AB66: =+AB55/'GAAP Income Statement'!AB15 -> -0.00045358175
A67: Acquisition-related costs | B67: =+B56/'GAAP Income Statement'!B15 -> 0.0066506763 | D67: =+D56/'GAAP Income Statement'!D15 -> 0.0030525317 | F67: =+F56/'GAAP Income Statement'!F15 -> 0.0076186221 | H67: =+H56/'GAAP Income Statement'!H15 -> 0.0040163115 | J67: =+J56/'GAAP Income Statement'!J15 -> 0.011971402 | L67: =+L56/'GAAP Income Statement'!L15 -> 0.0045390543 | N67: =+N56/'GAAP Income Statement'!N15 -> 0.017256237 | P67: =+P56/'GAAP Income Statement'!P15 -> 0.0096509348 | R67: =+R56/'GAAP Income Statement'!R15 -> 0.012392377 | T67: =+T56/'GAAP Income Statement'!T15 -> 0.006023195 | V67: =+V56/'GAAP Income Statement'!V15 -> 0.0091648989 | X67: =+X56/'GAAP Income Statement'!X15 -> 0.0006718538 | Z67: =+Z56/'GAAP Income Statement'!Z15 -> 0.0071006228 | AB67: =+AB56/'GAAP Income Statement'!AB15 -> 0.004147524
A68: US pension plan termination-related costs | B68: =+B57/'GAAP Income Statement'!B15 -> 0 | D68: =+D57/'GAAP Income Statement'!D15 -> 0 | F68: =+F57/'GAAP Income Statement'!F15 -> 0 | H68: =+H57/'GAAP Income Statement'!H15 -> 0 | J68: =+J57/'GAAP Income Statement'!J15 -> 0 | L68: =+L57/'GAAP Income Statement'!L15 -> 0 | N68: =+N57/'GAAP Income Statement'!N15 -> 0 | P68: =+P57/'GAAP Income Statement'!P15 -> 0 | R68: =+R57/'GAAP Income Statement'!R15 -> 0.0051745011 | T68: =+T57/'GAAP Income Statement'!T15 -> 0.0054533473 | V68: =+V57/'GAAP Income Statement'!V15 -> 0.0065817039 | X68: =+X57/'GAAP Income Statement'!X15 -> 0.21684561 | Z68: =+Z57/'GAAP Income Statement'!Z15 -> 0.058292345 | AB68: =+AB57/'GAAP Income Statement'!AB15 -> 0
A69: Pending legal settlement accrual | B69: =+B58/'GAAP Income Statement'!B15 -> 0 | D69: =+D58/'GAAP Income Statement'!D15 -> 0 | F69: =+F58/'GAAP Income Statement'!F15 -> 0 | H69: =+H58/'GAAP Income Statement'!H15 -> 0 | J69: =+J58/'GAAP Income Statement'!J15 -> 0 | L69: =+L58/'GAAP Income Statement'!L15 -> 0 | N69: =+N58/'GAAP Income Statement'!N15 -> 0 | P69: =+P58/'GAAP Income Statement'!P15 -> 0 | R69: =+R58/'GAAP Income Statement'!R15 -> 0 | T69: =+T58/'GAAP Income Statement'!T15 -> 0 | V69: =+V58/'GAAP Income Statement'!V15 -> 0.044940336 | X69: =+X58/'GAAP Income Statement'!X15 -> 0.046517878 | Z69: =+Z58/'GAAP Income Statement'!Z15 -> 0.022435514 | AB69: =+AB58/'GAAP Income Statement'!AB15 -> 0
A70: Restructuring and other charges (credits) | B70: =+B59/'GAAP Income Statement'!B15 -> 0 | D70: =+D59/'GAAP Income Statement'!D15 -> 0.019852207 | F70: =+F59/'GAAP Income Statement'!F15 -> 0.040352026 | H70: =+H59/'GAAP Income Statement'!H15 -> 0.0032838347 | J70: =+J59/'GAAP Income Statement'!J15 -> 0 | L70: =+L59/'GAAP Income Statement'!L15 -> 0.0015268808 | N70: =+N59/'GAAP Income Statement'!N15 -> 0.073150845 | P70: =+P59/'GAAP Income Statement'!P15 -> 0.020933449 | R70: =+R59/'GAAP Income Statement'!R15 -> -0.00078354976 | T70: =+T59/'GAAP Income Statement'!T15 -> 0.12252363 | V70: =+V59/'GAAP Income Statement'!V15 -> 0.014492945 | X70: =+X59/'GAAP Income Statement'!X15 -> 0.0025082542 | Z70: =+Z59/'GAAP Income Statement'!Z15 -> 0.034582176 | AB70: =+AB59/'GAAP Income Statement'!AB15 -> 0.12764546
A71: Amortization of acquired intangible assets | B71: =+B60/'GAAP Income Statement'!B15 -> 0.028889009 | D71: =+D60/'GAAP Income Statement'!D15 -> 0.028766906 | F71: =+F60/'GAAP Income Statement'!F15 -> 0.03484389 | H71: =+H60/'GAAP Income Statement'!H15 -> 0.037811803 | J71: =+J60/'GAAP Income Statement'!J15 -> 0.03770003 | L71: =+L60/'GAAP Income Statement'!L15 -> 0.036873875 | N71: =+N60/'GAAP Income Statement'!N15 -> 0.03585414 | P71: =+P60/'GAAP Income Statement'!P15 -> 0.037023008 | R71: =+R60/'GAAP Income Statement'!R15 -> 0.043571512 | T71: =+T60/'GAAP Income Statement'!T15 -> 0.04420936 | V71: =+V60/'GAAP Income Statement'!V15 -> 0.04639194 | X71: =+X60/'GAAP Income Statement'!X15 -> 0.04287707 | Z71: =+Z60/'GAAP Income Statement'!Z15 -> 0.044239278 | AB71: =+AB60/'GAAP Income Statement'!AB15 -> 0.046310009
A72: Non-GAAP operating margin | B72: ='Non-GAAP Income Statement'!B44 -> 0.17664411 | D72: ='Non-GAAP Income Statement'!D44 -> 0.19613421 | F72: ='Non-GAAP Income Statement'!F44 -> 0.22078922 | H72: ='Non-GAAP Income Statement'!H44 -> 0.25326768 | J72: ='Non-GAAP Income Statement'!J44 -> 0.24370551 | L72: ='Non-GAAP Income Statement'!L44 -> 0.24171949 | N72: ='Non-GAAP Income Statement'!N44 -> 0.26230782 | P72: ='Non-GAAP Income Statement'!P44 -> 0.25054041 | R72: ='Non-GAAP Income Statement'!R44 -> 0.21359601 | T72: ='Non-GAAP Income Statement'!T44 -> 0.23400645 | V72: ='Non-GAAP Income Statement'!V44 -> 0.2408004 | X72: ='Non-GAAP Income Statement'!X44 -> 0.27965533 | Z72: ='Non-GAAP Income Statement'!Z44 -> 0.2416999 | AB72: ='Non-GAAP Income Statement'!AB44 -> 0.21300178
A74: GAAP net income (loss) | B74: ='GAAP Income Statement'!B32 -> 85.424 | D74: ='GAAP Income Statement'!D32 -> -35.398 | F74: ='GAAP Income Statement'!F32 -> 143.769 | H74: ='GAAP Income Statement'!H32 -> 39.657 | J74: ='GAAP Income Statement'!J32 -> 43.756 | L74: ='GAAP Income Statement'!L32 -> 38.026 | N74: ='GAAP Income Statement'!N32 -> 38.755 | P74: ='GAAP Income Statement'!P32 -> 160.194 | R74: ='GAAP Income Statement'!R32 -> 30.284 | T74: ='GAAP Income Statement'!T32 -> 5.392 | V74: ='GAAP Income Statement'!V32 -> 17.435 | X74: ='GAAP Income Statement'!X32 -> -5.553 | Z74: ='GAAP Income Statement'!Z32 -> 47.557 | AB74: ='GAAP Income Statement'!AB32 -> -23.892
A75: Fair value adjustment of acquired deferred revenue | B75: =+B53 -> 2.606 | D75: =+D53 -> 2.485 | F75: =+F53 -> 3.035 | H75: =+H53 -> 0 | J75: =+J53 -> 0 | L75: =+L53 -> 0 | N75: =+N53 -> 0.961 | P75: =SUM(H75,J75,L75,N75) -> 0.961 | R75: =+R53 -> 1.404 | T75: =+T53 -> 1.133 | V75: =+V53 -> 0.786 | X75: =+X53 -> 0.546 | Z75: =SUM(R75,T75,V75,X75) -> 3.869 | AB75: =+AB53 -> 0.497
A76: Stock-based compensation expense | B76: =+B54 -> 45.402 | D76: =+D54 -> 51.305 | F76: =+F54 -> 48.787 | H76: =+H54 -> 12.764 | J76: =+J54 -> 12.566 | L76: =+L54 -> 12.532 | N76: =+N54 -> 12.925 | P76: =SUM(H76,J76,L76,N76) -> 50.787 | R76: =+R54 -> 11.242 | T76: =+T54 -> 12.822 | V76: =+V54 -> 14.071 | X76: =+X54 -> 12.047 | Z76: =SUM(R76,T76,V76,X76) -> 50.182 | AB76: =+AB54 -> 23.189
A77: Fair value adjustment to deferred services cost | B77: =+B55 -> 0 | D77: =+D55 -> 0 | F77: =+F55 -> 0 | H77: =+H55 -> 0 | J77: =+J55 -> 0 | L77: =+L55 -> 0 | N77: =+N55 -> -0.065 | P77: =SUM(H77,J77,L77,N77) -> -0.065 | R77: =+R55 -> -0.106 | T77: =+T55 -> -0.151 | V77: =+V55 -> -0.135 | X77: =+X55 -> -0.134 | Z77: =SUM(R77,T77,V77,X77) -> -0.526 | AB77: =+AB55 -> -0.132
A78: Acquisition-related costs | B78: =+B56 -> 7.761 | D78: =+D56 -> 3.833 | F78: =+F56 -> 9.855 | H78: =+H56 -> 1.305 | J78: =+J56 -> 3.935 | L78: =+L56 -> 1.528 | N78: =+N56 -> 6.328 | P78: =SUM(H78,J78,L78,N78) -> 13.096 | R78: =+R56 -> 4.033 | T78: =+T56 -> 1.892 | V78: =+V56 -> 2.778 | X78: =+X56 -> 0.21 | Z78: =SUM(R78,T78,V78,X78) -> 8.913 | AB78: =+AB56 -> 1.207
A79: US pension plan termination-related costs | B79: =+B57 -> 0 | D79: =+D57 -> 0 | F79: =+F57 -> 0 | H79: =+H57 -> 0 | J79: =+J57 -> 0 | L79: =+L57 -> 0 | N79: =+N57 -> 0 | P79: =SUM(H79,J79,L79,N79) -> 0 | R79: =+R57 -> 1.684 | T79: =+T57 -> 1.713 | V79: =+V57 -> 1.995 | X79: =+X57 -> 67.779 | Z79: =SUM(R79,T79,V79,X79) -> 73.171 | AB79: =+AB57 -> 0
A80: Pending legal settlement accrual | B80: =+B58 -> 0 | D80: =+D58 -> 0 | F80: =+F58 -> 0 | H80: =+H58 -> 0 | J80: =+J58 -> 0 | L80: =+L58 -> 0 | N80: =+N58 -> 0 | P80: =SUM(H80,J80,L80,N80) -> 0 | R80: =+R58 -> 0 | T80: =+T58 -> 0 | V80: =+V58 -> 13.622 | X80: =+X58 -> 14.54 | Z80: =SUM(R80,T80,V80,X80) -> 28.162 | AB80: =+AB58 -> 0
A81: Restructuring and other charges (credits) | B81: =+B59 -> 0 | D81: =+D59 -> 24.928 | F81: =+F59 -> 52.197 | H81: =+H59 -> 1.067 | J81: =+J59 -> 0 | L81: =+L59 -> 0.514 | N81: =+N59 -> 26.825 | P81: =SUM(H81,J81,L81,N81) -> 28.406 | R81: =+R59 -> -0.255 | T81: =+T59 -> 38.487 | V81: =+V59 -> 4.393 | X81: =+X59 -> 0.784 | Z81: =SUM(R81,T81,V81,X81) -> 43.409 | AB81: =+AB59 -> 37.147
A82: Amortization of purchased intangible assets | B82: =+B60 -> 33.712 | D82: =+D60 -> 36.122 | F82: =+F60 -> 45.072 | H82: =+H60 -> 12.286 | J82: =+J60 -> 12.392 | L82: =+L60 -> 12.413 | N82: =+N60 -> 13.148 | P82: =SUM(H82,J82,L82,N82) -> 50.239 | R82: =+R60 -> 14.18 | T82: =+T60 -> 13.887 | V82: =+V60 -> 14.062 | X82: =+X60 -> 13.402 | Z82: =SUM(R82,T82,V82,X82) -> 55.531 | AB82: =+AB60 -> 13.477
A83: Non-operating gains (losses) | B83: 5.107 | D83: 0.761 | F83: -5.717 | H83: 0 | J83: 0 | L83: 0 | N83: 0 | P83: =SUM(H83,J83,L83,N83) -> 0 | R83: 0 | T83: 0 | V83: 0 | X83: 0 | Z83: =SUM(R83,T83,V83,X83) -> 0 | AB83: 2.359
A84: Income tax adjustments | B84: -27.846 | D84: 98.827 | F84: -77.834 | H84: -6.858 | J84: -14.954 | L84: -1.275 | N84: -20.44 | P84: =SUM(H84,J84,L84,N84) -> -43.527 | R84: -3.486 | T84: -13.757 | V84: -7.309 | X84: -26.537 | Z84: =SUM(R84,T84,V84,X84)+0.001 -> -51.088 | AB84: 4.93
A85: Non-GAAP net income (loss) | B85: ='Non-GAAP Income Statement'!B32 -> 152.166 | D85: ='Non-GAAP Income Statement'!D32 -> 182.863 | F85: ='Non-GAAP Income Statement'!F32 -> 219.164 | H85: ='Non-GAAP Income Statement'!H32 -> 60.221 | J85: ='Non-GAAP Income Statement'!J32 -> 57.695 | L85: ='Non-GAAP Income Statement'!L32 -> 63.738 | N85: ='Non-GAAP Income Statement'!N32 -> 78.725 | P85: ='Non-GAAP Income Statement'!P32 -> 260.378 | R85: ='Non-GAAP Income Statement'!R32 -> 58.98 | T85: ='Non-GAAP Income Statement'!T32 -> 61.418 | V85: ='Non-GAAP Income Statement'!V32 -> 61.698 | X85: ='Non-GAAP Income Statement'!X32 -> 77.084 | Z85: ='Non-GAAP Income Statement'!Z32 -> 259.18 | AB85: ='Non-GAAP Income Statement'!AB32 -> 58.782
A87: GAAP basic net income (loss) per share | B87: ='GAAP Income Statement'!B34 -> 0.73 | D87: ='GAAP Income Statement'!D34 -> -0.3 | F87: ='GAAP Income Statement'!F34 -> 1.2 | H87: ='GAAP Income Statement'!H34 -> 0.33 | J87: ='GAAP Income Statement'!J34 -> 0.37 | L87: ='GAAP Income Statement'!L34 -> 0.32 | N87: ='GAAP Income Statement'!N34 -> 0.33 | P87: ='GAAP Income Statement'!P34 -> 1.36 | R87: ='GAAP Income Statement'!R34 -> 0.26 | T87: ='GAAP Income Statement'!T34 -> 0.05 | V87: ='GAAP Income Statement'!V34 -> 0.15 | X87: ='GAAP Income Statement'!X34 -> -0.05 | Z87: ='GAAP Income Statement'!Z34 -> 0.41 | AB87: ='GAAP Income Statement'!AB34 -> -0.21
A88: Fair value adjustment of acquired deferred revenue | B88: =+B75/'GAAP Income Statement'!B36 -> 0.022163822 | D88: =+D75/'GAAP Income Statement'!D36 -> 0.020934249 | E88: 0 | F88: =+F75/'GAAP Income Statement'!F36 -> 0.025403229 | G88: 0 | H88: =+H75/'GAAP Income Statement'!H36 -> 0 | I88: 0 | J88: =+J75/'GAAP Income Statement'!J36 -> 0 | K88: 0 | L88: =+L75/'GAAP Income Statement'!L36 -> 0 | M88: 0 | N88: =+N75/'GAAP Income Statement'!N36 -> 0.0082721459 | O88: 0 | P88: =+P75/'GAAP Income Statement'!P36 -> 0.0081375853 | Q88: 0 | R88: =+R75/'GAAP Income Statement'!R36 -> 0.012172601 | S88: 0 | T88: =+T75/'GAAP Income Statement'!T36 -> 0.0098569738 | U88: 0 | V88: =+V75/'GAAP Income Statement'!V36 -> 0.0068488376 | W88: 0 | X88: =+X75/'GAAP Income Statement'!X36 -> 0.0047898939 | Y88: 0 | Z88: =+Z75/'GAAP Income Statement'!Z36 -> 0.033709431 | AB88: =+AB75/'GAAP Income Statement'!AB36 -> 0.0043538821
A89: Stock-based compensation expense | B89: =+B76/'GAAP Income Statement'!B36 -> 0.38614038 | D89: =+D76/'GAAP Income Statement'!D36 -> 0.43220589 | F89: =+F76/'GAAP Income Statement'!F36 -> 0.40835168 | H89: =+H76/'GAAP Income Statement'!H36 -> 0.10732093 | J89: =+J76/'GAAP Income Statement'!J36 -> 0.10561616 | L89: =+L76/'GAAP Income Statement'!L36 -> 0.105909 | N89: =+N76/'GAAP Income Statement'!N36 -> 0.11125649 | P89: =+P76/'GAAP Income Statement'!P36 -> 0.43005572 | R89: =+R76/'GAAP Income Statement'!R36 -> 0.097467509 | T89: =+T76/'GAAP Income Statement'!T36 -> 0.11154997 | V89: =+V76/'GAAP Income Statement'!V36 -> 0.12260813 | X89: =+X76/'GAAP Income Statement'!X36 -> 0.10568471 | Z89: =+Z76/'GAAP Income Statement'!Z36 -> 0.43722065 | AB89: =+AB76/'GAAP Income Statement'!AB36 -> 0.20314321
A90: Fair value adjustment to deferred services cost | B90: =+B77/'GAAP Income Statement'!B36 -> 0 | D90: =+D77/'GAAP Income Statement'!D36 -> 0 | F90: =+F77/'GAAP Income Statement'!F36 -> 0 | H90: =+H77/'GAAP Income Statement'!H36 -> 0 | J90: =+J77/'GAAP Income Statement'!J36 -> 0 | L90: =+L77/'GAAP Income Statement'!L36 -> 0 | N90: =+N77/'GAAP Income Statement'!N36 -> -0.00055951039 | P90: =+P77/'GAAP Income Statement'!P36 -> -0.000550409 | R90: =+R77/'GAAP Income Statement'!R36 -> -0.00091901405 | T90: =+T77/'GAAP Income Statement'!T36 -> -0.0013136832 | V90: =+V77/'GAAP Income Statement'!V36 -> -0.0011763271 | X90: =+X77/'GAAP Income Statement'!X36 -> -0.0011755417 | Z90: =+Z77/'GAAP Income Statement'!Z36 -> -0.0045828795 | AB90: =+AB77/'GAAP Income Statement'!AB36 -> -0.0011563631
A91: Acquisition-related costs | B91: =+B78/'GAAP Income Statement'!B36 -> 0.066006685 | D91: =+D78/'GAAP Income Statement'!D36 -> 0.032290131 | F91: =+F78/'GAAP Income Statement'!F36 -> 0.082487257 | H91: =+H78/'GAAP Income Statement'!H36 -> 0.010972564 | J91: =+J78/'GAAP Income Statement'!J36 -> 0.033073341 | L91: =+L78/'GAAP Income Statement'!L36 -> 0.012913258 | N91: =+N78/'GAAP Income Statement'!N36 -> 0.054470488 | P91: =+P78/'GAAP Income Statement'!P36 -> 0.11089471 | R91: =+R78/'GAAP Income Statement'!R36 -> 0.034965884 | T91: =+T78/'GAAP Income Statement'!T36 -> 0.016460189 | V91: =+V78/'GAAP Income Statement'!V36 -> 0.024206197 | X91: =+X78/'GAAP Income Statement'!X36 -> 0.0018422669 | Z91: =+Z78/'GAAP Income Statement'!Z36 -> 0.077656284 | AB91: =+AB78/'GAAP Income Statement'!AB36 -> 0.010573714
A92: US pension plan termination-related costs | B92: =+B79/'GAAP Income Statement'!B36 -> 0 | D92: =+D79/'GAAP Income Statement'!D36 -> 0 | F92: =+F79/'GAAP Income Statement'!F36 -> 0 | H92: =+H79/'GAAP Income Statement'!H36 -> 0 | J92: =+J79/'GAAP Income Statement'!J36 -> 0 | L92: =+L79/'GAAP Income Statement'!L36 -> 0 | N92: =+N79/'GAAP Income Statement'!N36 -> 0 | P92: =+P79/'GAAP Income Statement'!P36 -> 0 | R92: =+R79/'GAAP Income Statement'!R36 -> 0.014600186 | T92: =+T79/'GAAP Income Statement'!T36 -> 0.014902909 | V92: =+V79/'GAAP Income Statement'!V36 -> 0.0173835 | X92: =+X79/'GAAP Income Statement'!X36 -> 0.59460479 | Z92: =+Z79/'GAAP Income Statement'!Z36 -> 0.63751688 | AB92: =+AB79/'GAAP Income Statement'!AB36 -> 0
A93: Pending legal settlement accrual | B93: =+B80/'GAAP Income Statement'!B36 -> 0 | D93: =+D80/'GAAP Income Statement'!D36 -> 0 | F93: =+F80/'GAAP Income Statement'!F36 -> 0 | H93: =+H80/'GAAP Income Statement'!H36 -> 0 | J93: =+J80/'GAAP Income Statement'!J36 -> 0 | L93: =+L80/'GAAP Income Statement'!L36 -> 0 | N93: =+N80/'GAAP Income Statement'!N36 -> 0 | P93: =+P80/'GAAP Income Statement'!P36 -> 0 | R93: =+R80/'GAAP Income Statement'!R36 -> 0 | T93: =+T80/'GAAP Income Statement'!T36 -> 0 | V93: =+V80/'GAAP Income Statement'!V36 -> 0.11869576 | X93: =+X80/'GAAP Income Statement'!X36 -> 0.12755505 | Z93: =+Z80/'GAAP Income Statement'!Z36 -> 0.24536702 | AB93: =+AB80/'GAAP Income Statement'!AB36 -> 0
A94: Restructuring and other charges (credits) | B94: =+B81/'GAAP Income Statement'!B36 -> 0 | D94: =+D81/'GAAP Income Statement'!D36 -> 0.20999958 | F94: =+F81/'GAAP Income Statement'!F36 -> 0.43689369 | H94: =+H81/'GAAP Income Statement'!H36 -> 0.0089714377 | J94: =+J81/'GAAP Income Statement'!J36 -> 0 | L94: =+L81/'GAAP Income Statement'!L36 -> 0.0043438578 | N94: =+N81/'GAAP Income Statement'!N36 -> 0.23090563 | P94: =+P81/'GAAP Income Statement'!P36 -> 0.2405372 | R94: =+R81/'GAAP Income Statement'!R36 -> -0.0022108357 | T94: =+T81/'GAAP Income Statement'!T36 -> 0.33483261 | V94: =+V81/'GAAP Income Statement'!V36 -> 0.038278554 | X94: =+X81/'GAAP Income Statement'!X36 -> 0.0068777963 | Z94: =+Z81/'GAAP Income Statement'!Z36 -> 0.37820954 | AB94: =+AB81/'GAAP Income Statement'!AB36 -> 0.32541984
A95: Amortization of purchased intangible assets | B95: =+B82/'GAAP Income Statement'!B36 -> 0.28671787 | D95: =+D82/'GAAP Income Statement'!D36 -> 0.30430058 | F95: =+F82/'GAAP Income Statement'!F36 -> 0.37725679 | H95: =+H82/'GAAP Income Statement'!H36 -> 0.10330186 | J95: =+J82/'GAAP Income Statement'!J36 -> 0.10415371 | L95: =+L82/'GAAP Income Statement'!L36 -> 0.10490332 | N95: =+N82/'GAAP Income Statement'!N36 -> 0.11317604 | P95: =+P82/'GAAP Income Statement'!P36 -> 0.42541535 | R95: =+R82/'GAAP Income Statement'!R36 -> 0.1229398 | T95: =+T82/'GAAP Income Statement'!T36 -> 0.12081535 | V95: =+V82/'GAAP Income Statement'!V36 -> 0.12252971 | X95: =+X82/'GAAP Income Statement'!X36 -> 0.11757172 | Z95: =+Z82/'GAAP Income Statement'!Z36 -> 0.48382487 | AB95: =+AB82/'GAAP Income Statement'!AB36 -> 0.11806292
A96: Non-operating gains (losses) | B96: =+B83/'GAAP Income Statement'!B36 -> 0.043434627 | D96: =+D83/'GAAP Income Statement'!D36 -> 0.0064108504 | F96: =+F83/'GAAP Income Statement'!F36 -> -0.047851816 | H96: =+H83/'GAAP Income Statement'!H36 -> 0 | J96: =+J83/'GAAP Income Statement'!J36 -> 0 | L96: =+L83/'GAAP Income Statement'!L36 -> 0 | N96: =+N83/'GAAP Income Statement'!N36 -> 0 | P96: =+P83/'GAAP Income Statement'!P36 -> 0 | R96: =+R83/'GAAP Income Statement'!R36 -> 0 | T96: =+T83/'GAAP Income Statement'!T36 -> 0 | V96: =+V83/'GAAP Income Statement'!V36 -> 0 | X96: =+X83/'GAAP Income Statement'!X36 -> 0 | Z96: =+Z83/'GAAP Income Statement'!Z36 -> 0 | AB96: =+AB83/'GAAP Income Statement'!AB36 -> 0.02066561
A97: Income tax adjustments | B97: =+B84/'GAAP Income Statement'!B36 -> -0.23682801 | D97: =+D84/'GAAP Income Statement'!D36 -> 0.83254286 | F97: =+F84/'GAAP Income Statement'!F36 -> -0.65147774 | H97: =+H84/'GAAP Income Statement'!H36 -> -0.057662718 | J97: =+J84/'GAAP Income Statement'!J36 -> -0.1256871 | L97: =+L84/'GAAP Income Statement'!L36 -> -0.010775134 | N97: =+N84/'GAAP Income Statement'!N36 -> -0.1759445 | P97: =+P84/'GAAP Income Statement'!P36 -> -0.36857927 | R97: =+R84/'GAAP Income Statement'!R36 -> -0.030223424 | T97: =+T84/'GAAP Income Statement'!T36 -> -0.11968437 | V97: =+V84/'GAAP Income Statement'!V36 -> -0.063687219 | X97: =+X84/'GAAP Income Statement'!X36 -> -0.23280112 | Z97: =+Z84/'GAAP Income Statement'!Z36 -> -0.44511435 | AB97: =+AB84/'GAAP Income Statement'!AB36 -> 0.043188408
A98: Non-GAAP basic net income (loss) per share | B98: =+'Non-GAAP Income Statement'!B34 -> 1.29 | D98: =+'Non-GAAP Income Statement'!D34 -> 1.54 | F98: =+'Non-GAAP Income Statement'!F34 -> 1.83 | H98: =+'Non-GAAP Income Statement'!H34 -> 0.51 | J98: =+'Non-GAAP Income Statement'!J34 -> 0.48 | L98: =+'Non-GAAP Income Statement'!L34 -> 0.54 | N98: =+'Non-GAAP Income Statement'!N34 -> 0.68 | P98: =+'Non-GAAP Income Statement'!P34 -> 2.2 | R98: =+'Non-GAAP Income Statement'!R34 -> 0.51 | T98: =+'Non-GAAP Income Statement'!T34 -> 0.53 | V98: =+'Non-GAAP Income Statement'!V34 -> 0.54 | X98: =+'Non-GAAP Income Statement'!X34 -> 0.68 | Z98: =+'Non-GAAP Income Statement'!Z34 -> 2.26 | AB98: =+'Non-GAAP Income Statement'!AB34 -> 0.51
A100: GAAP diluted net income (loss) per share | B100: ='GAAP Income Statement'!B35 -> 0.71 | D100: ='GAAP Income Statement'!D35 -> -0.3 | F100: ='GAAP Income Statement'!F35 -> 1.19 | H100: ='GAAP Income Statement'!H35 -> 0.33 | J100: ='GAAP Income Statement'!J35 -> 0.36 | L100: ='GAAP Income Statement'!L35 -> 0.32 | N100: ='GAAP Income Statement'!N35 -> 0.33 | P100: ='GAAP Income Statement'!P35 -> 1.34 | R100: ='GAAP Income Statement'!R35 -> 0.26 | T100: ='GAAP Income Statement'!T35 -> 0.05 | V100: ='GAAP Income Statement'!V35 -> 0.15 | X100: ='GAAP Income Statement'!X35 -> -0.05 | Z100: ='GAAP Income Statement'!Z35 -> 0.41 | AB100: ='GAAP Income Statement'!AB35 -> -0.21
A101: Fair value adjustment of acquired deferred revenue | B101: =+B75/'GAAP Income Statement'!B37 -> 0.021541819 | D101: =+D75/'GAAP Income Statement'!D37 -> 0.020934249 | F101: =+F75/'GAAP Income Statement'!F37 -> 0.025032992 | H101: =+H75/'GAAP Income Statement'!H37 -> 0 | J101: =+J75/'GAAP Income Statement'!J37 -> 0 | L101: =+L75/'GAAP Income Statement'!L37 -> 0 | N101: =+N75/'GAAP Income Statement'!N37 -> 0.0081251321 | P101: =+P75/'GAAP Income Statement'!P37 -> 0.0080094013 | R101: =+R75/'GAAP Income Statement'!R37 -> 0.011997231 | T101: =+T75/'GAAP Income Statement'!T37 -> 0.0097738134 | V101: =+V75/'GAAP Income Statement'!V37 -> 0.0067744021 | X101: =+X75/'GAAP Income Statement'!X37 -> 0.0047467942 | Z101: =+Z75/'GAAP Income Statement'!Z37 -> 0.033349998 | AB101: =+AB75/'GAAP Income Statement'!AB37 -> 0.0043538821
A102: Stock-based compensation expense | B102: =+B76/'GAAP Income Statement'!B37 -> 0.37530378 | D102: =+D76/'GAAP Income Statement'!D37 -> 0.43220589 | F102: =+F76/'GAAP Income Statement'!F37 -> 0.4024002 | H102: =+H76/'GAAP Income Statement'!H37 -> 0.1054005 | J102: =+J76/'GAAP Income Statement'!J37 -> 0.10411109 | L102: =+L76/'GAAP Income Statement'!L37 -> 0.10451956 | N102: =+N76/'GAAP Income Statement'!N37 -> 0.10927922 | P102: =+P76/'GAAP Income Statement'!P37 -> 0.42328144 | R102: =+R76/'GAAP Income Statement'!R37 -> 0.096063302 | T102: =+T76/'GAAP Income Statement'!T37 -> 0.11060886 | V102: =+V76/'GAAP Income Statement'!V37 -> 0.12127559 | X102: =+X76/'GAAP Income Statement'!X37 -> 0.10473375 | Z102: =+Z76/'GAAP Income Statement'!Z37 -> 0.4325587 | AB102: =+AB76/'GAAP Income Statement'!AB37 -> 0.20314321
A103: Fair value adjustment to deferred services cost | B103: =+B77/'GAAP Income Statement'!B37 -> 0 | D103: =+D77/'GAAP Income Statement'!D37 -> 0 | F103: =+F77/'GAAP Income Statement'!F37 -> 0 | H103: =+H77/'GAAP Income Statement'!H37 -> 0 | J103: =+J77/'GAAP Income Statement'!J37 -> 0 | L103: =+L77/'GAAP Income Statement'!L37 -> 0 | N103: =+N77/'GAAP Income Statement'!N37 -> -0.00054956669 | P103: =+P77/'GAAP Income Statement'!P37 -> -0.0005417389 | R103: =+R77/'GAAP Income Statement'!R37 -> -0.00090577388 | T103: =+T77/'GAAP Income Statement'!T37 -> -0.0013026 | V103: =+V77/'GAAP Income Statement'!V37 -> -0.0011635423 | X103: =+X77/'GAAP Income Statement'!X37 -> -0.0011649641 | Z103: =+Z77/'GAAP Income Statement'!Z37 -> -0.0045340137 | AB103: =+AB77/'GAAP Income Statement'!AB37 -> -0.0011563631
A104: Acquisition-related costs | B104: =+B78/'GAAP Income Statement'!B37 -> 0.064154281 | D104: =+D78/'GAAP Income Statement'!D37 -> 0.032290131 | F104: =+F78/'GAAP Income Statement'!F37 -> 0.081285054 | H104: =+H78/'GAAP Income Statement'!H37 -> 0.010776218 | J104: =+J78/'GAAP Income Statement'!J37 -> 0.032602032 | L104: =+L78/'GAAP Income Statement'!L37 -> 0.012743847 | N104: =+N78/'GAAP Income Statement'!N37 -> 0.053502431 | P104: =+P78/'GAAP Income Statement'!P37 -> 0.10914789 | R104: =+R78/'GAAP Income Statement'!R37 -> 0.034462133 | T104: =+T78/'GAAP Income Statement'!T37 -> 0.01632132 | V104: =+V78/'GAAP Income Statement'!V37 -> 0.023943116 | X104: =+X78/'GAAP Income Statement'!X37 -> 0.0018256901 | Z104: =+Z78/'GAAP Income Statement'!Z37 -> 0.076828259 | AB104: =+AB78/'GAAP Income Statement'!AB37 -> 0.010573714
A105: US pension plan termination-related costs | B105: =+B79/'GAAP Income Statement'!B37 -> 0 | D105: =+D79/'GAAP Income Statement'!D37 -> 0 | F105: =+F79/'GAAP Income Statement'!F37 -> 0 | H105: =+H79/'GAAP Income Statement'!H37 -> 0 | J105: =+J79/'GAAP Income Statement'!J37 -> 0 | L105: =+L79/'GAAP Income Statement'!L37 -> 0 | N105: =+N79/'GAAP Income Statement'!N37 -> 0 | P105: =+P79/'GAAP Income Statement'!P37 -> 0 | R105: =+R79/'GAAP Income Statement'!R37 -> 0.014389842 | T105: =+T79/'GAAP Income Statement'!T37 -> 0.014777178 | V105: =+V79/'GAAP Income Statement'!V37 -> 0.01719457 | X105: =+X79/'GAAP Income Statement'!X37 -> 0.58925451 | Z105: =+Z79/'GAAP Income Statement'!Z37 -> 0.63071924 | AB105: =+AB79/'GAAP Income Statement'!AB37 -> 0
A106: Pending legal settlement accrual | B106: =+B80/'GAAP Income Statement'!B37 -> 0 | D106: =+D80/'GAAP Income Statement'!D37 -> 0 | F106: =+F80/'GAAP Income Statement'!F37 -> 0 | H106: =+H80/'GAAP Income Statement'!H37 -> 0 | J106: =+J80/'GAAP Income Statement'!J37 -> 0 | L106: =+L80/'GAAP Income Statement'!L37 -> 0 | N106: =+N80/'GAAP Income Statement'!N37 -> 0 | P106: =+P80/'GAAP Income Statement'!P37 -> 0 | R106: =+R80/'GAAP Income Statement'!R37 -> 0 | T106: =+T80/'GAAP Income Statement'!T37 -> 0 | V106: =+V80/'GAAP Income Statement'!V37 -> 0.11740573 | X106: =+X80/'GAAP Income Statement'!X37 -> 0.1264073 | Z106: =+Z80/'GAAP Income Statement'!Z37 -> 0.24275075 | AB106: =+AB80/'GAAP Income Statement'!AB37 -> 0
A107: Restructuring and other charges (credits) | B107: =+B81/'GAAP Income Statement'!B37 -> 0 | D107: =+D81/'GAAP Income Statement'!D37 -> 0.20999958 | F107: =+F81/'GAAP Income Statement'!F37 -> 0.43052623 | H107: =+H81/'GAAP Income Statement'!H37 -> 0.0088109001 | J107: =+J81/'GAAP Income Statement'!J37 -> 0 | L107: =+L81/'GAAP Income Statement'!L37 -> 0.00428687 | N107: =+N81/'GAAP Income Statement'!N37 -> 0.22680194 | P107: =+P81/'GAAP Income Statement'!P37 -> 0.23674823 | R107: =+R81/'GAAP Income Statement'!R37 -> -0.0021789843 | T107: =+T81/'GAAP Income Statement'!T37 -> 0.33200773 | V107: =+V81/'GAAP Income Statement'!V37 -> 0.03786253 | X107: =+X81/'GAAP Income Statement'!X37 -> 0.0068159096 | Z107: =+Z81/'GAAP Income Statement'!Z37 -> 0.37417681 | AB107: =+AB81/'GAAP Income Statement'!AB37 -> 0.32541984
A108: Amortization of purchased intangible assets | B108: =+B82/'GAAP Income Statement'!B37 -> 0.27867145 | D108: =+D82/'GAAP Income Statement'!D37 -> 0.30430058 | F108: =+F82/'GAAP Income Statement'!F37 -> 0.3717585 | H108: =+H82/'GAAP Income Statement'!H37 -> 0.10145334 | J108: =+J82/'GAAP Income Statement'!J37 -> 0.10266947 | L108: =+L82/'GAAP Income Statement'!L37 -> 0.10352708 | N108: =+N82/'GAAP Income Statement'!N37 -> 0.11116466 | P108: =+P82/'GAAP Income Statement'!P37 -> 0.41871416 | R108: =+R82/'GAAP Income Statement'!R37 -> 0.12116862 | T108: =+T82/'GAAP Income Statement'!T37 -> 0.11979607 | V108: =+V82/'GAAP Income Statement'!V37 -> 0.12119802 | X108: =+X82/'GAAP Income Statement'!X37 -> 0.1165138 | Z108: =+Z82/'GAAP Income Statement'!Z37 -> 0.478666 | AB108: =+AB82/'GAAP Income Statement'!AB37 -> 0.11806292
A109: Non-operating gains (losses) | B109: =+B83/'GAAP Income Statement'!B37 -> 0.042215683 | D109: =+D83/'GAAP Income Statement'!D37 -> 0.0064108504 | F109: =+F83/'GAAP Income Statement'!F37 -> -0.047154404 | H109: =+H83/'GAAP Income Statement'!H37 -> 0 | J109: =+J83/'GAAP Income Statement'!J37 -> 0 | L109: =+L83/'GAAP Income Statement'!L37 -> 0 | N109: =+N83/'GAAP Income Statement'!N37 -> 0 | P109: =+P83/'GAAP Income Statement'!P37 -> 0 | R109: =+R83/'GAAP Income Statement'!R37 -> 0 | T109: =+T83/'GAAP Income Statement'!T37 -> 0 | V109: =+V83/'GAAP Income Statement'!V37 -> 0 | X109: =+X83/'GAAP Income Statement'!X37 -> 0 | Z109: =+Z83/'GAAP Income Statement'!Z37 -> 0 | AB109: =+AB83/'GAAP Income Statement'!AB37 -> 0.02066561
A110: Income tax adjustments | B110: =+B84/'GAAP Income Statement'!B37 -> -0.23018169 | D110: =+D84/'GAAP Income Statement'!D37 -> 0.83254286 | F110: =+F84/'GAAP Income Statement'!F37 -> -0.64198284 | H110: =+H84/'GAAP Income Statement'!H37 -> -0.056630884 | J110: =+J84/'GAAP Income Statement'!J37 -> -0.123896 | L110: =+L84/'GAAP Income Statement'!L37 -> -0.010633773 | N110: =+N84/'GAAP Income Statement'!N37 -> -0.17281759 | P110: =+P84/'GAAP Income Statement'!P37 -> -0.36277337 | R110: =+R84/'GAAP Income Statement'!R37 -> -0.029787998 | T110: =+T84/'GAAP Income Statement'!T37 -> -0.11867463 | V110: =+V84/'GAAP Income Statement'!V37 -> -0.062995044 | X110: =+X84/'GAAP Income Statement'!X37 -> -0.23070637 | Z110: =+Z84/'GAAP Income Statement'!Z37 -> -0.44036824 | AB110: =+AB84/'GAAP Income Statement'!AB37 -> 0.043188408
A111: Non-GAAP diluted net income (loss) per share | B111: =+'Non-GAAP Income Statement'!B35 -> 1.26 | D111: =+'Non-GAAP Income Statement'!D35 -> 1.51 | F111: =+'Non-GAAP Income Statement'!F35 -> 1.81 | H111: =+'Non-GAAP Income Statement'!H35 -> 0.5 | J111: =+'Non-GAAP Income Statement'!J35 -> 0.48 | L111: =+'Non-GAAP Income Statement'!L35 -> 0.53 | N111: =+'Non-GAAP Income Statement'!N35 -> 0.67 | P111: =+'Non-GAAP Income Statement'!P35 -> 2.17 | R111: =+'Non-GAAP Income Statement'!R35 -> 0.5 | T111: =+'Non-GAAP Income Statement'!T35 -> 0.53 | V111: =+'Non-GAAP Income Statement'!V35 -> 0.53 | X111: =+'Non-GAAP Income Statement'!X35 -> 0.67 | Z111: =+'Non-GAAP Income Statement'!Z35 -> 2.23 | AB111: =+'Non-GAAP Income Statement'!AB35 -> 0.51

Sheet Cash Flow
A1: Trended PTC Consolidated Statements of Cash Flows
B3: FY'11 | D3: FY'12 | F3: FY'13 | H3: FY'14 | R3: FY'15 | AB3: FY'16
B5: Yr Ended | D5: Yr Ended | F5: Yr Ended | H5: Quarter Ended | P5: Yr Ended | R5: Quarter Ended | Z5: Yr Ended | AB5: QE
B6: 40816 | D6: 41182 | F6: 41547 | H6: 41636 | J6: 41727 | L6: 41818 | N6: 41912 | P6: 41912 | R6: 42007 | T6: 42098 | V6: 42189 | X6: 41912 | Z6: 41912 | AB6: 42371
A7: (in millions)
A8: Cash flows from operating activities:
A9: Net income (loss) | B9: 85.424 | D9: -35.398 | F9: 143.769 | H9: 39.657 | J9: 43.756 | L9: 38.026 | N9: 38.755 | P9: =SUM(H9,J9,L9,N9) -> 160.194 | R9: 30.284 | T9: 5.392 | V9: 17.435 | X9: -5.553 | Z9: =SUM(R9,T9,V9,X9)-0.001 -> 47.557 | AB9: -23.892
A10: Stock-based compensation | B10: 45.402 | D10: 51.305 | F10: 48.787 | H10: 12.764 | J10: 12.566 | L10: 12.532 | N10: 13.027 | P10: =SUM(H10,J10,L10,N10) -> 50.889 | R10: 11.242 | T10: 12.822 | V10: 14.071 | X10: 12.047 | Z10: =SUM(R10,T10,V10,X10) -> 50.182 | AB10: 23.189
A11: Depreciation and amortization | B11: 62.394 | D11: 66.471 | F11: 76.551 | H11: 19.1 | J11: 19.173 | L11: 19.026 | N11: 20.008 | P11: =SUM(H11,J11,L11,N11) -> 77.307 | R11: 21.237 | T11: 20.968 | V11: 21.25 | X11: 20.978 | Z11: =SUM(R11,T11,V11,X11) -> 84.433 | AB11: 20.613
A12: Accounts receivable | B12: -32.334 | D12: 32.309 | F12: 17.312 | H12: 19.273 | J12: -2.536 | L12: -2.112 | N12: -7.071 | P12: =SUM(H12,J12,L12,N12) -> 7.554 | R12: 25.8 | T12: -3.089 | V12: 22.195 | X12: -15.183 | Z12: =SUM(R12,T12,V12,X12) -> 29.723 | AB12: 35.219
A13: Accounts payable and accruals | B13: -3.846 | D13: -7.573 | F13: 6.208 | H13: -42.862 | J13: 5.231 | L13: 9.423 | N13: 36.746 | P13: =SUM(H13,J13,L13,N13) -> 8.538 | R13: -50.918 | T13: 33.72 | V13: 7.169 | X13: =-30.327+14.54 -> -15.787 | Z13: =SUM(R13,T13,V13,X13) -> -25.816 | AB13: 10.375
A14: Deferred revenue | B14: 8.195 | D14: 14.362 | F14: 6.727 | H14: -10.827 | J14: 40.51 | L14: 25.656 | N14: -30.341 | P14: =SUM(H14,J14,L14,N14) -> 24.998 | R14: -8.776 | T14: 40.976 | V14: 19.193 | X14: -42.541 | Z14: =SUM(R14,T14,V14,X14) -> 8.852 | AB14: 1.262
A15: Pension settlement loss | B15: 0 | D15: 0 | F15: 0 | H15: 0 | J15: 0 | L15: 0 | N15: 0 | P15: =SUM(H15,J15,L15,N15) -> 0 | R15: 0 | T15: 0 | V15: 0 | X15: 66.332 | Z15: =SUM(R15,T15,V15,X15) -> 66.332 | AB15: 0
A16: Income taxes | B16: -16.132 | D16: 100.761 | F16: -54.925 | H16: 7.393 | J16: -1.514 | L16: 8.666 | N16: -15.357 | P16: =SUM(H16,J16,L16,N16) -> -0.812 | R16: -2.953 | T16: -13.612 | V16: -9.043 | X16: -27.289 | Z16: =SUM(R16,T16,V16,X16) -> -52.897 | AB16: -3.355
A17: Excess tax benefits from stock-based awards | B17: -5.398 | D17: -1.324 | F17: -0.334 | H17: -6.802 | J17: -1.29 | L17: -1.484 | N17: -0.852 | P17: =SUM(H17,J17,L17,N17) -> -10.428 | R17: -0.163 | T17: 0 | V17: 0.234 | X17: -0.095 | Z17: =SUM(R17,T17,V17,X17) -> -0.024 | AB17: -0.056
A18: Other | B18: -65.007 | D18: -2.938 | F18: -19.412 | H18: -1.454 | J18: -5.174 | L18: -3.31 | N18: -3.75 | P18: =SUM(H18,J18,L18,N18) -> -13.688 | R18: -12.121 | T18: -5.185 | V18: -5.665 | X18: -5.469 | Z18: =SUM(R18,T18,V18,X18)+0.001 -> -28.439 | AB18: -2.101
A19: Net cash provided by (used in) operating activities | B19: 78.698 | D19: 217.975 | F19: 224.683 | H19: =SUM(H9:H18) -> 36.242 | J19: =SUM(J9:J18) -> 110.722 | L19: =SUM(L9:L18) -> 106.423 | N19: =SUM(N9:N18) -> 51.165 | P19: =SUM(P9:P18) -> 304.552 | R19: =SUM(R9:R18) -> 13.632 | T19: =SUM(T9:T18) -> 91.992 | V19: =SUM(V9:V18) -> 86.839 | X19: =SUM(X9:X18) -> -12.56 | Z19: =SUM(Z9:Z18) -> 179.903 | AB19: =SUM(AB9:AB18) -> 61.254
A21: Cash flows from investing activities:
A22: Capital expenditures | B22: -27.817 | D22: -31.413 | F22: -29.328 | H22: -5.774 | J22: -4.568 | L22: -6.379 | N22: -8.554 | P22: =SUM(H22,J22,L22,N22) -> -25.275 | R22: -7.947 | T22: -6.16 | V22: -6.53 | X22: -9.991 | Z22: =SUM(R22,T22,V22,X22) -> -30.628 | AB22: -4.185
A23: Cost of acquisitions, net | B23: -280.026 | D23: -0.22 | F23: -245.843 | H23: 0 | J23: -111.519 | L23: 0 | N23: -212.006 | P23: =SUM(H23,J23,L23,N23) -> -323.525 | R23: 0.18 | T23: 0 | V23: -98.591 | X23: 0 | Z23: =SUM(R23,T23,V23,X23) -> -98.411 | AB23: -64.78
A24: Other investing activities | B24: 0 | D24: 0 | F24: 0.721 | H24: 0 | J24: 0 | L24: 0 | N24: 0 | P24: =SUM(H24,J24,L24,N24) -> 0 | R24: -1 | T24: 0 | V24: -10 | X24: 0 | Z24: =SUM(R24,T24,V24,X24) -> -11 | AB24: 0
A25: Net cash used in investing activities | B25: -307.843 | D25: -31.633 | F25: -274.45 | H25: =SUM(H22:H24) -> -5.774 | J25: =SUM(J22:J24) -> -116.087 | L25: =SUM(L22:L24) -> -6.379 | N25: =SUM(N22:N24) -> -220.56 | P25: =SUM(P22:P24) -> -348.8 | R25: =SUM(R22:R24) -> -8.767 | T25: =SUM(T22:T24) -> -6.16 | V25: =SUM(V22:V24) -> -115.121 | X25: =SUM(X22:X24) -> -9.991 | Z25: =SUM(Z22:Z24) -> -140.039 | AB25: =SUM(AB22:AB24) -> -68.965
A27: Cash flows from financing activities:
A28: Proceeds (payments) on debt, net | B28: 200 | D28: 170 | F28: -111.875 | H28: 110 | J28: -50 | L28: -3.125 | N28: 296.875 | P28: =SUM(H28,J28,L28,N28) -> 353.75 | R28: -6.25 | T28: -75 | V28: 93.75 | X28: 43.75 | Z28: =SUM(R28,T28,V28,X28) -> 56.25 | AB28: 50
A29: Proceeds from issuance of common stock | B29: 24.756 | D29: 21.21 | F29: 4.884 | H29: 0.351 | J29: 0.365 | L29: 0.085 | N29: 0.076 | P29: =SUM(H29,J29,L29,N29) -> 0.877 | R29: 0.003 | T29: 0.003 | V29: 0.032 | X29: 0.003 | Z29: =SUM(R29,T29,V29,X29) -> 0.041 | AB29: 0.001
A30: Payments of withholding taxes in connection with vesting stock-based awards | B30: -22.52 | D30: -20.967 | F30: -14.996 | H30: -19.363 | J30: -2.274 | L30: -5.112 | N30: -0.108 | P30: =SUM(H30,J30,L30,N30) -> -26.857 | R30: -21.669 | T30: -0.195 | V30: -7.253 | X30: -0.09 | Z30: =SUM(R30,T30,V30,X30) -> -29.207 | AB30: -14.833
A31: Repurchases of common stock | B31: -54.921 | D31: -34.953 | F31: -74.871 | H31: 0 | J31: -39.965 | L31: -59.95 | N31: -125 | P31: =SUM(H31,J31,L31,N31) -> -224.915 | R31: 0 | T31: 0 | V31: -49.962 | X31: -14.978 | Z31: =SUM(R31,T31,V31,X31) -> -64.94 | AB31: 0
A32: Excess tax benefits from stock-based awards | B32: 5.398 | D32: 1.324 | F32: 0.334 | H32: 6.802 | J32: 1.29 | L32: 1.484 | N32: 0.852 | P32: =SUM(H32,J32,L32,N32) -> 10.428 | R32: 0.163 | T32: 0 | V32: -0.234 | X32: 0.095 | Z32: =SUM(R32,T32,V32,X32) -> 0.024 | AB32: 0.056
A33: Other financing activities | B33: -2.293 | D33: -1.951 | F33: 0 | H33: 0 | J33: -4.12 | L33: 0 | N33: -3.81 | P33: =SUM(H33,J33,L33,N33) -> -7.93 | R33: 0 | T33: 0 | V33: 0 | X33: -4.323 | Z33: =SUM(R33,T33,V33,X33) -> -4.323 | AB33: -2.3
A34: Net cash provided by (used in) financing activities | B34: 150.42 | D34: 134.663 | F34: -196.524 | H34: =SUM(H28:H33) -> 97.79 | J34: =SUM(J28:J33) -> -94.704 | L34: =SUM(L28:L33) -> -66.618 | N34: =SUM(N28:N33) -> 168.885 | P34: =SUM(P28:P33) -> 105.353 | R34: =SUM(R28:R33) -> -27.753 | T34: =SUM(T28:T33) -> -75.192 | V34: =SUM(V28:V33) -> 36.333 | X34: =SUM(X28:X33) -> 24.457 | Z34: =SUM(Z28:Z33) -> -42.155 | AB34: =SUM(AB28:AB33) -> 32.924
A36: Effect of exchange rate change on cash | B36: 6.35 | D36: 0.66 | F36: -1.339 | H36: 1.206 | J36: -0.838 | L36: 0.277 | N36: -10.009 | P36: =SUM(H36,J36,L36,N36) -> -9.364 | R36: -9.714 | T36: -3.877 | V36: -0.806 | X36: -3.549 | Z36: =SUM(R36,T36,V36,X36) -> -17.946 | AB36: -1.833
A37: Net increase (decrease) in cash and cash equivalents | B37: -72.375 | D37: 321.665 | F37: -247.63 | H37: =SUM(H19,H25,H34,H36) -> 129.464 | J37: =SUM(J19,J25,J34,J36) -> -100.907 | L37: =SUM(L19,L25,L34,L36) -> 33.703 | N37: =SUM(N19,N25,N34,N36) -> -10.519 | P37: =SUM(P19,P25,P34,P36) -> 51.741 | R37: =SUM(R19,R25,R34,R36) -> -32.602 | T37: =SUM(T19,T25,T34,T36) -> 6.763 | V37: =SUM(V19,V25,V34,V36) -> 7.245 | X37: =SUM(X19,X25,X34,X36) -> -1.643 | Z37: =SUM(Z19,Z25,Z34,Z36) -> -20.237 | AB37: =SUM(AB19,AB25,AB34,AB36) -> 23.38
A38: Cash and cash equivalents at beginning of period | B38: 240.253 | D38: 167.878 | F38: 489.543 | H38: =F39 -> 241.913 | J38: =H39 -> 371.377 | L38: =J39 -> 270.47 | N38: =L39 -> 304.173 | P38: =F39 -> 241.913 | R38: =P39 -> 293.654 | T38: =R39 -> 261.052 | V38: =T39 -> 267.815 | X38: =V39 -> 275.06 | Z38: =P39 -> 293.654 | AB38: =Z39 -> 273.417
A39: Cash and cash equivalents at end of period | B39: 167.878 | D39: 489.543 | F39: 241.913 | H39: =SUM(H37:H38) -> 371.377 | J39: =SUM(J37:J38) -> 270.47 | L39: =SUM(L37:L38) -> 304.173 | N39: =SUM(N37:N38) -> 293.654 | P39: =SUM(P37:P38) -> 293.654 | R39: =SUM(R37:R38) -> 261.052 | T39: =SUM(T37:T38) -> 267.815 | V39: =SUM(V37:V38) -> 275.06 | X39: =SUM(X37:X38) -> 273.417 | Z39: =SUM(Z37:Z38) -> 273.417 | AB39: =SUM(AB37:AB38) -> 296.797
A42: Free cash flow (1)
A43: =A19 -> Net cash provided by (used in) operating activities | B43: 78.698 | D43: 217.975 | F43: 224.683 | H43: =H19 -> 36.242 | J43: =J19 -> 110.722 | L43: =L19 -> 106.423 | N43: =N19 -> 51.165 | P43: =SUM(H43,J43,L43,N43) -> 304.552 | R43: =R19 -> 13.632 | T43: =T19 -> 91.992 | V43: =V19 -> 86.839 | X43: =X19 -> -12.56 | Z43: =SUM(R43,T43,V43,X43) -> 179.903 | AB43: =AB19 -> 61.254
A44: =A22 -> Capital expenditures | B44: -27.817 | D44: -31.413 | F44: -29.328 | H44: =H22 -> -5.774 | J44: =J22 -> -4.568 | L44: =L22 -> -6.379 | N44: =N22 -> -8.554 | P44: =SUM(H44,J44,L44,N44) -> -25.275 | R44: =R22 -> -7.947 | T44: =T22 -> -6.16 | V44: =V22 -> -6.53 | X44: =X22 -> -9.991 | Z44: =SUM(R44,T44,V44,X44) -> -30.628 | AB44: =AB22 -> -4.185
A45: Free cash flow (1) | B45: =SUM(B43:B44) -> 50.881 | D45: =SUM(D43:D44) -> 186.562 | F45: =SUM(F43:F44) -> 195.355 | H45: =SUM(H43:H44) -> 30.468 | J45: =SUM(J43:J44) -> 106.154 | L45: =SUM(L43:L44) -> 100.044 | N45: =SUM(N43:N44) -> 42.611 | P45: =SUM(P43:P44) -> 279.277 | R45: =SUM(R43:R44) -> 5.685 | T45: =SUM(T43:T44) -> 85.832 | V45: =SUM(V43:V44) -> 80.309 | X45: =SUM(X43:X44) -> -22.551 | Z45: =SUM(Z43:Z44) -> 149.275 | AB45: =SUM(AB43:AB44) -> 57.069
A47: =A31 -> Repurchases of common stock | B47: -54.921 | D47: -34.953 | F47: -74.871 | H47: =H31 -> 0 | J47: =J31 -> -39.965 | L47: =L31 -> -59.95 | N47: =N31 -> -125 | P47: =SUM(H47,J47,L47,N47) -> -224.915 | R47: =R31 -> 0 | T47: =T31 -> 0 | V47: =V31 -> -49.962 | X47: =X31 -> -14.978 | Z47: =SUM(R47,T47,V47,X47) -> -64.94 | AB47: =AB31 -> 0
A48: Free cash flow return % (1) | B48: =-B47/B45 -> 1.079401 | D48: =-D47/D45 -> 0.18735327 | F48: =-F47/F45 -> 0.38325612 | P48: =-P47/P45 -> 0.80534738 | Z48: =-Z47/Z45 -> 0.43503601
A50: Pro forma free cash flow
A51: Free cash flow | B51: =+B45 -> 50.881 | D51: =+D45 -> 186.562 | F51: =+F45 -> 195.355 | H51: =+H45 -> 30.468 | J51: =+J45 -> 106.154 | L51: =+L45 -> 100.044 | N51: =+N45 -> 42.611 | P51: =+P45 -> 279.277 | R51: =+R45 -> 5.685 | T51: =+T45 -> 85.832 | V51: =+V45 -> 80.309 | X51: =+X45 -> -22.551 | Z51: =+Z45 -> 149.275 | AB51: =+AB45 -> 57.069
A52: Restructuring payments | B52: 0.502 | D52: 20.947 | F52: 37.199 | H52: 12.033 | J52: 5.355 | L52: 1.871 | N52: 1.316 | P52: =SUM(H52,J52,L52,N52) -> 20.575 | R52: 17.327 | T52: 5.483 | V52: 24.967 | X52: 5.811 | Z52: =SUM(R52,T52,V52,X52) -> 53.588 | AB52: 16.701
A53: Legal settlement payments | B53: 48.2 | D53: 0 | F53: 0 | H53: 0 | J53: 0 | L53: 0 | N53: 0 | P53: =SUM(H53,J53,L53,N53) -> 0 | R53: 0 | T53: 0 | V53: 0 | X53: 0 | Z53: =SUM(R53,T53,V53,X53) -> 0 | AB53: 0
A54: U.S. pension plan termination-related payments | B54: 0 | D54: 0 | F54: 0 | H54: 0 | J54: 0 | L54: 0 | N54: 0 | P54: =SUM(H54,J54,L54,N54) -> 0 | R54: 0 | T54: 0 | V54: 0 | X54: 25.875 | Z54: =SUM(R54,T54,V54,X54) -> 25.875 | AB54: 0
A55: Pro forma free cash flow | B55: =SUM(B51:B54) -> 99.583 | D55: =SUM(D51:D54) -> 207.509 | F55: =SUM(F51:F54) -> 232.554 | H55: =SUM(H51:H54) -> 42.501 | J55: =SUM(J51:J54) -> 111.509 | L55: =SUM(L51:L54) -> 101.915 | N55: =SUM(N51:N54) -> 43.927 | P55: =SUM(P51:P54) -> 299.852 | R55: =SUM(R51:R54) -> 23.012 | T55: =SUM(T51:T54) -> 91.315 | V55: =SUM(V51:V54) -> 105.276 | X55: =SUM(X51:X54) -> 9.135 | Z55: =SUM(Z51:Z54) -> 228.738 | AB55: =SUM(AB51:AB54) -> 73.77
A60: (1) PTC has announced a long-term goal of returning approximately 40% of free cash flow to shareholders via stock repurchases. This information provides the substantive information investors can use to evaluate the Company's performance relative to that goal.

Sheet Rev LoB
A1: Trended PTC Line of Business Performance
B3: FY'11 | D3: FY'12 | F3: FY'13 | H3: FY'14 | R3: FY'15 | AB3: FY'16
B5: Yr Ended | D5: Yr Ended | F5: Yr Ended | H5: Quarter Ended | P5: Yr Ended | R5: Quarter Ended | Z5: Yr Ended | AB5: QE
B6: 40816 | D6: 41182 | F6: 41547 | H6: 41636 | J6: 41727 | L6: 41818 | N6: 41912 | P6: 41912 | R6: 42007 | T6: 42098 | V6: 42189 | X6: 41912 | Z6: 42277 | AB6: 42371
A8: GAAP revenue change year over year
A9: Subscription | B9: -0.839 | D9: -0.995 | F9: 16116.811 | H9: 0.41869212 | J9: 0.27485071 | L9: 2.1088904 | N9: 4.4249213 | P9: 1.6938678 | R9: 2.8713766 | T9: 3.3882069 | V9: 1.3485733 | X9: 0.44007657 | Z9: 1.4041117 | AB9: 0.55831603
A10: Support | B10: 0.12339501 | D10: 0.097305255 | F10: 0.069834936 | H10: 0.038679339 | J10: 0.031482922 | L10: 0.058236129 | N10: 0.077456423 | P10: 0.051663589 | R10: 0.067514744 | T10: 0.014903685 | V10: -0.036821948 | X10: -0.081118817 | Z10: -0.010135047 | AB10: -0.054359803
A11: Total recurring software | B11: 0.12339501 | D11: 0.097305255 | F11: 0.086298043 | H11: 0.044593662 | J11: 0.035664966 | L11: 0.08745353 | N11: 0.13688195 | P11: 0.076549486 | R11: 0.12678055 | T11: 0.086258106 | V11: 0.019609025 | X11: -0.047123771 | Z11: 0.04349319 | AB11: -0.0098654968
A12: Perpetual license | B12: 0.15573219 | D12: 0.018335618 | F12: -0.012010973 | H12: 9.1400076e-05 | J12: 0.066035637 | L12: 0.13136031 | N12: 0.024916646 | P12: 0.053434355 | R12: -0.18239377 | T12: -0.17380426 | V12: -0.26136534 | X12: -0.24991551 | Z12: -0.22018874 | AB12: -0.26232061
A13: Total software | B13: 0.13547473 | D13: 0.06727947 | F13: 0.050632226 | H13: 0.030244339 | J13: 0.045596881 | L13: 0.10178424 | N13: 0.093938815 | P13: 0.068664521 | R13: 0.030008 | T13: -0.00045077053 | V13: -0.074559815 | X13: -0.119995 | Z13: -0.045180451 | AB13: -0.072589901
A14: Professional services | B14: 0.22767755 | D14: 0.10552873 | F14: -0.036439111 | H14: -0.03038409 | J14: 0.051806403 | L14: -0.046727556 | N14: -0.056613071 | P14: -0.020570666 | R14: -0.098384008 | T14: -0.19572496 | V14: -0.20042299 | X14: -0.27360759 | Z14: -0.19017602 | AB14: -0.23935285
A15: Total revenue | B15: 0.155339 | D15: 0.076035885 | F15: 0.030152611 | H15: 0.016180713 | J15: 0.046986652 | L15: 0.068691552 | N15: 0.063398853 | P15: 0.049032712 | R15: 0.0015903754 | T15: -0.044356832 | V15: -0.09957677 | X15: -0.14763912 | Z15: -0.074963075 | AB15: -0.10581611
A17: Non-GAAP revenue change year over year
A18: Subscription | B18: -0.839 | D18: -0.995 | F18: 16116.811 | H18: 0.41869212 | J18: 0.27485071 | L18: 2.1088904 | N18: 4.6280483 | P18: 1.7405753 | R18: 3.057 | T18: 3.5523014 | V18: 1.3968507 | X18: 0.40392935 | Z18: 1.4294423 | AB18: 0.49962234
A19: Support | B19: 0.12864458 | D19: 0.096636706 | F19: 0.07044911 | H19: 0.028926384 | J19: 0.027277687 | L19: 0.054768925 | N19: 0.077683588 | P19: 0.047340626 | R19: 0.07024561 | T19: 0.016502507 | V19: -0.03610036 | X19: -0.082650008 | Z19: -0.0093314945 | AB19: -0.056772744
A20: Total recurring software | B20: 0.12864458 | D20: 0.096636706 | F20: 0.086843169 | H20: 0.034936415 | J20: 0.031514946 | L20: 0.083941199 | N20: 0.13977731 | P20: 0.072883255 | R20: 0.13337725 | T20: 0.091294148 | V20: 0.022267691 | X20: -0.049863667 | Z20: 0.046109351 | AB20: -0.014674751
A21: Perpetual license | B21: 0.15573219 | D21: 0.018335618 | F21: -0.012010973 | H21: 9.1400076e-05 | J21: 0.066035637 | L21: 0.13136031 | N21: 0.027645327 | P21: 0.054270156 | R21: -0.18239377 | T21: -0.1738033 | V21: -0.26136534 | X21: -0.25190719 | Z21: -0.22080949 | AB21: -0.26232061
A22: Total software | B22: 0.13876329 | D22: 0.066951092 | F22: 0.051073123 | H22: 0.023771568 | J22: 0.042773531 | L22: 0.099384588 | N22: 0.096815135 | P22: 0.066553716 | R22: 0.034539914 | T22: 0.0029064941 | V22: -0.072792203 | X22: -0.12239264 | Z22: -0.04363198 | AB22: -0.075934722
A23: Professional services | B23: 0.22767755 | D23: 0.10552873 | F23: -0.036435725 | H23: -0.030403975 | J23: 0.051806403 | L23: -0.046727556 | N23: -0.054565151 | P23: -0.020071614 | R23: -0.094808084 | T23: -0.19197344 | V23: -0.19579546 | X23: -0.2707008 | Z23: -0.18650334 | AB23: -0.23761649
A24: Total revenue | B24: 0.15791907 | D24: 0.075763004 | F24: 0.030530201 | H24: 0.011265311 | J24: 0.044790964 | L24: 0.066881747 | N24: 0.066132687 | P24: 0.047540621 | R24: 0.0059106958 | T24: -0.040910922 | V24: -0.097240711 | X24: -0.14904932 | Z24: -0.072966336 | AB24: -0.10813741
A26: GAAP revenue change year over year in constant currency:
A27: Subscription | B27: -0.839 | D27: -0.995 | F27: 16116.811 | H27: 0.42088821 | J27: 0.27786054 | L27: 2.0186821 | N27: 4.3837741 | P27: 1.6647731 | R27: 2.9468348 | T27: 3.5944543 | V27: 1.501917 | X27: 0.52787871 | Z27: 1.5235282 | AB27: 0.63285788
A28: Support | B28: 0.089 | D28: 0.119 | F28: 0.08523629 | H28: 0.049540748 | J28: 0.041838494 | L28: 0.041513784 | N28: 0.070399995 | P28: 0.050976973 | R28: 0.10455497 | T28: 0.091300613 | V28: 0.062344217 | X28: 0.0060907112 | Z28: 0.065053109 | AB28: 0.0081977274
A29: Total recurring software | B29: 0.089 | D29: 0.119 | F29: 0.1016969 | H29: 0.055320208 | J29: 0.045894308 | L29: 0.069684168 | N29: 0.12935954 | P29: 0.075432375 | R29: 0.16463283 | T29: 0.16540172 | V29: 0.12098199 | X29: 0.04012441 | Z29: 0.12 | AB29: 0.053562369
A30: Perpetual license | B30: 0.117 | D30: 0.037 | F30: 0.0054395338 | H30: 0.0013455557 | J30: 0.073976641 | L30: 0.12038831 | N30: 0.022279199 | P30: 0.052206528 | R30: -0.14588449 | T30: -0.093683643 | V30: -0.19486398 | X30: -0.17079834 | Z30: -0.15328997 | AB30: -0.21488632
A31: Total software | B31: 0.099 | D31: 0.088 | F31: 0.067 | H31: 0.037916605 | J31: 0.055077883 | L31: 0.086233468 | N31: 0.088289979 | P31: 0.068 | R31: 0.067439916 | T31: 0.079018591 | V31: 0.015125897 | X31: -0.035668615 | Z31: 0.02833 | AB31: -0.013135761
A32: Professional services | B32: 0.19 | D32: 0.131 | F32: -0.027 | H32: -0.032687094 | J32: 0.057705178 | L32: -0.061404621 | N32: -0.058143345 | P32: -0.024 | R32: -0.058696214 | T32: -0.12308029 | V32: -0.1026996 | X32: -0.18779536 | Z32: -0.11689 | AB32: -0.16393361
A33: Total revenue | B33: 0.119 | D33: 0.098 | F33: 0.04462 | H33: 0.021539073 | J33: 0.055665905 | L33: 0.053335466 | N33: 0.058585482 | P33: 0.047 | R33: 0.039521596 | T33: 0.033578044 | V33: -0.0082934643 | X33: -0.063045342 | Z33: -0.00149 | AB33: -0.04318105
A35: Non-GAAP revenue change year over year in constant currency:
A36: Subscription | B36: -0.839 | D36: -0.995 | F36: 16116.811 | H36: 0.42088821 | J36: 0.27786054 | L36: 2.0186821 | N36: 4.5869012 | P36: 1.7114806 | R36: 3.1324582 | T36: 3.7585488 | V36: 1.5501943 | X36: 0.48856254 | Z36: 1.5468235 | AB36: 0.57075361
A37: Support | B37: 0.094 | D37: 0.118 | F37: 0.085832271 | H37: 0.039685807 | J37: 0.03759104 | L37: 0.03810137 | N37: 0.070639265 | P37: 0.046657178 | R37: 0.10728584 | T37: 0.092899435 | V37: 0.063065805 | X37: 0.0043915521 | Z37: 0.065818852 | AB37: 0.0056251612
A38: Total recurring software | B38: 0.094 | D38: 0.118 | F38: 0.10222631 | H38: 0.045563795 | J38: 0.041703298 | L38: 0.06622923 | N38: 0.13226762 | P38: 0.07177122 | R38: 0.17122953 | T38: 0.17043776 | V38: 0.12364065 | X38: 0.037015615 | Z38: 0.12288705 | AB38: 0.048383939
A39: Perpetual license | B39: 0.117 | D39: 0.037 | F39: 0.0054395338 | H39: 0.0013455557 | J39: 0.073976641 | L39: 0.12038831 | N39: 0.025007881 | P39: 0.053042329 | R39: -0.14588449 | T39: -0.093682689 | V39: -0.19486398 | X39: -0.17300009 | Z39: -0.153961 | AB39: -0.21488632
A40: Total software | B40: 0.103 | D40: 0.087 | F40: 0.067 | H40: 0.031395631 | J40: 0.052228932 | L40: 0.083867685 | N40: 0.091172196 | P40: 0.065 | R40: 0.071971829 | T40: 0.082375856 | V40: 0.016893509 | X40: -0.038375183 | Z40: 0.0298 | AB40: -0.016741028
A41: Professional services | B41: 0.19 | D41: 0.131 | F41: -0.027 | H41: -0.032706931 | J41: 0.057705178 | L41: -0.061404621 | N41: -0.056095425 | P41: -0.023 | R41: -0.055120291 | T41: -0.11932878 | V41: -0.098072066 | X41: -0.18507445 | Z41: -0.11326 | AB41: -0.16249519
A42: Total revenue | B42: 0.121 | D42: 0.097 | F42: 0.045 | H42: 0.016597753 | J42: 0.053452016 | L42: 0.051551667 | N42: 0.061323322 | P42: 0.046 | R42: 0.043841916 | T42: 0.037023953 | V42: -0.0059574054 | X42: -0.064742684 | Z42: 0.00043 | AB42: -0.045771358

Sheet Rev Region
A1: Trended PTC Revenue by Region
B3: FY'11 | D3: FY'12 | F3: FY'13 | H3: FY'14 | R3: FY'15 | AB3: FY'16
B5: Yr Ended | D5: Yr Ended | F5: Yr Ended | H5: Quarter Ended | P5: Yr Ended | R5: Quarter Ended | Z5: Yr Ended | AB5: QE
B6: 40816 | D6: 41182 | F6: 41547 | H6: 41636 | J6: 41727 | L6: 41818 | N6: 41912 | P6: 41912 | R6: 42007 | T6: 42098 | V6: 42189 | X6: 41912 | Z6: 41912 | AB6: 42371
A7: (in millions)
A8: Revenue by region (GAAP):
A9: Americas | B9: 429.213 | D9: 479.931 | F9: 522.788 | H9: 138.878 | J9: 134.376 | L9: 130.379 | N9: 155.038 | P9: =SUM(H9,J9,L9,N9) -> 558.671 | R9: 136.105 | T9: 131.833 | V9: 134.39 | X9: 127.981 | Z9: =SUM(R9,T9,V9,X9) -> 530.309 | AB9: 126.525
A10: Europe | B10: 466.541 | D10: 480.287 | F10: 479.877 | H10: 127.044 | J10: 128.018 | L10: 130.659 | N10: 142.37 | P10: =SUM(H10,J10,L10,N10) -> 528.091 | R10: 128.238 | T10: 110.337 | V10: 109.531 | X10: 119.699 | Z10: =SUM(R10,T10,V10,X10) -> 467.805 | AB10: 107.636
A11: Japan | B11: 123.205 | D11: 134.626 | F11: 129.29 | H11: 25.111 | J11: 29.644 | L11: 39.174 | N11: 28.125 | P11: =SUM(H11,J11,L11,N11) -> 122.054 | R11: 25.2 | T11: 39.096 | V11: 26.232 | X11: 27.433 | Z11: =SUM(R11,T11,V11,X11) -> 117.961 | AB11: 26.435
A12: Pacific Rim | B12: 147.991 | D12: 160.834 | F12: 161.587 | H12: 33.892 | J12: 36.662 | L12: 36.422 | N12: 41.175 | P12: =SUM(H12,J12,L12,N12) -> 148.151 | R12: 35.899 | T12: 32.853 | V12: 32.96 | X12: 37.452 | Z12: =SUM(R12,T12,V12,X12) -> 139.164 | AB12: 30.407
A13: Total revenue | B13: 1166.95 | D13: 1255.678 | F13: 1293.542 | H13: =SUM(H9:H12) -> 324.925 | J13: =SUM(J9:J12) -> 328.7 | L13: =SUM(L9:L12) -> 336.634 | N13: =SUM(N9:N12) -> 366.708 | P13: =SUM(P9:P12) -> 1356.967 | R13: =SUM(R9:R12) -> 325.442 | T13: =SUM(T9:T12) -> 314.119 | V13: =SUM(V9:V12) -> 303.113 | X13: =SUM(X9:X12) -> 312.565 | Z13: =SUM(Z9:Z12) -> 1255.239 | AB13: =SUM(AB9:AB12) -> 291.003
A15: Revenue % of total (GAAP):
A16: Americas | B16: 0.36780753 | D16: 0.38220866 | F16: 0.40415232 | H16: =H9/H$13 -> 0.42741556 | J16: =J9/J$13 -> 0.40881047 | L16: =L9/L$13 -> 0.38730194 | N16: =N9/N$13 -> 0.42278325 | P16: =P9/P$13 -> 0.41170566 | R16: =R9/R$13 -> 0.41821584 | T16: =T9/T$13 -> 0.41969126 | V16: =V9/V$13 -> 0.44336601 | X16: =X9/X$13 -> 0.40945403 | Z16: =Z9/Z$13 -> 0.42247652 | AB16: =AB9/AB$13 -> 0.43478933
A17: Europe | B17: 0.39979519 | D17: 0.38249217 | F17: 0.37097906 | H17: =H10/H$13 -> 0.39099484 | J17: =J10/J$13 -> 0.3894676 | L17: =L10/L$13 -> 0.3881337 | N17: =N10/N$13 -> 0.38823805 | P17: =P10/P$13 -> 0.38917011 | R17: =R10/R$13 -> 0.39404256 | T17: =T10/T$13 -> 0.3512586 | V17: =V10/V$13 -> 0.36135369 | X17: =X10/X$13 -> 0.38295714 | Z17: =Z10/Z$13 -> 0.37268202 | AB17: =AB10/AB$13 -> 0.36987935
A18: Japan | B18: 0.10557865 | D18: 0.10721379 | F18: 0.099950369 | H18: =H11/H$13 -> 0.07728245 | J18: =J11/J$13 -> 0.09018558 | L18: =L11/L$13 -> 0.11636971 | N18: =N11/N$13 -> 0.0766959 | P18: =P11/P$13 -> 0.089946181 | R18: =R11/R$13 -> 0.077433152 | T18: =T11/T$13 -> 0.12446239 | V18: =V11/V$13 -> 0.086541983 | X18: =X11/X$13 -> 0.087767344 | Z18: =Z11/Z$13 -> 0.093974932 | AB18: =AB11/AB$13 -> 0.090840988
A19: Pacific Rim | B19: 0.12681863 | D19: 0.12808538 | F19: 0.12491825 | H19: =H12/H$13 -> 0.10430715 | J19: =J12/J$13 -> 0.11153636 | L19: =L12/L$13 -> 0.10819466 | N19: =N12/N$13 -> 0.1122828 | P19: =P12/P$13 -> 0.10917804 | R19: =R12/R$13 -> 0.11030844 | T19: =T12/T$13 -> 0.10458775 | V19: =V12/V$13 -> 0.10873833 | X19: =X12/X$13 -> 0.11982148 | Z19: =Z12/Z$13 -> 0.11086654 | AB19: =AB12/AB$13 -> 0.10449033
A20: Total revenue | B20: 1 | D20: 1 | F20: 1 | H20: =SUM(H16:H19) -> 1 | J20: =SUM(J16:J19) -> 1 | L20: =SUM(L16:L19) -> 1 | N20: =SUM(N16:N19) -> 1 | P20: =SUM(P16:P19) -> 1 | R20: =SUM(R16:R19) -> 1 | T20: =SUM(T16:T19) -> 1 | V20: =SUM(V16:V19) -> 1 | X20: =SUM(X16:X19) -> 1 | Z20: =SUM(Z16:Z19) -> 1 | AB20: =SUM(AB16:AB19) -> 1
A22: Revenue change year over year (GAAP):
A23: Americas | B23: 0.11237728 | D23: 0.11816511 | F23: 0.089298253 | H23: 0.046887485 | J23: 0.1373339 | L23: 0.0067720962 | N23: 0.088153961 | P23: =P9/F9-1 -> 0.068637765 | R23: =R9/H9-1 -> -0.019967165 | T23: =T9/J9-1 -> -0.01892451 | V23: =V9/L9-1 -> 0.030764157 | X23: =X9/N9-1 -> -0.17451851 | Z23: =Z9/P9-1 -> -0.050766909 | AB23: =AB9/R9-1 -> -0.070386834
A24: Europe | B24: 0.20083446 | D24: 0.029463648 | F24: -0.00085365625 | H24: 0.061761412 | J24: 0.077220824 | L24: 0.13198181 | N24: 0.13030637 | P24: =P10/F10-1 -> 0.10047158 | R24: =R10/H10-1 -> 0.0093983187 | T24: =T10/J10-1 -> -0.13811339 | V24: =V10/L10-1 -> -0.16170337 | X24: =X10/N10-1 -> -0.15924001 | Z24: =Z10/P10-1 -> -0.11415836 | AB24: =AB10/R10-1 -> -0.16065441
A25: Japan | B25: 0.18409419 | D25: 0.09269916 | F25: -0.039635732 | H25: -0.12860464 | J25: -0.2130399 | L25: 0.15892551 | N25: -0.030239294 | P25: =P11/F11-1 -> -0.055967206 | R25: =R11/H11-1 -> 0.0035442635 | T25: =T11/J11-1 -> 0.31885036 | V25: =V11/L11-1 -> -0.33037219 | X25: =X11/N11-1 -> -0.024604444 | Z25: =Z11/P11-1 -> -0.033534337 | AB25: =AB11/R11-1 -> 0.049007937
A26: Pacific Rim | B26: 0.12427829 | D26: 0.086782304 | F26: 0.0046818459 | H26: -0.12249178 | J26: -0.066863499 | L26: 0.0042738578 | N26: -0.1314757 | P26: =P12/F12-1 -> -0.083150253 | R26: =R12/H12-1 -> 0.059217514 | T26: =T12/J12-1 -> -0.10389504 | V26: =V12/L12-1 -> -0.095052441 | X26: =X12/N12-1 -> -0.090418944 | Z26: =Z12/P12-1 -> -0.060661082 | AB26: =AB12/R12-1 -> -0.15298476
A27: Total revenue | B27: 0.15534113 | D27: 0.076034106 | F27: 0.030154227 | H27: 0.016178163 | J27: 0.046985338 | L27: 0.068692936 | N27: 0.063399498 | P27: =P13/F13-1 -> 0.049032038 | R27: =R13/H13-1 -> 0.0015911364 | T27: =T13/J13-1 -> -0.044359598 | V27: =V13/L13-1 -> -0.099576989 | X27: =X13/N13-1 -> -0.14764608 | Z27: =Z13/P13-1 -> -0.074967188 | AB27: =AB13/R13-1 -> -0.10582224
A29: Revenue change year over year in constant currency (GAAP):
A30: Americas | B30: 0.112 | D30: 0.118 | F30: 0.09 | H30: 0.05 | J30: 0.142 | L30: 0.011 | N30: 0.088 | P30: 0.071 | R30: -0.017 | T30: -0.013 | V30: 0.04 | X30: -0.16628 | Z30: -0.04408 | AB30: -0.059666488
A31: Europe | B31: 0.147 | D31: 0.087 | F31: -0.007 | H31: 0.022 | J31: 0.058 | L31: 0.075 | N31: 0.114 | P31: 0.068 | R31: 0.078 | T31: 0.003 | V31: 0.024 | X31: -0.0012 | Z31: 0.02516 | AB31: -0.05
A32: Japan | B32: 0.072 | D32: 0.055 | F32: 0.121 | H32: 0.081 | J32: -0.097 | L32: 0.197 | N32: 0.008 | P32: 0.043 | R32: 0.121 | T32: 0.521 | V32: -0.213 | X32: 0.17563 | Z32: 0.12359 | AB32: 0.1523073
A33: Pacific Rim | B33: 0.092 | D33: 0.104 | F33: -0.001 | H33: -0.122 | J33: -0.063 | L33: 0.003 | N33: -0.147 | P33: -0.087 | R33: 0.066 | T33: -0.084 | V33: -0.077 | X33: -0.05114 | Z33: -0.03898 | AB33: -0.10846257
A34: Total revenue | B34: 0.119 | D34: 0.098 | F34: 0.0446 | H34: 0.022 | J34: 0.056 | L34: 0.053 | N34: 0.059 | P34: 0.047 | R34: 0.04 | T34: 0.034 | V34: -0.008 | X34: -0.06304 | Z34: -0.00149 | AB34: -0.040582528
A36: Revenue by region (Non-GAAP):
A37: Americas | B37: 430.621 | D37: 481.311 | F37: 525.171 | H37: 138.878 | J37: 134.376 | L37: 130.379 | N37: 156.183 | P37: =SUM(H37,J37,L37,N37) -> 559.816 | R37: 137.241 | T37: 132.787 | V37: 135.076 | X37: 128.447 | Z37: =SUM(R37,T37,V37,X37) -> 533.551 | AB37: 126.899
A38: Europe | B38: 467.447 | D38: 481.029 | F38: 480.268 | H38: 127.044 | J38: 128.018 | L38: 130.659 | N38: 142.457 | P38: =SUM(H38,J38,L38,N38) -> 528.178 | R38: 128.47 | T38: 110.486 | V38: 109.606 | X38: 119.753 | Z38: =SUM(R38,T38,V38,X38) -> 468.315 | AB38: 107.74797
A39: Japan | B39: 123.443 | D39: 134.938 | F39: 129.551 | H39: 25.111 | J39: 29.644 | L39: 39.174 | N39: 28.138 | P39: =SUM(H39,J39,L39,N39) -> 122.067 | R39: 25.224 | T39: 39.116 | V39: 26.251 | X39: 27.454 | Z39: =SUM(R39,T39,V39,X39) -> 118.045 | AB39: 26.440748
A40: Pacific Rim | B40: 148.045 | D40: 160.885 | F40: 161.586 | H40: 33.892 | J40: 36.662 | L40: 36.422 | N40: 41.179 | P40: =SUM(H40,J40,L40,N40) -> 148.155 | R40: 35.911 | T40: 32.863 | V40: 32.966 | X40: 37.456 | Z40: =SUM(R40,T40,V40,X40) -> 139.196 | AB40: 30.413808
A41: Total revenue | B41: 1169.556 | D41: 1258.163 | F41: 1296.576 | H41: =SUM(H37:H40) -> 324.925 | J41: =SUM(J37:J40) -> 328.7 | L41: =SUM(L37:L40) -> 336.634 | N41: =SUM(N37:N40) -> 367.957 | P41: =SUM(P37:P40) -> 1358.216 | R41: =SUM(R37:R40) -> 326.846 | T41: =SUM(T37:T40) -> 315.252 | V41: =SUM(V37:V40) -> 303.899 | X41: =SUM(X37:X40) -> 313.11 | Z41: =SUM(Z37:Z40) -> 1259.107 | AB41: =SUM(AB37:AB40) -> 291.50153
A43: Revenue % of total (Non-GAAP):
A44: Americas | B44: 0.36819186 | D44: 0.38255059 | F44: 0.40504452 | H44: =H37/H$41 -> 0.42741556 | J44: =J37/J$41 -> 0.40881047 | L44: =L37/L$41 -> 0.38730194 | N44: =N37/N$41 -> 0.42445992 | P44: =P37/P$41 -> 0.41217008 | R44: =R37/R$41 -> 0.419895 | T44: =T37/T$41 -> 0.42120906 | V44: =V37/V$41 -> 0.44447662 | X44: =X37/X$41 -> 0.41022963 | Z44: =Z37/Z$41 -> 0.4237535 | AB44: =AB37/AB$41 -> 0.43532877
A45: Europe | B45: 0.39967902 | D45: 0.38232646 | F45: 0.37041253 | H45: =H38/H$41 -> 0.39099484 | J45: =J38/J$41 -> 0.3894676 | L45: =L38/L$41 -> 0.3881337 | N45: =N38/N$41 -> 0.38715665 | P45: =P38/P$41 -> 0.38887629 | R45: =R38/R$41 -> 0.39305973 | T45: =T38/T$41 -> 0.35046883 | V45: =V38/V$41 -> 0.36066588 | X45: =X38/X$41 -> 0.38246303 | Z45: =Z38/Z$41 -> 0.37194218 | AB45: =AB38/AB$41 -> 0.36963089
A46: Japan | B46: 0.10554689 | D46: 0.10725001 | F46: 0.099917783 | H46: =H39/H$41 -> 0.07728245 | J46: =J39/J$41 -> 0.09018558 | L46: =L39/L$41 -> 0.11636971 | N46: =N39/N$41 -> 0.076470892 | P46: =P39/P$41 -> 0.089873039 | R46: =R39/R$41 -> 0.07717396 | T46: =T39/T$41 -> 0.12407851 | V46: =V39/V$41 -> 0.086380673 | X46: =X39/X$41 -> 0.087681645 | Z46: =Z39/Z$41 -> 0.093752953 | AB46: =AB39/AB$41 -> 0.09070535
A47: Pacific Rim | B47: 0.12658222 | D47: 0.12787294 | F47: 0.12462517 | H47: =H40/H$41 -> 0.10430715 | J47: =J40/J$41 -> 0.11153636 | L47: =L40/L$41 -> 0.10819466 | N47: =N40/N$41 -> 0.11191253 | P47: =P40/P$41 -> 0.10908059 | R47: =R40/R$41 -> 0.10987132 | T47: =T40/T$41 -> 0.10424359 | V47: =V40/V$41 -> 0.10847683 | X47: =X40/X$41 -> 0.11962569 | Z47: =Z40/Z$41 -> 0.11055137 | AB47: =AB40/AB$41 -> 0.10433499
A48: Total revenue | B48: 1 | D48: 1 | F48: 1 | H48: =SUM(H44:H47) -> 1 | J48: =SUM(J44:J47) -> 1 | L48: =SUM(L44:L47) -> 1 | N48: =SUM(N44:N47) -> 1 | P48: =SUM(P44:P47) -> 1 | R48: =SUM(R44:R47) -> 1 | T48: =SUM(T44:T47) -> 1 | V48: =SUM(V44:V47) -> 1 | X48: =SUM(X44:X47) -> 1 | Z48: =SUM(Z44:Z47) -> 1 | AB48: =SUM(AB44:AB47) -> 1
A50: Revenue change year over year (Non-GAAP):
A51: Americas | B51: 0.11602635 | D51: 0.11771372 | F51: 0.091126112 | H51: 0.037401678 | J51: 0.13253154 | L51: 0.0033707606 | N51: 0.094423578 | P51: =P37/F37-1 -> 0.065968989 | R51: =R37/H37-1 -> -0.011787324 | T51: =T37/J37-1 -> -0.011825028 | V51: =V37/L37-1 -> 0.03602574 | X51: =X37/N37-1 -> -0.17758655 | Z51: =Z37/P37-1 -> -0.046917201 | AB51: =AB37/R37-1 -> -0.075356475
A52: Europe | B52: 0.20316642 | D52: 0.0290557 | F52: -0.0015820252 | H52: 0.059971966 | J52: 0.076414698 | L52: 0.13139369 | N52: 0.13063803 | P52: =P38/F38-1 -> 0.099756802 | R52: =R38/H38-1 -> 0.011224458 | T52: =T38/J38-1 -> -0.13694949 | V52: =V38/L38-1 -> -0.16112935 | X52: =X38/N38-1 -> -0.15937441 | Z52: =Z38/P38-1 -> -0.11333869 | AB52: =AB38/R38-1 -> -0.1612986
A53: Japan | B53: 0.18638155 | D53: 0.093119901 | F53: -0.039922038 | H53: -0.13275773 | J53: -0.21449959 | L53: 0.15769254 | N53: -0.03035942 | P53: =P39/F39-1 -> -0.057768755 | R53: =R39/H39-1 -> 0.0045000199 | T53: =T39/J39-1 -> 0.31952503 | V53: =V39/L39-1 -> -0.32988717 | X53: =X39/N39-1 -> -0.024308764 | Z53: =Z39/P39-1 -> -0.032949118 | AB53: =AB39/R39-1 -> 0.04823771
A54: Pacific Rim | B54: 0.12468853 | D54: 0.086730386 | F54: 0.0043571495 | H54: -0.12249178 | J54: -0.066839748 | L54: 0.0042738578 | N54: -0.13139133 | P54: =P40/F40-1 -> -0.083119825 | R54: =R40/H40-1 -> 0.05957158 | T54: =T40/J40-1 -> -0.10362228 | V54: =V40/L40-1 -> -0.094887705 | X54: =X40/N40-1 -> -0.090410161 | Z54: =Z40/P40-1 -> -0.060470453 | AB54: =AB40/R40-1 -> -0.15307822
A55: Total revenue | B55: 0.15792121 | D55: 0.075761229 | F55: 0.03053102 | H55: 0.011266554 | J55: 0.044792249 | L55: 0.066880909 | N55: 0.066134117 | P55: =P41/F41-1 -> 0.047540599 | R55: =R41/H41-1 -> 0.0059121336 | T55: =T41/J41-1 -> -0.040912686 | V55: =V41/L41-1 -> -0.097242109 | X55: =X41/N41-1 -> -0.14905818 | Z55: =Z41/P41-1 -> -0.072969984 | AB55: =AB41/R41-1 -> -0.108138
A57: Revenue change year over year in constant currency (Non-GAAP):
A58: Americas | B58: 0.115 | D58: 0.118 | F58: 0.092 | H58: 0.04 | J58: 0.137 | L58: 0.008 | N58: 0.095 | P58: 0.071 | R58: -0.008 | T58: -0.006 | V58: 0.044935639 | X58: -0.16941 | Z58: -0.04025 | AB58: -0.064724365
A59: Europe | B59: 0.149 | D59: 0.087 | F59: -0.008 | H59: 0.021 | J59: 0.057 | L59: 0.074 | N59: 0.114 | P59: 0.068 | R59: 0.08 | T59: 0.004 | V59: 0.024909381 | X59: -0.00144 | Z59: 0.02596 | AB59: -0.046
A60: Japan | B60: 0.074 | D60: 0.056 | F60: 0.12 | H60: 0.075 | J60: -0.099 | L60: 0.196 | N60: 0.008 | P60: 0.043 | R60: 0.122 | T60: 0.522 | V60: -0.21251223 | X60: 0.17584 | Z60: 0.12416 | AB60: 0.15141644
A61: Pacific Rim | B61: 0.093 | D61: 0.104 | F61: -0.001 | H61: -0.122 | J61: -0.063 | L61: 0.003 | N61: -0.147 | P61: -0.087 | R61: 0.066 | T61: -0.084 | V61: -0.076707023 | X61: -0.05111 | Z61: -0.03879 | AB61: -0.10856914
A62: Total revenue | B62: 0.121 | D62: 0.097 | F62: 0.045 | H62: 0.017 | J62: 0.053 | L62: 0.052 | N62: 0.061 | P62: 0.047 | R62: 0.044 | T62: 0.037 | V62: -0.006 | X62: -0.06474 | Z62: 0.00043 | AB62: -0.046
A64: Revenue (GAAP / Non-GAAP Adjustments):
A65: Americas | B65: 1.408 | D65: 1.38 | F65: 2.383 | H65: =H37-H9 -> 0 | J65: =J37-J9 -> 0 | L65: =L37-L9 -> 0 | N65: =N37-N9 -> 1.145 | P65: =SUM(H65,J65,L65,N65) -> 1.145 | R65: =R37-R9 -> 1.136 | T65: =T37-T9 -> 0.954 | V65: =V37-V9 -> 0.686 | X65: =X37-X9 -> 0.466 | Z65: =SUM(R65,T65,V65,X65) -> 3.242 | AB65: =AB37-AB9 -> 0.374002
A66: Europe | B66: 0.906 | D66: 0.742 | F66: 0.391 | H66: =H38-H10 -> 0 | J66: =J38-J10 -> 0 | L66: =L38-L10 -> 0 | N66: =N38-N10 -> 0.087 | P66: =SUM(H66,J66,L66,N66) -> 0.087 | R66: =R38-R10 -> 0.232 | T66: =T38-T10 -> 0.149 | V66: =V38-V10 -> 0.075 | X66: =X38-X10 -> 0.054 | Z66: =SUM(R66,T66,V66,X66) -> 0.51 | AB66: =AB38-AB10 -> 0.111969
A67: Japan | B67: 0.238 | D67: 0.312 | F67: 0.261 | H67: =H39-H11 -> 0 | J67: =J39-J11 -> 0 | L67: =L39-L11 -> 0 | N67: =N39-N11 -> 0.013 | P67: =SUM(H67,J67,L67,N67) -> 0.013 | R67: =R39-R11 -> 0.024 | T67: =T39-T11 -> 0.02 | V67: =V39-V11 -> 0.019 | X67: =X39-X11 -> 0.021 | Z67: =SUM(R67,T67,V67,X67) -> 0.084 | AB67: =AB39-AB11 -> 0.005748
A68: Pacific Rim | B68: 0.054 | D68: 0.051 | F68: -0.001 | H68: =H40-H12 -> 0 | J68: =J40-J12 -> 0 | L68: =L40-L12 -> 0 | N68: =N40-N12 -> 0.004 | P68: =SUM(H68,J68,L68,N68) -> 0.004 | R68: =R40-R12 -> 0.012 | T68: =T40-T12 -> 0.01 | V68: =V40-V12 -> 0.006 | X68: =X40-X12 -> 0.004 | Z68: =SUM(R68,T68,V68,X68) -> 0.032 | AB68: =AB40-AB12 -> 0.006808
A69: Total revenue | B69: 2.606 | D69: 2.485 | F69: 3.034 | H69: =SUM(H65:H68) -> 0 | J69: =SUM(J65:J68) -> 0 | L69: =SUM(L65:L68) -> 0 | N69: =SUM(N65:N68) -> 1.249 | P69: =SUM(P65:P68) -> 1.249 | R69: =SUM(R65:R68) -> 1.404 | T69: =SUM(T65:T68) -> 1.133 | V69: =SUM(V65:V68) -> 0.786 | X69: =SUM(X65:X68) -> 0.545 | Z69: =SUM(Z65:Z68) -> 3.868 | AB69: =SUM(AB65:AB68) -> 0.498527

Sheet Rev Solution Area
A1: Trended PTC Revenue by Solution Area
B3: FY'11 | D3: FY'12 | F3: FY'13 | H3: FY'14 | R3: FY'15 | AB3: FY'16
B5: Yr Ended | D5: Yr Ended | F5: Yr Ended | H5: Quarter Ended | P5: Yr Ended | R5: Quarter Ended | Z5: Yr Ended | AB5: QE
B6: 40816 | D6: 41182 | F6: 41547 | H6: 41636 | J6: 41727 | L6: 41818 | N6: 41912 | P6: 41912 | R6: 42007 | T6: 42098 | V6: 42189 | X6: 41912 | Z6: 41912 | AB6: 42371
A7: (in millions)
A8: Revenue by solution area (GAAP):
A9: Solutions Group | B9: 1166.95 | D9: 1255.678 | F9: 1293.542 | H9: 324.925 | J9: 328.225 | L9: 336.144 | N9: 362.506 | P9: =SUM(H9,J9,L9,N9) -> 1351.8 | R9: 315.901 | T9: 304.684 | V9: 281.74 | X9: 300.056 | Z9: =SUM(R9,T9,V9,X9) -> 1202.381 | AB9: 275.796
A10: Technology Platform Group | B10: 0 | D10: 0 | F10: 0 | H10: 0 | J10: 0.475 | L10: 0.49 | N10: 4.202 | P10: =SUM(H10,J10,L10,N10) -> 5.167 | R10: 9.541 | T10: 9.435 | V10: 21.373 | X10: 12.509 | Z10: =SUM(R10,T10,V10,X10) -> 52.858 | AB10: 15.208
A11: Total revenue | B11: 1166.95 | D11: 1255.678 | F11: 1293.542 | H11: =SUM(H9:H10) -> 324.925 | J11: =SUM(J9:J10) -> 328.7 | L11: =SUM(L9:L10) -> 336.634 | N11: =SUM(N9:N10) -> 366.708 | P11: =SUM(P9:P10) -> 1356.967 | R11: =SUM(R9:R10) -> 325.442 | T11: =SUM(T9:T10) -> 314.119 | V11: =SUM(V9:V10) -> 303.113 | X11: =SUM(X9:X10) -> 312.565 | Z11: =SUM(Z9:Z10) -> 1255.239 | AB11: =SUM(AB9:AB10) -> 291.004
A13: Revenue % of total (GAAP):
A14: Solutions Group | B14: 1 | D14: 1 | F14: 1 | H14: =H9/H$11 -> 1 | J14: =J9/J$11 -> 0.99855491 | L14: =L9/L$11 -> 0.99854441 | N14: =N9/N$11 -> 0.98854129 | P14: =P9/P$11 -> 0.99619224 | R14: =R9/R$11 -> 0.97068295 | T14: =T9/T$11 -> 0.96996361 | V14: =V9/V$11 -> 0.92948834 | X14: =X9/X$11 -> 0.95997952 | Z14: =Z9/Z$11 -> 0.95789009 | AB14: =AB9/AB$11 -> 0.94773955
A15: Technology Platform Group | B15: 0 | D15: 0 | F15: 0 | H15: =H10/H$11 -> 0 | J15: =J10/J$11 -> 0.0014450867 | L15: =L10/L$11 -> 0.0014555868 | N15: =N10/N$11 -> 0.011458708 | P15: =P10/P$11 -> 0.0038077566 | R15: =R10/R$11 -> 0.029317052 | T15: =T10/T$11 -> 0.030036387 | V15: =V10/V$11 -> 0.070511657 | X15: =X10/X$11 -> 0.040020476 | Z15: =Z10/Z$11 -> 0.042109909 | AB15: =AB10/AB$11 -> 0.05226045
A16: Total revenue | B16: 1 | D16: 1 | F16: 1 | H16: =SUM(H14:H15) -> 1 | J16: =SUM(J14:J15) -> 1 | L16: =SUM(L14:L15) -> 1 | N16: =SUM(N14:N15) -> 1 | P16: =SUM(P14:P15) -> 1 | R16: =SUM(R14:R15) -> 1 | T16: =SUM(T14:T15) -> 1 | V16: =SUM(V14:V15) -> 1 | X16: =SUM(X14:X15) -> 1 | Z16: =SUM(Z14:Z15) -> 1 | AB16: =SUM(AB14:AB15) -> 1
A18: Revenue change year over year (GAAP):
A19: Solutions Group | B19: 0.15534113 | D19: 0.076034106 | F19: 0.030154227 | H19: 0.016178163 | J19: 0.045472354 | L19: 0.06713736 | N19: 0.051214314 | P19: 0.045038469 | R19: =IFERROR(R9/H9-1,0) -> -0.027772563 | T19: =IFERROR(T9/J9-1,0) -> -0.071722142 | V19: =IFERROR(V9/L9-1,0) -> -0.1618473 | X19: =IFERROR(X9/N9-1,0) -> -0.17227301 | Z19: =IFERROR(Z9/P9-1,0) -> -0.11053336 | AB19: =IFERROR(AB9/R9-1,0) -> -0.12695433
A20: Technology Platform Group | B20: 0 | D20: 0 | F20: 0 | H20: 0 | J20: 0 | L20: 0 | N20: 0 | P20: =IFERROR(P10/F10-1,0) -> 0 | R20: =IFERROR(R10/H10-1,0) -> 0 | T20: =IFERROR(T10/J10-1,0) -> 18.863158 | V20: =IFERROR(V10/L10-1,0) -> 42.618367 | X20: =IFERROR(X10/N10-1,0) -> 1.9769158 | Z20: =IFERROR(Z10/P10-1,0) -> 9.2299207 | AB20: =IFERROR(AB10/R10-1,0) -> 0.5939629
A21: Total revenue | B21: 0.15534113 | D21: 0.076034106 | F21: 0.030154227 | H21: 0.016178163 | J21: 0.046985338 | L21: 0.068692936 | N21: 0.063399498 | P21: =IFERROR(P11/F11-1,0) -> 0.049032038 | R21: =IFERROR(R11/H11-1,0) -> 0.0015911364 | T21: =IFERROR(T11/J11-1,0) -> -0.044359598 | V21: =IFERROR(V11/L11-1,0) -> -0.099576989 | X21: =IFERROR(X11/N11-1,0) -> -0.14764608 | Z21: =IFERROR(Z11/P11-1,0) -> -0.074967188 | AB21: =IFERROR(AB11/R11-1,0) -> -0.10581916
A23: Revenue change year over year in constant currency (GAAP):
A24: Solutions Group | B24: 0.119 | D24: 0.098 | F24: 0.044629598 | H24: 0.021539073 | J24: 0.054153587 | L24: 0.051781383 | N24: 0.046397827 | P24: 0.043446307 | R24: 0.0099995161 | T24: 0.0059079079 | V24: -0.071089248 | X24: -0.087444291 | Z24: -0.037288871 | AB24: -0.060641667
A25: Technology Platform Group | B25: 0 | D25: 0 | F25: 0 | H25: - | J25: - | L25: - | N25: - | P25: 0 | R25: - | T25: 19.162 | V25: 43.108 | X25: 2.0418 | Z25: 9.36323 | AB25: 0.62363122
A26: Total revenue | B26: 0.119 | D26: 0.098 | F26: 0.044629598 | H26: 0.022 | J26: 0.056 | L26: 0.053 | N26: 0.059 | P26: 0.0474 | R26: 0.04 | T26: 0.034 | V26: -0.008 | X26: -0.06304 | Z26: -0.00149 | AB26: -0.040582528
A28: Revenue by solution area (Non-GAAP):
A29: Solutions Group | B29: 1169.556 | D29: 1258.163 | F29: 1296.576 | H29: 324.925 | J29: 328.225 | L29: 336.144 | N29: 362.506 | P29: =SUM(H29,J29,L29,N29) -> 1351.8 | R29: 315.902 | T29: 304.684 | V29: 281.74 | X29: 300.056 | Z29: =SUM(R29,T29,V29,X29) -> 1202.382 | AB29: 275.796
A30: Technology Platform Group | B30: 0 | D30: 0 | F30: 0 | H30: 0 | J30: 0.475 | L30: 0.49 | N30: 5.451 | P30: =SUM(H30,J30,L30,N30) -> 6.416 | R30: 10.944 | T30: 10.568 | V30: 22.16 | X30: 13.055 | Z30: =SUM(R30,T30,V30,X30) -> 56.727 | AB30: 15.705
A31: Total revenue | B31: 1169.556 | D31: 1258.163 | F31: 1296.576 | H31: =SUM(H29:H30) -> 324.925 | J31: =SUM(J29:J30) -> 328.7 | L31: =SUM(L29:L30) -> 336.634 | N31: =SUM(N29:N30) -> 367.957 | P31: =SUM(P29:P30) -> 1358.216 | R31: =SUM(R29:R30) -> 326.846 | T31: =SUM(T29:T30) -> 315.252 | V31: =SUM(V29:V30) -> 303.9 | X31: =SUM(X29:X30) -> 313.111 | Z31: =SUM(Z29:Z30) -> 1259.109 | AB31: =SUM(AB29:AB30) -> 291.501
A33: Revenue % of total (Non-GAAP):
A34: Solutions Group | B34: 1 | D34: 1 | F34: 1 | H34: =H29/H$31 -> 1 | J34: =J29/J$31 -> 0.99855491 | L34: =L29/L$31 -> 0.99854441 | N34: =N29/N$31 -> 0.98518577 | P34: =P29/P$31 -> 0.99527616 | R34: =R29/R$31 -> 0.96651634 | T34: =T29/T$31 -> 0.96647761 | V34: =V29/V$31 -> 0.92708128 | X34: =X29/X$31 -> 0.95830552 | Z34: =Z29/Z$31 -> 0.95494671 | AB34: =AB29/AB$31 -> 0.94612368
A35: Technology Platform Group | B35: 0 | D35: 0 | F35: 0 | H35: =H30/H$31 -> 0 | J35: =J30/J$31 -> 0.0014450867 | L35: =L30/L$31 -> 0.0014555868 | N35: =N30/N$31 -> 0.014814231 | P35: =P30/P$31 -> 0.0047238436 | R35: =R30/R$31 -> 0.033483659 | T35: =T30/T$31 -> 0.033522388 | V35: =V30/V$31 -> 0.072918723 | X35: =X30/X$31 -> 0.041694479 | Z35: =Z30/Z$31 -> 0.045053288 | AB35: =AB30/AB$31 -> 0.053876316
A36: Total revenue | B36: 1 | D36: 1 | F36: 1 | H36: =SUM(H34:H35) -> 1 | J36: =SUM(J34:J35) -> 1 | L36: =SUM(L34:L35) -> 1 | N36: =SUM(N34:N35) -> 1 | P36: =SUM(P34:P35) -> 1 | R36: =SUM(R34:R35) -> 1 | T36: =SUM(T34:T35) -> 1 | V36: =SUM(V34:V35) -> 1 | X36: =SUM(X34:X35) -> 1 | Z36: =SUM(Z34:Z35) -> 1 | AB36: =SUM(AB34:AB35) -> 1
A38: Revenue change year over year (Non-GAAP):
A39: Solutions Group | B39: 0.15792121 | D39: 0.075761229 | F39: 0.03053102 | H39: 0.011266554 | J39: 0.043282434 | L39: 0.065327971 | N39: 0.05034016 | P39: =IFERROR(P29/F29-1,0) -> 0.042592181 | R39: =IFERROR(R29/H29-1,0) -> -0.027769485 | T39: =IFERROR(T29/J29-1,0) -> -0.071722142 | V39: =IFERROR(V29/L29-1,0) -> -0.1618473 | X39: =IFERROR(X29/N29-1,0) -> -0.17227301 | Z39: =IFERROR(Z29/P29-1,0) -> -0.11053262 | AB39: =IFERROR(AB29/R29-1,0) -> -0.12695709
A40: Technology Platform Group | B40: 0 | D40: 0 | F40: 0 | H40: N/A | J40: N/A | L40: N/A | N40: N/A | P40: N/A | R40: =IFERROR(R30/H30-1,0) -> 0 | T40: =IFERROR(T30/J30-1,0) -> 21.248421 | V40: =IFERROR(V30/L30-1,0) -> 44.22449 | X40: =IFERROR(X30/N30-1,0) -> 1.3949734 | Z40: =IFERROR(Z30/P30-1,0) -> 7.84149 | AB40: =IFERROR(AB30/R30-1,0) -> 0.43503289
A41: Total revenue | B41: 0.15792121 | D41: 0.075761229 | F41: 0.03053102 | H41: 0.011266554 | J41: 0.044792249 | L41: 0.066880909 | N41: 0.066134117 | P41: =IFERROR(P31/F31-1,0) -> 0.047540599 | R41: =IFERROR(R31/H31-1,0) -> 0.0059121336 | T41: =IFERROR(T31/J31-1,0) -> -0.040912686 | V41: =IFERROR(V31/L31-1,0) -> -0.097239138 | X41: =IFERROR(X31/N31-1,0) -> -0.14905546 | Z41: =IFERROR(Z31/P31-1,0) -> -0.072968512 | AB41: =IFERROR(AB31/R31-1,0) -> -0.10813961
A43: Revenue change year over year in constant currency (Non-GAAP):
A44: Solutions Group | B44: 0.121 | D44: 0.097 | F44: 0.045 | H44: 0.016597753 | J44: 0.051942869 | L44: 0.050000216 | N44: 0.04552694 | P44: 0.041003374 | R44: 0.0099995037 | T44: 0.0059079079 | V44: -0.071089248 | X44: -0.087444291 | Z44: -0.037288873 | AB44: -0.060641667
A45: Technology Platform Group | B45: 0 | D45: 0 | F45: 0 | H45: N/A | J45: N/A | L45: N/A | N45: N/A | P45: N/A | R45: - | T45: 21.548 | V45: 44.714 | X45: 1.44495 | Z45: 7.94867 | AB45: 0.46073847
A46: Total revenue | B46: 0.121 | D46: 0.097 | F46: 0.045 | H46: 0.016597753 | J46: 0.053452016 | L46: 0.051551667 | N46: 0.061323322 | P46: 0.046 | R46: 0.044 | T46: 0.037 | V46: -0.006 | X46: -0.06474 | Z46: 0.00043 | AB46: -0.0458
A48: Total revenue (GAAP / Non-GAAP Adjustments):
A49: Solutions Group | B49: 2.606 | D49: 2.485 | F49: 3.034 | H49: =H29-H9 -> 0 | J49: =J29-J9 -> 0 | L49: =L29-L9 -> 0 | N49: =N29-N9 -> 0 | P49: =SUM(H49,J49,L49,N49) -> 0 | R49: =R29-R9 -> 0.001 | T49: =T29-T9 -> 0 | V49: =V29-V9 -> 0 | X49: =X29-X9 -> 0 | Z49: =SUM(R49,T49,V49,X49) -> 0.001 | AB49: =AB29-AB9 -> 0
A50: Technology Platform Group | B50: 0 | D50: 0 | F50: 0 | H50: =H30-H10 -> 0 | J50: =J30-J10 -> 0 | L50: =L30-L10 -> 0 | N50: =N30-N10 -> 1.249 | P50: =SUM(H50,J50,L50,N50) -> 1.249 | R50: =R30-R10 -> 1.403 | T50: =T30-T10 -> 1.133 | V50: =V30-V10 -> 0.787 | X50: =X30-X10 -> 0.546 | Z50: =SUM(R50,T50,V50,X50) -> 3.869 | AB50: =AB30-AB10 -> 0.497
A51: Total revenue | B51: 2.606 | D51: 2.485 | F51: 3.034 | H51: =SUM(H49:H50) -> 0 | J51: =SUM(J49:J50) -> 0 | L51: =SUM(L49:L50) -> 0 | N51: =SUM(N49:N50) -> 1.249 | P51: =SUM(P49:P50) -> 1.249 | R51: =SUM(R49:R50) -> 1.404 | T51: =SUM(T49:T50) -> 1.133 | V51: =SUM(V49:V50) -> 0.787 | X51: =SUM(X49:X50) -> 0.546 | Z51: =SUM(Z49:Z50) -> 3.87 | AB51: =SUM(AB49:AB50) -> 0.497

Sheet Bookings
A1: Trended PTC License and Subscription Solutions Bookings Growth by Region and Solution Area
B3: FY'14 | L3: FY'15 | V3: FY'16
B5: Quarter Ended | J5: Yr Ended | L5: Quarter Ended | T5: Yr Ended | V5: QE
B6: 41636 | D6: 41727 | F6: 41818 | H6: 41912 | J6: 41912 | L6: 42007 | N6: 42098 | P6: 42189 | R6: 41912 | T6: 41912 | V6: 42371
A7: (in millions)
A8: Bookings (1)
A9: License and subscription bookings | B9: 79.54 | D9: 88.378 | F9: 113.942 | H9: 112.776 | J9: =SUM(B9,D9,F9,H9) -> 394.636 | L9: 79.594 | N9: 81.238 | P9: 79.386 | R9: 105.548 | T9: =SUM(L9,N9,P9,R9) -> 345.766 | V9: 68.7198
A10: Subscription ACV | B10: 0.174 | D10: 1.713 | F10: 11.772 | H10: 2.214 | J10: =SUM(B10,D10,F10,H10) -> 15.873 | L10: 7.423 | N10: 5.525 | P10: 6.307 | R10: 10.699 | T10: =SUM(L10,N10,P10,R10) -> 29.954 | V10: 10.584
A11: Subscription solutions % of bookings (2) | B11: =(B10*2)/B9 -> 0.0043751572 | D11: =(D10*2)/D9 -> 0.038765304 | F11: =(F10*2)/F9 -> 0.20663144 | H11: =(H10*2)/H9 -> 0.039263673 | J11: =(J10*2)/J9 -> 0.080443751 | L11: =(L10*2)/L9 -> 0.1865216 | N11: =(N10*2)/N9 -> 0.13602009 | P11: =(P10*2)/P9 -> 0.15889452 | R11: =(R10*2)/R9 -> 0.20273241 | T11: =(T10*2)/T9 -> 0.17326169 | V11: 0.277
A13: Bookings change year over year:
A14: Americas | B14: 0.02 | D14: 0.61 | F14: -0.06 | H14: 0.15816 | J14: 0.14 | L14: -0.06 | N14: -0.16 | P14: 0.09 | R14: -0.17371 | T14: -0.0886 | V14: -0.17182631
A15: Europe | B15: 0.15 | D15: 0.27 | F15: 1.35 | H15: 0.25 | J15: 0.46 | L15: -0.01 | N15: -0.33 | P15: -0.45 | R15: -0.01458 | T15: -0.22543 | V15: -0.17942051
A16: Japan | B16: -0.07 | D16: -0.5 | F16: 0.49 | H16: 0.02 | J16: -0.03 | L16: 0.1 | N16: 1.42 | P16: -0.65 | R16: 0.27803 | T16: -0.00346 | V16: 0.26257112
A17: Pacific Rim | B17: -0.21 | D17: -0.15 | F17: 0.04 | H17: -0.28 | J17: -0.17 | L17: 0.13 | N17: -0.1 | P17: -0.1 | R17: -0.03537 | T17: -0.03386 | V17: -0.11165259
A18: Total bookings | B18: 0 | D18: 0.11 | F18: 0.43 | H18: 0.07 | J18: 0.15 | L18: 0 | N18: -0.08 | P18: -0.3 | R18: -0.06409 | T18: -0.12383 | V18: -0.13711843
A20: Bookings change year over year in constant currency: (3)
A21: Americas | B21: 0.02 | D21: 0.61 | F21: -0.05 | H21: 0.15843 | J21: 0.14 | L21: -0.05 | N21: -0.15 | P21: 0.09 | R21: -0.15733 | T21: -0.08123 | V21: -0.15170577
A22: Europe | B22: 0.12 | D22: 0.25 | F22: 1.22 | H22: 0.24 | J22: 0.42 | L22: 0.08 | N22: -0.21 | P22: -0.34 | R22: 0.17205 | T22: -0.09399 | V22: -0.054572551
A23: Japan | B23: 0.14 | D23: -0.43 | F23: 0.53 | H23: 0.06 | J23: 0.04 | L23: 0.23 | N23: 1.81 | P23: -0.59 | R23: 0.53757 | T23: 0.16585 | V23: 0.3770802
A24: Pacific Rim | B24: -0.21 | D24: -0.15 | F24: 0.04 | H24: -0.29 | J24: -0.17 | L24: 0.14 | N24: -0.08 | P24: -0.08 | R24: 0.00049 | T24: -0.01224 | V24: -0.066190662
A25: Total bookings | B25: 0.01 | D25: 0.12 | F25: 0.4 | H25: 0.07 | J25: 0.14 | L25: 0.04 | N25: 0 | P25: -0.24 | R25: 0.03297 | T25: -0.05064 | V25: -0.07051088
A29: (1) License and subscription bookings consist of new license bookings plus new subscription solutions annualized contract value (ACV) bookings multiplied by 2 (an annualized contract value booking is the actual value of the booking over the life of the subscription period divided by the number of days in the subscription period multiplied by 365; for subscription contracts for less than a year, the ACV is equal to the contract value). For the periods prior to FY'14 subscription solutions ACV is immaterial and considered to be zero.
A30: (2) Subscription bookings mix was immaterial in periods prior to FY'14.
A31: (3) Constant currency measures are calculated by multiplying the actual results for the later period by the exchange rates in effect for the comparable period in the prior year.

Sheet Supplementary
A1: Trended PTC Supplementary Data
B3: FY'11 | D3: FY'12 | F3: FY'13 | H3: FY'14 | R3: FY'15 | AB3: FY'16
B5: Yr Ended | D5: Yr Ended | F5: Yr Ended | H5: Quarter Ended | P5: Yr Ended | R5: Quarter Ended | Z5: Yr Ended | AB5: QE
B6: 40816 | D6: 41182 | F6: 41547 | H6: 41636 | J6: 41727 | L6: 41818 | N6: 41912 | P6: 41912 | R6: 42007 | T6: 42098 | V6: 42189 | X6: 41912 | Z6: 41912 | AB6: 42371
A8: Sales capacity and productivity ($ in millions):
A9: Quota-carrying sales reps | B9: 349 | D9: 358 | F9: 343 | H9: 330 | J9: 345 | L9: 358 | N9: 357 | P9: 357 | R9: 338 | T9: 343 | V9: 328 | X9: 329 | Z9: 329 | AB9: 328
A10: Sales efficiency (1) | B10: 0.99377224 | D10: 0.94092641 | F10: 0.99 | H10: 1.0041529 | J10: 1.027741 | L10: 1.1132432 | N10: 1.1144289 | P10: 1.1144289 | R10: 1.1076965 | T10: 1.1026828 | V10: 1.0208216 | X10: 1.0395695 | Z10: 1.0395695 | AB10: 1.0321226
A12: Revenue % by distribution type:
A13: Direct | B13: 0.771 | D13: 0.773 | F13: 0.774 | H13: 0.777 | J13: 0.781 | L13: 0.77 | N13: 0.781 | P13: 0.777 | R13: 0.76608 | T13: 0.78 | V13: 0.779 | X13: 0.75552 | Z13: 0.76907 | AB13: 0.7668478
A14: Channel | B14: 0.229 | D14: 0.227 | F14: 0.226 | H14: 0.223 | J14: 0.219 | L14: 0.23 | N14: 0.219 | P14: 0.223 | R14: 0.23391 | T14: 0.22 | V14: 0.221 | X14: 0.24447 | Z14: 0.23092 | AB14: 0.2331522
A15: Total Revenue | B15: 1 | D15: 1 | F15: 1 | H15: =SUM(H13:H14) -> 1 | J15: =SUM(J13:J14) -> 1 | L15: =SUM(L13:L14) -> 1 | N15: =SUM(N13:N14) -> 1 | P15: =SUM(P13:P14) -> 1 | R15: =SUM(R13:R14) -> 0.99999 | T15: =SUM(T13:T14) -> 1 | V15: =SUM(V13:V14) -> 1 | X15: =SUM(X13:X14) -> 0.99999 | Z15: =SUM(Z13:Z14) -> 0.99999 | AB15: =SUM(AB13:AB14) -> 1
A17: Revenue % by industry
A18: Automotive | B18: 0.12 | D18: 0.129 | F18: 0.123 | H18: 0.126 | J18: 0.148 | L18: 0.127 | N18: 0.146 | P18: 0.137 | R18: 0.142 | T18: 0.125 | V18: 0.129 | X18: 0.14112 | Z18: 0.13613 | AB18: 0.13401251
A19: Electronics & High Tech | B19: 0.165 | D19: 0.174 | F19: 0.178 | H19: 0.156 | J19: 0.159 | L19: 0.165 | N19: 0.15 | P19: 0.157 | R19: 0.17 | T19: 0.205 | V19: 0.19 | X19: 0.1653 | Z19: 0.18107 | AB19: 0.17284755
A20: Federal, Aerospace & Defense | B20: 0.196 | D20: 0.178 | F20: 0.182 | H20: 0.201 | J20: 0.175 | L20: 0.163 | N20: 0.217 | P20: 0.19 | R20: 0.158 | T20: 0.17 | V20: 0.15 | X20: 0.16493 | Z20: 0.16098 | AB20: 0.16270987
A21: Industrial Products | B21: 0.313 | D21: 0.3 | F21: 0.312 | H21: 0.324 | J21: 0.324 | L21: 0.332 | N21: 0.28 | P21: 0.31 | R21: 0.307 | T21: 0.3 | V21: 0.327 | X21: 0.32155 | Z21: 0.31469 | AB21: 0.30830947
A22: Life Sciences | B22: 0.046 | D22: 0.036 | F22: 0.038 | H22: 0.045 | J22: 0.034 | L22: 0.048 | N22: 0.05 | P22: 0.05 | R22: 0.058 | T22: 0.05 | V22: 0.045 | X22: 0.0469 | Z22: 0.0501 | AB22: 0.055983726
A23: Retail & Consumer | B23: 0.069 | D23: 0.073 | F23: 0.081 | H23: 0.067 | J23: 0.081 | L23: 0.084 | N23: 0.074 | P23: 0.077 | R23: 0.077 | T23: 0.07 | V23: 0.069 | X23: 0.07204 | Z23: 0.07248 | AB23: 0.073331103
A24: Other | B24: 0.091 | D24: 0.105 | F24: 0.086 | H24: 0.079 | J24: 0.077 | L24: 0.081 | N24: 0.083 | P24: 0.08 | R24: 0.088 | T24: 0.08 | V24: 0.094 | X24: 0.08813 | Z24: 0.08452 | AB24: 0.092805766
A25: Total Revenue | B25: 1 | D25: 1 | F25: 1 | H25: =SUM(H18:H24) -> 0.998 | J25: =SUM(J18:J24) -> 0.998 | L25: =SUM(L18:L24) -> 1 | N25: =SUM(N18:N24) -> 1 | P25: =SUM(P18:P24) -> 1.001 | R25: =SUM(R18:R24) -> 1 | T25: =SUM(T18:T24) -> 1 | V25: =SUM(V18:V24) -> 1.004 | X25: =SUM(X18:X24) -> 0.99997 | Z25: =SUM(Z18:Z24) -> 0.99997 | AB25: =SUM(AB18:AB24) -> 1
A30: (1) Sales efficiency = trailing 12-month license and subscription bookings divided by trailing 12-month sales and marketing expenditure
